Workbook
Name eee: '[1]archivo de datos'!$E$34:$E$35
Name eeeeeeeeeeee: '[2] '!$E$20:$E$31
Name eeeeeeeeeeeeeeeee: '[2] '!$E$14:$E$17
Name fuenteRecursos: '[3] '!$E$2:$E$11
Name meses: '[3] '!$E$20:$E$31
Name modalidad: '[3] '!$B$2:$B$15
Name vf: '[3] '!$E$34:$E$35
Name vfestado: '[3] '!$E$14:$E$17

Sheet V0- ENERO
C2: PLAN ANUAL DE ADQUISICIONES
C4: A. INFORMACIÓN GENERAL DE LA ENTIDAD
C5: Nombre | D5: FONDO DE BIENESTAR SOCIAL DE LA CONTRALORIA GENERAL DE LA REPUBLICA | G5: El principal objetivo del Plan Anual de Adquisiciones es permitir que la entidad estatal aumente la probabilidad de lograr mejores condiciones de competencia a través de la participación de un mayor número de operadores económicos interesados en los procesos de selección que se van a adelantar durante el año fiscal, y que el Estado cuente con información suficiente para realizar compras coordinadas.
C6: Dirección | D6: CARRERA 69 No.44-35 piso 4
C7: Teléfono
C8: Página web
C9: Misión y visión | D9: MISION: Ofrecer servicios de bienestar con oportunidad, por medio de programas que mejoren la calidad de vida de nuestros usuarios y sus familias. VISION: Posicionarnos en el 2026 como gestores de bienestar mediante la transformación, agilidad oportunidad y mejora en la prestación de los servicios, soportados en un talento humano dispuesto al cambio.
C10: Perspectiva estratégica | D10: Durante el cuatrienio 2022-2026 el Fondo de Bienestar Social de la Contraloría General de la República desarrollará cuatro objetivos: Mejorar la satisfacción de los usuarios mediante la prestación efectiva de los servicios de bienestar, respondiendo a sus necesidades y expectativas de calidad y oportunidad. Alcanzar en el 2026 el 90% de avance en la implementación de la política TICs del Estado de manera que los resultados se reflejen en la gestión interna, así como en la entrega de servicios digitales a usuarios y grupos de interés. Alcanzar en el 2026 el 90% de avance en la implementación de la política TICs del Estado de manera que los resultados se reflejen en la gestión interna, así como en la entrega de servicios digitales a usuarios y grupos de interés. Fortalecer la gestión del Talento Humano para que responda a los retos del contexto institucional, a partir del desarrollo integral de habilidades, reducción de brechas en competencias laborales y adaptación permanente al cambio. Aumentar el desempeño institucional por medio de la implementación del proceso de reorganización administrativa, gestión, seguimiento y control permanentes de los recursos financieros y mejora de la infraestructura física. Para alcanzar estos objetivos fueron programadas once estrategias y veinticinco productos estratégicos.
C11: Información de contacto | D11: CARMEN TERESA CASTAÑEDA VILLAMIZAR | G11: El Plan Anual de Adquisiciones es un documento de naturaleza informativa y las adquisiciones incluidas en el mismo pueden ser canceladas, revisadas o modificadas. Esta información no representa compromiso u obligación alguna por parte de la entidad estatal ni la compromete a adquirir los bienes, obras y servicios en él señalados.
C12: Valor total del PAA | D12: =+J119 -> 9511750000
C13: Límite de contratación menor cuantía | D13: 364000000
C14: Límite de contratación mínima cuantía | D14: 36400000
C15: Fecha de última actualización del PAA | D15: 45302
A17: Grupo /Area | B17: item | C17: Códigos UNSPSC | D17: Descripción | E17: Fecha estimada de inicio de proceso de selección (mes) | F17: Duración estimada del contrato (número de mes(es)) | G17: Modalidad de selección | H17: Fuente de los recursos | I17: Valor total estimado | J17: Valor estimado en la vigencia actual | K17: ¿Se requieren vigencias futuras? | L17: Estado de solicitud de vigencias futuras | M17: Datos de contacto del responsable
A18: Bienestar y Calidad de vida | B18: 1 | C18: 90151700;90151800;90151500;90141700;53102200;53102900;53102700;90151502;90151501;90151701 | D18: Prestar servicios de organización logistica y desarrollo de programas de recreacion cultura deportes y salud dirigido a las Gerencias Departamentales- Amazonas, de acuerdo al Plan de Bienestar | E18: Marzo | F18: 9 | G18: CONTRATACION_DIRECTA | H18: Presupuesto General de la Nación – PGN | I18: 29765000 | J18: 29765000 | K18: No | L18: NA | M18: Diana Carolina Molina Carvajal - Tel 6013779877 - dmolina@fbscgr.gov.co
A19: Bienestar y Calidad de vida | B19: 2 | C19: 90151700;90151800;90151500;90141700;53102200;53102900;53102700;90151502;90151501;90151701 | D19: Prestar servicios de organización logistica y desarrollo de programas de recreacion cultura deportes y salud dirigido a las Gerencias Departamentales- Antioquia, de acuerdo al Plan de Bienestar | E19: Abril | F19: 8 | G19: CONTRATACION_DIRECTA | H19: Presupuesto General de la Nación – PGN | I19: 106504000 | J19: 106504000 | K19: No | L19: NA | M19: Diana Carolina Molina Carvajal - Tel 6013779877 - dmolina@fbscgr.gov.co
A20: Bienestar y Calidad de vida | B20: 3 | C20: 90151700;90151800;90151500;90141700;53102200;53102900;53102700;90151502;90151501;90151701 | D20: Prestar servicios de organización logistica y desarrollo de programas de recreacion cultura deportes y salud dirigido a las Gerencias Departamentales- Arauca, de acuerdo al Plan de Bienestar | E20: Abril | F20: 8 | G20: CONTRATACION_DIRECTA | H20: Presupuesto General de la Nación – PGN | I20: 30372000 | J20: 30372000 | K20: No | L20: NA | M20: Diana Carolina Molina Carvajal - Tel 6013779877 - dmolina@fbscgr.gov.co
A21: Bienestar y Calidad de vida | B21: 4 | C21: 90151700;90151800;90151500;90141700;53102200;53102900;53102700;90151502;90151501;90151701 | D21: Prestar servicios de organización logistica y desarrollo de programas de recreacion cultura deportes y salud dirigido a las Gerencias Departamentales- Atlantico, de acuerdo al Plan de Bienestar | E21: Abril | F21: 8 | G21: CONTRATACION_DIRECTA | H21: Presupuesto General de la Nación – PGN | I21: 75323000 | J21: 75323000 | K21: No | L21: NA | M21: Diana Carolina Molina Carvajal - Tel 6013779877 - dmolina@fbscgr.gov.co
A22: Bienestar y Calidad de vida | B22: 5 | C22: 90151700;90151800;90151500;90141700;53102200;53102900;53102700;90151502;90151501;90151701 | D22: Prestar servicios de organización logistica y desarrollo de programas de recreacion cultura deportes y salud dirigido a las Gerencias Departamentales- Bolívar, de acuerdo al Plan de Bienestar | E22: Mayo | F22: 9 | G22: CONTRATACION_DIRECTA | H22: Presupuesto General de la Nación – PGN | I22: 57909000 | J22: 57909000 | K22: No | L22: NA | M22: Diana Carolina Molina Carvajal - Tel 6013779877 - dmolina@fbscgr.gov.co
A23: Bienestar y Calidad de vida | B23: 6 | C23: 90151700;90151800;90151500;90141700;53102200;53102900;53102700;90151502;90151501;90151701 | D23: Prestar servicios de organización logistica y desarrollo de programas de recreacion cultura deportes y salud dirigido a las Gerencias Departamentales- Boyacá, de acuerdo al Plan de Bienestar | E23: Abril | F23: 8 | G23: SELECCION_ABREVIADA | H23: Presupuesto General de la Nación – PGN | I23: 60744000 | J23: 60744000 | K23: No | L23: NA | M23: Diana Carolina Molina Carvajal - Tel 6013779877 - dmolina@fbscgr.gov.co
A24: Bienestar y Calidad de vida | B24: 7 | C24: 90151700;90151800;90151500;90141700;53102200;53102900;53102700;90151502;90151501;90151701 | D24: Prestar servicios de organización logistica y desarrollo de programas de recreacion cultura deportes y salud dirigido a las Gerencias Departamentales- Caldas, de acuerdo al Plan de Bienestar | E24: Abril | F24: 8 | G24: CONTRATACION_DIRECTA | H24: Presupuesto General de la Nación – PGN | I24: 46165000 | J24: 46165000 | K24: No | L24: NA | M24: Diana Carolina Molina Carvajal - Tel 6013779877 - dmolina@fbscgr.gov.co
A25: Bienestar y Calidad de vida | B25: 8 | C25: 90151700;90151800;90151500;90141700;53102200;53102900;53102700;90151502;90151501;90151701 | D25: Prestar servicios de organización logistica y desarrollo de programas de recreacion cultura deportes y salud dirigido a las Gerencias Departamentales- Casanare, de acuerdo al Plan de Bienestar | E25: Mayo | F25: 7 | G25: SELECCION_ABREVIADA | H25: Presupuesto General de la Nación – PGN | I25: 41913000 | J25: 41913000 | K25: No | L25: NA | M25: Diana Carolina Molina Carvajal - Tel 6013779877 - dmolina@fbscgr.gov.co
A26: Bienestar y Calidad de vida | B26: 9 | C26: 90151700;90151800;90151500;90141700;53102200;53102900;53102700;90151502;90151501;90151701 | D26: Prestar servicios de organización logistica y desarrollo de programas de recreacion cultura deportes y salud dirigido a las Gerencias Departamentales- Caquetá, de acuerdo al Plan de Bienestar | E26: Mayo | F26: 7 | G26: SELECCION_ABREVIADA | H26: Presupuesto General de la Nación – PGN | I26: 42521000 | J26: 42521000 | K26: No | L26: NA | M26: Diana Carolina Molina Carvajal - Tel 6013779877 - dmolina@fbscgr.gov.co
A27: Bienestar y Calidad de vida | B27: 10 | C27: 90151700;90151800;90151500;90141700;53102200;53102900;53102700;90151502;90151501;90151701 | D27: Prestar servicios de organización logistica y desarrollo de programas de recreacion cultura deportes y salud dirigido a las Gerencias Departamentales- Cauca, de acuerdo al Plan de Bienestar | E27: Abril | F27: 8 | G27: CONTRATACION_DIRECTA | H27: Presupuesto General de la Nación – PGN | I27: 45760000 | J27: 45760000 | K27: No | L27: NA | M27: Diana Carolina Molina Carvajal - Tel 6013779877 - dmolina@fbscgr.gov.co
A28: Bienestar y Calidad de vida | B28: 11 | C28: 90151700;90151800;90151500;90141700;53102200;53102900;53102700;90151502;90151501;90151701 | D28: Prestar servicios de organización logistica y desarrollo de programas de recreacion cultura deportes y salud dirigido a las Gerencias Departamentales- Chocó, de acuerdo al Plan de Bienestar | E28: Marzo | F28: 9 | G28: SELECCION_ABREVIADA | H28: Presupuesto General de la Nación – PGN | I28: 49203000 | J28: 49203000 | K28: No | L28: NA | M28: Diana Carolina Molina Carvajal - Tel 6013779877 - dmolina@fbscgr.gov.co
A29: Bienestar y Calidad de vida | B29: 12 | C29: 90151700;90151800;90151500;90141700;53102200;53102900;53102700;90151502;90151501;90151701 | D29: Prestar servicios de organización logistica y desarrollo de programas de recreacion cultura deportes y salud dirigido a las Gerencias Departamentales- Córdoba, de acuerdo al Plan de Bienestar | E29: Abril | F29: 8 | G29: CONTRATACION_DIRECTA | H29: Presupuesto General de la Nación – PGN | I29: 41306000 | J29: 41306000 | K29: No | L29: NA | M29: Diana Carolina Molina Carvajal - Tel 6013779877 - dmolina@fbscgr.gov.co
... A54: Desarrollo y Emprendimiento | B54: 37 | C54: 85141700;85141701;85141702 | D54: Prestación de servicios profesionales especializados en MEDICINA ALTERNATIVA Y COMPLEMENTARIA para realizar la evaluación, diagnóstico y tratamiento de las diferentes patologías de los usuarios del Programa de Salud Centro Médico del Fondo de Bienestar Social de la CGR | E54: Febrero | F54: 10 | G54: CONTRATACION_DIRECTA | H54: Presupuesto General de la Nación – PGN | I54: 45634000 | J54: 45634000 | K54: NA | L54: NA | M54: Diana Carolina Molina Carvajal - Tel 6013779877 - dmolina@fbscgr.gov.co
A55: Desarrollo y Emprendimiento | B55: 38 | C55: 85121600 | D55: Prestación de servicios profesionales especializados en MEDICINA FISICA Y REHABILITACION para realizar la evaluación clínica, diagnóstico y tratamiento de las diferentes patologías de los usuarios del Programa de Salud Centro Médico del Fondo de Bienestar Social de la CGR | E55: Febrero | F55: 10 | G55: CONTRATACION_DIRECTA | H55: Presupuesto General de la Nación – PGN | I55: 29920000 | J55: 29920000 | K55: NA | L55: NA | M55: Diana Carolina Molina Carvajal - Tel 6013779877 - dmolina@fbscgr.gov.co
A56: Desarrollo y Emprendimiento | B56: 39 | C56: 85121601 | D56: Prestación de servicios profesionales especializados en GINECOLOGIA para realizar evaluación, diagnóstico y tratamiento de las diferentes patologías de las usuarias del Programa de Salud Centro Médico del Fondo de Bienestar Social de la CGR | E56: Febrero | F56: 10 | G56: CONTRATACION_DIRECTA | H56: Presupuesto General de la Nación – PGN | I56: 48000000 | J56: 48000000 | K56: NA | L56: NA | M56: Diana Carolina Molina Carvajal - Tel 6013779877 - dmolina@fbscgr.gov.co
A57: Desarrollo y Emprendimiento | B57: 40 | C57: 93141500 | D57: Prestar servicios profesionales como docente del áea de física para el programa de Educación del Colegio para hijos de empleados de la Contraloria General de la República, del Fondo de Bienestar Social de la CGR. | E57: Febrero | F57: 11 | G57: CONTRATACION_DIRECTA | H57: Presupuesto General de la Nación – PGN | I57: 57650000 | J57: 57650000 | K57: N/A | L57: NA | M57: Diana Carolina Molina Carvajal - Tel 6013779877 - dmolina@fbscgr.gov.co
A58: Desarrollo y Emprendimiento | B58: 41 | C58: 85122100 | D58: Prestación de servicios profesionales, como instructutor de deportes para la realización de actividades propias del Colegio para hijos de empleados de la CGR | E58: Febrero | F58: 11 | G58: CONTRATACION_DIRECTA | H58: Presupuesto General de la Nación – PGN | I58: 38500000 | J58: 38500000 | K58: N/A | L58: NA | M58: Diana Carolina Molina Carvajal - Tel 6013779877 - dmolina@fbscgr.gov.co
A59: Desarrollo y Emprendimiento | B59: 42 | C59: 85122100 | D59: Prestación de servicios profesionales, como instructutor de música para la realización de actividades propias del Colegio para hijos de empleados de la CGR | E59: Febrero | F59: 11 | G59: CONTRATACION_DIRECTA | H59: Presupuesto General de la Nación – PGN | I59: 38500000 | J59: 38500000 | K59: N/A | L59: NA | M59: Diana Carolina Molina Carvajal - Tel 6013779877 - dmolina@fbscgr.gov.co
A60: Desarrollo y Emprendimiento | B60: 43 | C60: 82141501;82141502;82141503;82141504;82141505;82141601 | D60: Prestar los servicios profesionales en el área de comunicación, diseño y/o diseño gráfico, para desarrollar actividades de comunicaciones, diseño de piezas gráficas, divulgación, promoción, cubrimiento y acompañamiento de los servicios misionales y de apoyo del Fondo de Bienestar Social de la Contraloría General de la República. | E60: Febrero | F60: 11 | G60: CONTRATACION_DIRECTA | H60: Presupuesto General de la Nación – PGN | I60: 60500000 | J60: 60500000 | K60: No | L60: NA | M60: Diana Carolina Molina Carvajal - Tel 6013779877 - dmolina@fbscgr.gov.co
A61: Desarrollo y Emprendimiento | B61: 44 | C61: 85101601 | D61: Prestación de servicios de apoyo a la gestión como auxiliar de enfermería para la institución educativa del Fondo de Bienestar Social de la Contraloría General de la República, sin que exista subordinación laboral y utilizando sus propios medios. | E61: Febrero | F61: 3 | G61: CONTRATACION_DIRECTA | H61: Presupuesto General de la Nación – PGN | I61: 7354000 | J61: 7354000 | K61: No | L61: NA | M61: Diana Carolina Molina Carvajal - Tel 6013779877 - dmolina@fbscgr.gov.co
A62: Desarrollo y Emprendimiento | B62: 45 | C62: 85161500;85161502;85161503;81101706;73152108 | D62: Prestar el servicio técnico especializado a todo costo, para el mantenimiento preventivo y/o correctivo, metrología y calibración de los EQUIPOS BIOMEDICOS para el Programa de Salud Centro Médico del Fondo de Bienestar Social dela Contraloría General de la Republica, para la vigencia 2024. | E62: Marzo | F62: 9 | G62: SUBASTA | H62: Presupuesto General de la Nación – PGN | I62: 56076000 | J62: 56076000 | K62: NA | L62: NA | M62: Diana Carolina Molina Carvajal - Tel 6013779877 - dmolina@fbscgr.gov.co
A63: Desarrollo y Emprendimiento | B63: 46 | C63: 12161500;12161503;12171509;12352104;24101510;24112600;26111700;26111702;30181614;41103206;41104107;41104108;41104112;41104121;41104122;41104213;41111504;41111508;41111509;41113035;41115816;41116000;41116001;41116004;41116005;41116008;41116010;41116014;41116100;41116104;41116105;41116106;41116107;41116108;41116120;41116121;41116122;41116126;41116127;41116129;41116130;41116136;41116138;41116139;41116205;41121502;41121600;41121607;41121700;41121701;41121708;41121711;41121800;41121811;41121816;41122601;41122602;41122605;42142500;42142502;42142515;42142521;42142523;42142531;42142609;42151505;42151600;42151602;42151603;42151604;42151606;42151611;42151613;42151614;42151621;42151624;42151625;42151629;42151635;42151636;42151638;42151639;42151647;42151660;42151661;42151681;42151700;42151703;42151704;42151800;42151805;42151806;42151810;42151900;42151901;42151902;42151905;42151910;42152200;42152400;42152407;42152423;42152428;42152443;42152450;42152453;42152454;42152457;42152465;42152500;42152502;42152504;42152507;42152508;42152512;42152514;42152600;42152601;42152800;42152805;42281704;42281705;42281904;42281914;42292904;42312206;46181804;47121709;47131502;47131700;47131807;52121700;52121701;52121704;72151800;42251600;42251607;42251608;42251618;42251623;47121701;42192210;42211501;42211502;42251608;42251610;42251612;42251618;42251619;42251621;42251623;42251624;31241706;42192107;42182902;41103903 | D63: Compra de INSUMOS, DISPOSITIVOS MEDICOS Y PRODUCTOS FARMACEUTICOS (insumos y reactivos de laboratorio clínico, insumos de odontología, insumos medico quirurgicos, de fisioterapia) para el Programa de Salud Centro Médico del FBS para la vigencia 2024. | E63: Marzo | F63: 1 | G63: SUBASTA | H63: Presupuesto General de la Nación – PGN | I63: 116755000 | J63: 116755000 | K63: NA | L63: NA | M63: Diana Carolina Molina Carvajal - Tel 6013779877 - dmolina@fbscgr.gov.co
A64: Desarrollo y Emprendimiento | B64: 47 | C64: 41116100;41116107;41116122;41116139 | D64: Adquirir los controles de calidad del laboratorio clínico para el Programa de Salud Centro Médico del Fondo de Bienestar Social de la Contraloría General de la República durante la vigencia 2024. | E64: Marzo | F64: 10 | G64: CONTRATACION_MINIMA_CUANTIA | H64: Presupuesto General de la Nación – PGN | I64: 9833000 | J64: 9833000 | K64: N/A | L64: NA | M64: Diana Carolina Molina Carvajal - Tel 6013779877 - dmolina@fbscgr.gov.co
A65: Desarrollo y Emprendimiento | B65: 48 | C65: 81112200;43232300 | D65: Prestar los servicios de outsorcing, soporte y el mantenimiento del Software de salud del Centro Medico del Fondo de Bienestar Social de la Contraloría General de la República | E65: Enero | F65: 11 | G65: CONTRATACION_DIRECTA | H65: Presupuesto General de la Nación – PGN | I65: 55000000 | J65: 55000000 | K65: NA | L65: NA | M65: Diana Carolina Molina Carvajal - Tel 6013779877 - dmolina@fbscgr.gov.co
A66: Desarrollo y Emprendimiento | B66: 49 | C66: 76121900;76121901 | D66: Contratar el servicio para la gestión integral de los residuos hospitalarios y similares generados en el Centro Médico del FBS de la CGR durante la vigencia 2024 | E66: Febrero | F66: 11 | G66: CONTRATACION_MINIMA_CUANTIA | H66: Presupuesto General de la Nación – PGN | I66: 1650000 | J66: 1650000 | K66: N/A | L66: NA | M66: Diana Carolina Molina Carvajal - Tel 6013779877 - dmolina@fbscgr.gov.co
A67: Desarrollo y Emprendimiento | B67: 50 | C67: 93141700 | D67: Prestar el servicio de organización, apoyo logístico y eventos institucionales para el servicio de organización y ejecución de las actividades feria del libro, día del estudiante, día de la familia, festival de inglés, convivencias y ceremonia de grados estudiantes del colegio para hijos de empleados de la Contraloría General de la República. | E67: Marzo | F67: 5 | G67: CONTRATACION_DIRECTA | H67: Presupuesto General de la Nación – PGN | I67: 140000000 | J67: 140000000 | K67: N/A | L67: NA | M67: Diana Carolina Molina Carvajal - Tel 6013779877 - dmolina@fbscgr.gov.co
A68: Desarrollo y Emprendimiento | B68: 51 | C68: 60102000;60141200 | D68: Adquisición de material didactico e insumos para el Colegio para Hijos de Empleados de la CGR | E68: Junio | F68: 1 | G68: CONTRATACION_MINIMA_CUANTIA | H68: Presupuesto General de la Nación – PGN | I68: 29611000 | J68: 29611000 | K68: N/A | L68: NA | M68: Diana Carolina Molina Carvajal - Tel 6013779877 - dmolina@fbscgr.gov.co
A69: Desarrollo y Emprendimiento | B69: 52 | C69: 85122100 | D69: Prestar los servicos de formación pedagogica para los estudiantes de grado 10° y 11° del Colegio para hijos de empleados de la Contraloría General de la República, mediante un programa de fortalecimiento en las competencias académicas en su preparación para presentar las pruebas nacionales Saber 11-. en atención con el Plan de Bienestar | E69: Febrero | F69: 6 | G69: CONTRATACION_DIRECTA | H69: Presupuesto General de la Nación – PGN | I69: 25438000 | J69: 25438000 | K69: N/A | L69: NA | M69: Diana Carolina Molina Carvajal - Tel 6013779877 - dmolina@fbscgr.gov.co
A70: Desarrollo y Emprendimiento | B70: 53 | C70: 60131600 | D70: Adquisión de instrumentos musicales para el Colegio para hijos de empleados de la CGR | E70: Abril | F70: 1 | G70: CONTRATACION_MINIMA_CUANTIA | H70: Presupuesto General de la Nación – PGN | I70: 35000000 | J70: 35000000 | K70: N/A | L70: NA | M70: Diana Carolina Molina Carvajal - Tel 6013779877 - dmolina@fbscgr.gov.co
A71: Desarrollo y Emprendimiento | B71: 54 | C71: 93141700 | D71: Prestación del servicio para la evaluación anual del proceso de certificación de calidad del modelo de excelencia versión 2024 del Colegio para hijos de Empleados de la Contraloría General de la República. | E71: Junio | F71: 4 | G71: CONTRATACION_DIRECTA | H71: Presupuesto General de la Nación – PGN | I71: 27000000 | J71: 27000000 | K71: N/A | L71: NA | M71: Diana Carolina Molina Carvajal - Tel 6013779877 - dmolina@fbscgr.gov.co
A72: Desarrollo y Emprendimiento | B72: 55 | C72: 90101800;90101700;80131502 | D72: Arrendamiento para prestar el servicio de Catering en el Colegio para hijos de Empleados de la Contraloría General de la República | E72: Febrero | F72: 10 | G72: CONTRATACION_MINIMA_CUANTIA | H72: Otros recursos | I72: 0 | J72: 0 | K72: N/A | L72: NA | M72: Diana Carolina Molina Carvajal - Tel 6013779877 - dmolina@fbscgr.gov.co
A73: Talento Humano | B73: 56 | C73: 861017000;86101705;80111500;80101810 86111604;86132000 | D73: Prestar los servicios para adelantar los procesos de formación y capacitación de los funcionarios del Fondo de Bienestar Social de la Contraloría General de la República, de acuerdo con el Plan Institucional de Capacitación. | E73: Marzo | F73: 9 | G73: SELECCION_ABREVIADA | H73: Presupuesto General de la Nación – PGN | I73: 97340000 | J73: 97340000 | K73: NA | L73: NA | M73: Carmen Teresa Castañeda Villamizar - Tel 6013779877 - ccastañeda@fbscgtr.gov.co
A74: Talento Humano | B74: 57 | C74: 93141506;81141601;90101603;90141502;93141500;80141625 | D74: Prestar el servicio para realizar las actividades del Plan de Bienestar Social, para los funcionarios del Fondo de Bienestar Social de la Contraloría General de la República. | E74: Marzo | F74: 9 | G74: CONTRATACION_DIRECTA | H74: Presupuesto General de la Nación – PGN | I74: 300000000 | J74: 300000000 | K74: NA | L74: NA | M74: Carmen Teresa Castañeda Villamizar - Tel 6013779877 - ccastañeda@fbscgtr.gov.co
A75: Talento Humano | B75: 58 | C75: 55121802;55121806;55121807 | D75: Contratar la elaboración y suministro de carnets, porta carnets y cintas con los colores institucionales junto con el logo para la identificación de los funcionarios que prestan sus servicios en el Fondo de Bienestar Social de la Contraloría General de la República. | E75: Abril | F75: 8 | G75: CONTRATACION_MINIMA_CUANTIA | H75: Presupuesto General de la Nación – PGN | I75: 1000000 | J75: 1000000 | K75: NA | L75: NA | M75: Carmen Teresa Castañeda Villamizar - Tel 6013779877 - ccastañeda@fbscgtr.gov.co
A76: Talento Humano | B76: 59 | C76: 85121608;86111604;86101705 | D76: Aplicación batería de riesgo psicosocial y realización de actividades de intervención para los factores de riesgos evidenciados como riesgo alto y riesgo muy alto | E76: Marzo | F76: 9 | G76: CONTRATACION_MINIMA_CUANTIA | H76: Presupuesto General de la Nación – PGN | I76: 30000000 | J76: 30000000 | K76: NA | L76: NA | M76: Carmen Teresa Castañeda Villamizar - Tel 6013779877 - ccastañeda@fbscgtr.gov.co
A77: Talento Humano | B77: 60 | C77: 46181500;46181600;53102710;46181505;46181804;46181604;46181501;46181533 | D77: Suministrar la dotación, elementos de protección personal para los funcionarios del Fondo de Bienestar Social de la Contraloría General de la República y ropa de seguridad para los brigadistas de la Entidad. | E77: Marzo | F77: 9 | G77: CONTRATACION_MINIMA_CUANTIA | H77: Presupuesto General de la Nación – PGN | I77: 20000000 | J77: 20000000 | K77: NA | L77: NA | M77: Carmen Teresa Castañeda Villamizar - Tel 6013779877 - ccastañeda@fbscgtr.gov.co
A78: Talento Humano | B78: 61 | C78: 85101503;85122201;85121600;85101502;51201600 | D78: Contratar el servicio de exámenes médicos ocupacionales para los empleados del Fondo de Bienestar Social de la CGR (Ingreso, Periódicos, Egreso, Posincapacidad, Cambio de ocupación, Reintegro, Paraclínicos) y Estudios de puesto de trabajo. | E78: Enero | F78: 11 | G78: CONTRATACION_MINIMA_CUANTIA | H78: Presupuesto General de la Nación – PGN | I78: 30000000 | J78: 30000000 | K78: NA | L78: NA | M78: Carmen Teresa Castañeda Villamizar - Tel 6013779877 - ccastañeda@fbscgtr.gov.co
A79: Talento Humano | B79: 62 | C79: 86101705;49101602 | D79: Prestar los servicios de capacitación y logistica necesaria para el desarrollo de actividades de promoción y prevención de seguridad y salud en el trabajo para los funcionarios del Fondo de Bienestar Social de la Contraloría General de la República | E79: Junio | F79: 3 | G79: CONTRATACION_MINIMA_CUANTIA | H79: Presupuesto General de la Nación – PGN | I79: 12000000 | J79: 12000000 | K79: NA | L79: NA | M79: Carmen Teresa Castañeda Villamizar - Tel 6013779877 - ccastañeda@fbscgtr.gov.co
A80: Talento Humano | B80: 63 | C80: 86101810;80111504 | D80: Contratar la prestación de servicios especializados para la implementación de la estrategia para transformar la cultura organizacional y e impulsar la competitividad. | E80: Marzo | F80: 9 | G80: SELECCION_ABREVIADA | H80: Presupuesto General de la Nación – PGN | I80: 50000000 | J80: 50000000 | K80: NA | L80: NA | M80: Carmen Teresa Castañeda Villamizar - Tel 6013779877 - ccastañeda@fbscgtr.gov.co
A81: TICS | B81: 64 | C81: 81112200;43232300 | D81: Prestar los servicios de outsorcing, soporte y mantenimiento del software nómina del Fondo de Bienestar Social de la Contraloría General de la República | E81: Enero | F81: 11 | G81: CONTRATACION_DIRECTA | H81: Presupuesto General de la Nación – PGN | I81: 151681000 | J81: 151681000 | K81: NA | L81: NA | M81: Carmen Teresa Castañeda Villamizar - Tel 6013779877 - ccastañeda@fbscgtr.gov.co
A82: TICS | B82: 65 | C82: 81112200;43232300 | D82: Prestar los servicios de outsorcing, soporte y el mantenimiento del software del portal institucional del Fondo de Bienestar Social de la Contraloría General de la República | E82: Enero | F82: 11 | G82: CONTRATACION_DIRECTA | H82: Presupuesto General de la Nación – PGN | I82: 87843000 | J82: 87843000 | K82: NA | L82: NA | M82: Carmen Teresa Castañeda Villamizar - Tel 6013779877 - ccastañeda@fbscgtr.gov.co
A83: TICS | B83: 66 | C83: 81112200;43232300 | D83: Prestar los servicios de outsorcing, soporte y mantenimiento del software Alfanet | E83: Enero | F83: 11 | G83: CONTRATACION_DIRECTA | H83: Presupuesto General de la Nación – PGN | I83: 209630000 | J83: 209630000 | K83: NA | L83: NA | M83: Carmen Teresa Castañeda Villamizar - Tel 6013779877 - ccastañeda@fbscgtr.gov.co
... A93: TICS | B93: 76 | C93: 43201400;43201500;43201600; 43201900;43202000;43202200; | D93: Adquirir los componentes e insumos para adelantar el mantenimiento de equipos que conforman la plataforma tecnologica del Fondo de Bienestar Social de la Contraloría General de la República | E93: Mayo | F93: 2 | G93: SUBASTA | H93: Presupuesto General de la Nación – PGN | I93: 50000000 | J93: 50000000 | K93: NA | L93: NA | M93: Carmen Teresa Castañeda Villamizar - Tel 6013779877 - ccastañeda@fbscgtr.gov.co
A94: TICS | B94: 77 | C94: 43232100 | D94: Adquirir el licenciamiento del software microsoft Office para los equipos del Fondo de Bienestar Social de la Contraloría General de la República | E94: Junio | F94: 2 | G94: SUBASTA | H94: Presupuesto General de la Nación – PGN | I94: 100000000 | J94: 100000000 | K94: NA | L94: NA | M94: Carmen Teresa Castañeda Villamizar - Tel 6013779877 - ccastañeda@fbscgtr.gov.co
A95: TICS | B95: 78 | C95: 43233000 | D95: Adquirir licencias de sistema operativo para los equipos del Fondo de Bienestar Social de la Contraloría General de la República | E95: Abril | F95: 2 | G95: SELECCION_ABREVIADA | H95: Presupuesto General de la Nación – PGN | I95: 45000000 | J95: 45000000 | K95: NA | L95: NA | M95: Carmen Teresa Castañeda Villamizar - Tel 6013779877 - ccastañeda@fbscgtr.gov.co
A96: TICS | B96: 79 | C96: 43211500 | D96: Adquirir equipos computadores para los funcionarios del Fondo de Bienestar Social de la Contraloría General de la República | E96: junio | F96: 2 | G96: SUBASTA | H96: Presupuesto General de la Nación – PGN | I96: 95000000 | J96: 95000000 | K96: NA | L96: NA | M96: Carmen Teresa Castañeda Villamizar - Tel 6013779877 - ccastañeda@fbscgtr.gov.co
A97: TICS | B97: 80 | C97: 43233200;32101600 | D97: Adquirir firmas digitales con el fin de asegurar la conectividad y registro de información en el sistema SIIF Nación II, CETIL y firma digital persona juridica para facturación electrónica | E97: Marzo | F97: 8 | G97: CONTRATACION_MINIMA_CUANTIA | H97: Presupuesto General de la Nación – PGN | I97: 20000000 | J97: 20000000 | K97: NA | L97: NA | M97: Carmen Teresa Castañeda Villamizar - Tel 6013779877 - ccastañeda@fbscgtr.gov.co
A98: TICS | B98: 81 | C98: 43221700;43222600;43223300 | D98: Adquirir elementos pasivos y activos de red, con el fin de soportar la plataforma del Fondo de Bienestar Social de la Contraloría General de la República | E98: Julio | F98: 2 | G98: SUBASTA | H98: Presupuesto General de la Nación – PGN | I98: 60000000 | J98: 60000000 | K98: NA | L98: NA | M98: Carmen Teresa Castañeda Villamizar - Tel 6013779877 - ccastañeda@fbscgtr.gov.co
A99: TICS | B99: 82 | C99: 52161500;45111900 | D99: Adquirir estaciones de atención al publico con equipos de despliegue de información | E99: Abril | F99: 3 | G99: CONTRATACION_MINIMA_CUANTIA | H99: Presupuesto General de la Nación – PGN | I99: 20000000 | J99: 20000000 | K99: NA | L99: NA | M99: Carmen Teresa Castañeda Villamizar - Tel 6013779877 - ccastañeda@fbscgtr.gov.co
A100: Grupo de asuntos Jurídicos | B100: 83 | C100: 80121700 | D100: Prestar Servicios profesionales como abogado en la defensa judicial del Fondo de Bienestar Social de la Contraloría General de la República. | E100: Febrero | F100: 7 | G100: CONTRATACION_DIRECTA | H100: Presupuesto General de la Nación – PGN | I100: 36974000 | J100: 36974000 | K100: NA | L100: NA | M100: Carmen Teresa Castañeda Villamizar - Tel 6013779877 - ccastañeda@fbscgtr.gov.co
A101: Grupo Gestion Administrativa (RF) | B101: 84 | C101: 84131600 | D101: Contratar la Poliza de vida grupo empleados y/o trabajadores para amparar a los funcionarios de la Contraloría General de la República | E101: Febrero | F101: 12 | G101: LICITACION | H101: Presupuesto General de la Nación – PGN | I101: =1896674000+2000000 -> 1898674000 | J101: =1896674000+2000000 -> 1898674000 | K101: NA | L101: NA | M101: Carmen Teresa Castañeda Villamizar - Tel 6013779877 - ccastañeda@fbscgtr.gov.co
A102: Grupo Gestion Administrativa (RF) | B102: 85 | C102: 76111501;90101700;70111703;47131500;47131600;47131900;50201700;50161500;73152100 | D102: Prestar servicio de aseo integral para las sedes que hacen parte del Fondo de Bienestar Social de La Contraloría General de la República, incluyendo el suministro de los insumos de aseo, para la conservación de la planta física, áreas verdes y áreas complementarias internas y externas. | E102: Enero | F102: 11 | G102: SELECCION_ABREVIADA_ACUERDO_MARCO | H102: Presupuesto General de la Nación – PGN | I102: 200000000 | J102: 202000000 | K102: NA | L102: NA | M102: Carmen Teresa Castañeda Villamizar - Tel 6013779877 - ccastañeda@fbscgtr.gov.co
A103: Grupo Gestion Administrativa (RF) | B103: 86 | C103: 15101506;78181701 | D103: Contratar el Suministro de combustible para el vehículo de propiedad del Fondo de Bienestar Social de la Contraloría General de la República. | E103: Enero | F103: 11 | G103: CONTRATACION_MINIMA_CUANTIA | H103: Presupuesto General de la Nación – PGN | I103: 9000000 | J103: 9000000 | K103: NA | L103: NA | M103: Carmen Teresa Castañeda Villamizar - Tel 6013779877 - ccastañeda@fbscgtr.gov.co
A104: Grupo Gestion Administrativa (RF) | B104: 87 | C104: 52161505;52141501 | D104: Adquisición de televisores y soportes para televisores para la sede del colegio para Hijos de los empleados de la Contraloría General de la República. | E104: Febrero | F104: 2 | G104: CONTRATACION_MINIMA_CUANTIA | H104: Presupuesto General de la Nación – PGN | I104: 36000000 | J104: 36000000 | K104: NA | L104: NA | M104: Carmen Teresa Castañeda Villamizar - Tel 6013779877 - ccastañeda@fbscgtr.gov.co
A105: Grupo Gestion Administrativa (RF) | B105: 88 | C105: 44121900;44121804;31201500;60121300;44121700;44121600;44121706;44122100;44121618;44121800;44121701;14111507;45101603;44121716;44122105 | D105: Compra de elementos de papelería, útiles de oficina y consumibles de impresión para las diferentes sedes del Fondo de Bienestar Social de la Contraloría General de la República | E105: Abril | F105: 2 | G105: CONTRATACION_MINIMA_CUANTIA | H105: Presupuesto General de la Nación – PGN | I105: 36000000 | J105: 36000000 | K105: NA | L105: NA | M105: Carmen Teresa Castañeda Villamizar - Tel 6013779877 - ccastañeda@fbscgtr.gov.co
A106: Grupo Gestion Administrativa (RF) | B106: 89 | C106: 39121000;47121800;30162100 | D106: Compra de equipo y herramienta necesario para el funcionamiento y apoyo al mantenimiento de las instalaciones a cargo del FBSCGR,(trasformador y/o elevador de voltaje 110 a 220 30000 ampe, hidro lavadora, 3.55mt , Escalera de 12 Pasos). | E106: Febrero | F106: 2 | G106: CONTRATACION_MINIMA_CUANTIA | H106: Presupuesto General de la Nación – PGN | I106: 4100000 | J106: 4100000 | K106: NA | L106: NA | M106: Carmen Teresa Castañeda Villamizar - Tel 6013779877 - ccastañeda@fbscgtr.gov.co
A107: Grupo Gestion Administrativa (RF) | B107: 90 | C107: 72102103;76111600 | D107: Prestar el servicio de fumigación, desinfección sanitaria, control de insectos y roedores, saneamiento ambiental y lavado de tanques de almacenamiento para las diferentes sedes del Fondo de Bienestar Social de la CGR. | E107: Febrero | F107: 10 | G107: CONTRATACION_MINIMA_CUANTIA | H107: Presupuesto General de la Nación – PGN | I107: 5500000 | J107: 5500000 | K107: NA | L107: NA | M107: Carmen Teresa Castañeda Villamizar - Tel 6013779877 - ccastañeda@fbscgtr.gov.co
A108: Grupo Gestion Administrativa (RF) | B108: 91 | C108: 92121500;92121700;32151800;46101500;46151600 | D108: Prestación del servicio de vigilancia y seguridad privada con arma, sin arma y medios tecnológicos para las sedes del Centro Médico y Colegio para Hijos de Empleados de la Contraloría General de la República del Fondo de Bienestar Social de la CGR. | E108: Junio | F108: 12 | G108: LICITACION | H108: Presupuesto General de la Nación – PGN | I108: 480241000 | J108: 116422000 | K108: Sí | L108: No solicitadas | M108: Carmen Teresa Castañeda Villamizar - Tel 6013779877 - ccastañeda@fbscgtr.gov.co
A109: Grupo Gestion Administrativa (RF) | B109: 92 | C109: 95121514 | D109: Contratar el suministro de tiquetes aéreos en rutas nacionales para el desplazamiento de los funcionarios y contratistas del Fondo de Bienestar Social de la Contraloría General de la República. | E109: Febrero | F109: 10 | G109: SELECCION_ABREVIADA | H109: Presupuesto General de la Nación – PGN | I109: 50000000 | J109: 50000000 | K109: No | L109: NA | M109: Carmen Teresa Castañeda Villamizar - Tel 6013779877 - ccastañeda@fbscgtr.gov.co
A110: Grupo Gestion Administrativa (RF) | B110: 93 | C110: 78102203 | D110: Prestación de los servicios de mensajería, correo y de correspondencia externa (urbano, periférico y nacional), para la recepción, envío y entrega a los destinatarios de correspondencia, e igualmente el suministro de personal necesario para la adecuada prestación del servicio | E110: Febrero | F110: 11 | G110: CONTRATACION_DIRECTA | H110: Presupuesto General de la Nación – PGN | I110: 2400000 | J110: 2400000 | K110: No | L110: NA | M110: Carmen Teresa Castañeda Villamizar - Tel 6013779877 - ccastañeda@fbscgtr.gov.co
A111: Grupo Gestion Administrativa (RF) | B111: 94 | C111: 46191601 | D111: Contratar la inspección, mantenimiento, recarga, reposición o cambio, prueba de equipos, señalización y reubicación de extintores. | E111: Octubre | F111: 2 | G111: CONTRATACION_MINIMA_CUANTIA | H111: Presupuesto General de la Nación – PGN | I111: 7000000 | J111: 7000000 | K111: No | L111: NA | M111: Carmen Teresa Castañeda Villamizar - Tel 6013779877 - ccastañeda@fbscgtr.gov.co
A112: Grupo Gestion Administrativa (RF) | B112: 95 | C112: 46161500 | D112: Compra de filtros de agua (PP+CTO+UF) para los Dispensadores Premium referencia OT-PRE2022-0501. , de las diferentes sedes del fondo de bienestar social de la CGR | E112: Marzo | F112: 2 | G112: CONTRATACION_DIRECTA | H112: Presupuesto General de la Nación – PGN | I112: 2200000 | J112: 2200000 | K112: No | L112: NA | M112: Carmen Teresa Castañeda Villamizar - Tel 6013779877 - ccastañeda@fbscgtr.gov.co
A113: Grupo Gestion Administrativa (RF) | B113: 96 | C113: 81101500 | D113: Realizar la consultoria de la cubierta para el patio central y del RDI/RCI Sistema contra Incendio del colegio para hijos de los empleados de la CGR, incluye tramites y licencias ante curaduria | E113: Febrero | F113: 4 | G113: CONCURSO_MERITOS | H113: Presupuesto General de la Nación – PGN | I113: 84000000 | J113: 84000000 | K113: No | L113: NA | M113: Carmen Teresa Castañeda Villamizar - Tel 6013779877 - ccastañeda@fbscgtr.gov.co
A114: Grupo Gestion Administrativa (RF) | B114: 97 | C114: 49171500;72153100;49201500;95122300 | D114: Contrato de mantenimiento a todo costo incluye mano de obra, equipos y materiales, para la infraestructura Colegio y Centro médico por el año | E114: Febrero | F114: 9 | G114: SELECCION_ABREVIADA | H114: Presupuesto General de la Nación – PGN | I114: 50000000 | J114: 50000000 | K114: No | L114: NA | M114: Carmen Teresa Castañeda Villamizar - Tel 6013779877 - ccastañeda@fbscgtr.gov.co
A115: Grupo Gestion Administrativa (RF) | B115: 98 | C115: 72121500;56101700;72103300;56101500 | D115: Realizar el diseño, suministro y adecuación de infraestructura de diferentes espacios del Colegio para Hijos de Empleados de la CGR | E115: Marzo | F115: 3 | G115: SELECCION_ABREVIADA | H115: Presupuesto General de la Nación – PGN | I115: 340000000 | J115: 340000000 | K115: No | L115: NA | M115: Carmen Teresa Castañeda Villamizar - Tel 6013779877 - ccastañeda@fbscgtr.gov.co
A116: Grupo Gestion Administrativa (RF) | B116: 99 | C116: 81161700;72103300;8111800 | D116: Adecuacion y suministro de la plataforma de transmisión de datos del colegio de la CGR | E116: Marzo | F116: 3 | G116: SELECCION_ABREVIADA | H116: Presupuesto General de la Nación – PGN | I116: 243026000 | J116: 243026000 | K116: NO | L116: NA | M116: Carmen Teresa Castañeda Villamizar - Tel 6013779877 - ccastañeda@fbscgtr.gov.co
A117: Grupo Gestion Administrativa (RF) | B117: 100 | C117: 44121701;44112001;44112004;44121507;44122003;82101505;82100000;82101500;27112309;53121603;53121602;53121701;52152103;48101919;49101602;49221510 | D117: Elaboración y suministro de material institucional para el Fondo de Bienestar Social de la CGR | E117: Febrero | F117: 11 | G117: CONTRATACION_MINIMA_CUANTIA | H117: Presupuesto General de la Nación – PGN | I117: 15000000 | J117: 15000000 | K117: No | L117: NA | M117: Carmen Teresa Castañeda Villamizar - Tel 6013779877 - ccastañeda@fbscgtr.gov.co
B118: 101
I119: =SUM(I18:I117) -> 9873569000 | J119: =SUM(J18:J117) -> 9511750000 | K119: =+I119-J119 -> 361819000
C120: C. NECESIDADES ADICIONALES
C121: Descripción | D121: Posibles códigos UNSPSC | E121: Datos de contacto del responsable
C122: Contratar el servicio para administrar el proceso de emisión, custodia y administración de Pagarés desmaterializados, para los créditos del Fondo de Bienestar Social de la Contraloría General de la República | D122: 56121505;86141702;81101701;43232505;43211500;43211501;43211507;43211600;43211608;43231512;72151900;72101500;72121400;5610700;56101900;56101500;72154000;72151600;72141100. | E122: Ubicación: Distrito Capital de Bogotá - Bogotá Nombre del responsable: DIANA MOLINA CARVAJAL Teléfono: 3532760 Correo: fondobienestar@fbscgr.gov.co
C123: Prestar el servicio de organización y ejecución del Plan de Bienestar de la Contraloría General de la República 2024 (Día de la secretaria, día del conductor, vacaciones recreativas, día de la familia primera y segundo semestre, caminatas ecológicas y protocolo programa incentivos CGR, programa prejubilados, programa tejiendo redes, dia dulce, novena de navidad, integración niños, integración funcionarios Nivel Central, Juegos Internos del Nivel Central, actividades culturales y de recreación) | D123: 90151800; 90151600; 9015170; 80141900; 90151500; 93141506; 81141601; 90101603; 84121803; 80141700; 90141502; 90111600; 93141701; 93141500; 80141625; 93141700; 90151700; 90151600; 90141502; 90151500; 90141600; 90141500; 93141701; 93141506; 93141500 | E123: Ubicación: Distrito Capital de Bogotá - Bogotá Nombre del responsable: DIANA MOLINA CARVAJAL Teléfono: 3532760 Correo: fondobienestar@fbscgr.gov.co
C124: Contratar el servicio para administrar el proceso de emisión, custodia y administración de Pagarés desmaterializados, para los créditos del Fondo de Bienestar Social de la Contraloría General de la República | D124: 84121806 | E124: Ubicación: Distrito Capital de Bogotá - Bogotá Nombre del responsable: DIANA MOLINA CARVAJAL Teléfono: 3532760 Correo: fondobienestar@fbscgr.gov.co

Sheet M01-MARZO 7
C2: PLAN ANUAL DE ADQUISICIONES
C4: A. INFORMACIÓN GENERAL DE LA ENTIDAD
C5: Nombre | D5: FONDO DE BIENESTAR SOCIAL DE LA CONTRALORIA GENERAL DE LA REPUBLICA | G5: El principal objetivo del Plan Anual de Adquisiciones es permitir que la entidad estatal aumente la probabilidad de lograr mejores condiciones de competencia a través de la participación de un mayor número de operadores económicos interesados en los procesos de selección que se van a adelantar durante el año fiscal, y que el Estado cuente con información suficiente para realizar compras coordinadas.
C6: Dirección | D6: CARRERA 69 No.44-35 piso 4
C7: Teléfono
C8: Página web
C9: Misión y visión | D9: MISION: Ofrecer servicios de bienestar con oportunidad, por medio de programas que mejoren la calidad de vida de nuestros usuarios y sus familias. VISION: Posicionarnos en el 2026 como gestores de bienestar mediante la transformación, agilidad oportunidad y mejora en la prestación de los servicios, soportados en un talento humano dispuesto al cambio.
C10: Perspectiva estratégica | D10: Durante el cuatrienio 2022-2026 el Fondo de Bienestar Social de la Contraloría General de la República desarrollará cuatro objetivos: Mejorar la satisfacción de los usuarios mediante la prestación efectiva de los servicios de bienestar, respondiendo a sus necesidades y expectativas de calidad y oportunidad. Alcanzar en el 2026 el 90% de avance en la implementación de la política TICs del Estado de manera que los resultados se reflejen en la gestión interna, así como en la entrega de servicios digitales a usuarios y grupos de interés. Alcanzar en el 2026 el 90% de avance en la implementación de la política TICs del Estado de manera que los resultados se reflejen en la gestión interna, así como en la entrega de servicios digitales a usuarios y grupos de interés. Fortalecer la gestión del Talento Humano para que responda a los retos del contexto institucional, a partir del desarrollo integral de habilidades, reducción de brechas en competencias laborales y adaptación permanente al cambio. Aumentar el desempeño institucional por medio de la implementación del proceso de reorganización administrativa, gestión, seguimiento y control permanentes de los recursos financieros y mejora de la infraestructura física. Para alcanzar estos objetivos fueron programadas once estrategias y veinticinco productos estratégicos.
C11: Información de contacto | D11: CARMEN TERESA CASTAÑEDA VILLAMIZAR | G11: El Plan Anual de Adquisiciones es un documento de naturaleza informativa y las adquisiciones incluidas en el mismo pueden ser canceladas, revisadas o modificadas. Esta información no representa compromiso u obligación alguna por parte de la entidad estatal ni la compromete a adquirir los bienes, obras y servicios en él señalados.
C12: Valor total del PAA | D12: =+J118 -> 9283874000
C13: Límite de contratación menor cuantía | D13: 364000000
C14: Límite de contratación mínima cuantía | D14: 36400000
C15: Fecha de última actualización del PAA | D15: 45302
A17: Grupo /Area | B17: item | C17: Códigos UNSPSC | D17: Descripción | E17: Fecha estimada de inicio de proceso de selección (mes) | F17: Duración estimada del contrato (número de mes(es)) | G17: Modalidad de selección | H17: Fuente de los recursos | I17: Valor total estimado | J17: Valor estimado en la vigencia actual | K17: ¿Se requieren vigencias futuras? | L17: Estado de solicitud de vigencias futuras | M17: Datos de contacto del responsable
A18: Bienestar y Calidad de vida | B18: 1 | C18: 90151700;90151800;90151500;90141700;53102200;53102900;53102700;90151502;90151501;90151701 | D18: Prestar servicios de organización logistica y desarrollo de programas de recreacion cultura deportes y salud dirigido a las Gerencias Departamentales- Amazonas, de acuerdo al Plan de Bienestar | E18: Marzo | F18: 9 | G18: CONTRATACION_DIRECTA | H18: Presupuesto General de la Nación – PGN | I18: 29765000 | J18: 29765000 | K18: No | L18: NA | M18: Diana Carolina Molina Carvajal - Tel 6013779877 - dmolina@fbscgr.gov.co
A19: Bienestar y Calidad de vida | B19: 2 | C19: 90151700;90151800;90151500;90141700;53102200;53102900;53102700;90151502;90151501;90151701 | D19: Prestar servicios de organización logistica y desarrollo de programas de recreacion cultura deportes y salud dirigido a las Gerencias Departamentales- Antioquia, de acuerdo al Plan de Bienestar | E19: Abril | F19: 8 | G19: CONTRATACION_DIRECTA | H19: Presupuesto General de la Nación – PGN | I19: 106504000 | J19: 106504000 | K19: No | L19: NA | M19: Diana Carolina Molina Carvajal - Tel 6013779877 - dmolina@fbscgr.gov.co
A20: Bienestar y Calidad de vida | B20: 3 | C20: 90151700;90151800;90151500;90141700;53102200;53102900;53102700;90151502;90151501;90151701 | D20: Prestar servicios de organización logistica y desarrollo de programas de recreacion cultura deportes y salud dirigido a las Gerencias Departamentales- Arauca, de acuerdo al Plan de Bienestar | E20: Abril | F20: 8 | G20: CONTRATACION_DIRECTA | H20: Presupuesto General de la Nación – PGN | I20: 30372000 | J20: 30372000 | K20: No | L20: NA | M20: Diana Carolina Molina Carvajal - Tel 6013779877 - dmolina@fbscgr.gov.co
A21: Bienestar y Calidad de vida | B21: 4 | C21: 90151700;90151800;90151500;90141700;53102200;53102900;53102700;90151502;90151501;90151701 | D21: Prestar servicios de organización logistica y desarrollo de programas de recreacion cultura deportes y salud dirigido a las Gerencias Departamentales- Atlantico, de acuerdo al Plan de Bienestar | E21: Abril | F21: 8 | G21: CONTRATACION_DIRECTA | H21: Presupuesto General de la Nación – PGN | I21: 75323000 | J21: 75323000 | K21: No | L21: NA | M21: Diana Carolina Molina Carvajal - Tel 6013779877 - dmolina@fbscgr.gov.co
A22: Bienestar y Calidad de vida | B22: 5 | C22: 90151700;90151800;90151500;90141700;53102200;53102900;53102700;90151502;90151501;90151701 | D22: Prestar servicios de organización logistica y desarrollo de programas de recreacion cultura deportes y salud dirigido a las Gerencias Departamentales- Bolívar, de acuerdo al Plan de Bienestar | E22: Mayo | F22: 9 | G22: CONTRATACION_DIRECTA | H22: Presupuesto General de la Nación – PGN | I22: 57909000 | J22: 57909000 | K22: No | L22: NA | M22: Diana Carolina Molina Carvajal - Tel 6013779877 - dmolina@fbscgr.gov.co
A23: Bienestar y Calidad de vida | B23: 6 | C23: 90151700;90151800;90151500;90141700;53102200;53102900;53102700;90151502;90151501;90151701 | D23: Prestar servicios de organización logistica y desarrollo de programas de recreacion cultura deportes y salud dirigido a las Gerencias Departamentales- Boyacá, de acuerdo al Plan de Bienestar | E23: Abril | F23: 8 | G23: SELECCION_ABREVIADA | H23: Presupuesto General de la Nación – PGN | I23: 60744000 | J23: 60744000 | K23: No | L23: NA | M23: Diana Carolina Molina Carvajal - Tel 6013779877 - dmolina@fbscgr.gov.co
A24: Bienestar y Calidad de vida | B24: 7 | C24: 90151700;90151800;90151500;90141700;53102200;53102900;53102700;90151502;90151501;90151701 | D24: Prestar servicios de organización logistica y desarrollo de programas de recreacion cultura deportes y salud dirigido a las Gerencias Departamentales- Caldas, de acuerdo al Plan de Bienestar | E24: Abril | F24: 8 | G24: CONTRATACION_DIRECTA | H24: Presupuesto General de la Nación – PGN | I24: 46165000 | J24: 46165000 | K24: No | L24: NA | M24: Diana Carolina Molina Carvajal - Tel 6013779877 - dmolina@fbscgr.gov.co
A25: Bienestar y Calidad de vida | B25: 8 | C25: 90151700;90151800;90151500;90141700;53102200;53102900;53102700;90151502;90151501;90151701 | D25: Prestar servicios de organización logistica y desarrollo de programas de recreacion cultura deportes y salud dirigido a las Gerencias Departamentales- Casanare, de acuerdo al Plan de Bienestar | E25: Mayo | F25: 7 | G25: SELECCION_ABREVIADA | H25: Presupuesto General de la Nación – PGN | I25: 41913000 | J25: 41913000 | K25: No | L25: NA | M25: Diana Carolina Molina Carvajal - Tel 6013779877 - dmolina@fbscgr.gov.co
A26: Bienestar y Calidad de vida | B26: 9 | C26: 90151700;90151800;90151500;90141700;53102200;53102900;53102700;90151502;90151501;90151701 | D26: Prestar servicios de organización logistica y desarrollo de programas de recreacion cultura deportes y salud dirigido a las Gerencias Departamentales- Caquetá, de acuerdo al Plan de Bienestar | E26: Mayo | F26: 7 | G26: SELECCION_ABREVIADA | H26: Presupuesto General de la Nación – PGN | I26: 42521000 | J26: 42521000 | K26: No | L26: NA | M26: Diana Carolina Molina Carvajal - Tel 6013779877 - dmolina@fbscgr.gov.co
A27: Bienestar y Calidad de vida | B27: 10 | C27: 90151700;90151800;90151500;90141700;53102200;53102900;53102700;90151502;90151501;90151701 | D27: Prestar servicios de organización logistica y desarrollo de programas de recreacion cultura deportes y salud dirigido a las Gerencias Departamentales- Cauca, de acuerdo al Plan de Bienestar | E27: Abril | F27: 8 | G27: CONTRATACION_DIRECTA | H27: Presupuesto General de la Nación – PGN | I27: 45760000 | J27: 45760000 | K27: No | L27: NA | M27: Diana Carolina Molina Carvajal - Tel 6013779877 - dmolina@fbscgr.gov.co
A28: Bienestar y Calidad de vida | B28: 11 | C28: 90151700;90151800;90151500;90141700;53102200;53102900;53102700;90151502;90151501;90151701 | D28: Prestar servicios de organización logistica y desarrollo de programas de recreacion cultura deportes y salud dirigido a las Gerencias Departamentales- Chocó, de acuerdo al Plan de Bienestar | E28: Marzo | F28: 9 | G28: SELECCION_ABREVIADA | H28: Presupuesto General de la Nación – PGN | I28: 49203000 | J28: 49203000 | K28: No | L28: NA | M28: Diana Carolina Molina Carvajal - Tel 6013779877 - dmolina@fbscgr.gov.co
A29: Bienestar y Calidad de vida | B29: 12 | C29: 90151700;90151800;90151500;90141700;53102200;53102900;53102700;90151502;90151501;90151701 | D29: Prestar servicios de organización logistica y desarrollo de programas de recreacion cultura deportes y salud dirigido a las Gerencias Departamentales- Córdoba, de acuerdo al Plan de Bienestar | E29: Abril | F29: 8 | G29: CONTRATACION_DIRECTA | H29: Presupuesto General de la Nación – PGN | I29: 41306000 | J29: 41306000 | K29: No | L29: NA | M29: Diana Carolina Molina Carvajal - Tel 6013779877 - dmolina@fbscgr.gov.co
... A54: Desarrollo y Emprendimiento | B54: 37 | C54: 85141700;85141701;85141702 | D54: Prestación de servicios profesionales especializados en MEDICINA ALTERNATIVA Y COMPLEMENTARIA para realizar la evaluación, diagnóstico y tratamiento de las diferentes patologías de los usuarios del Programa de Salud Centro Médico del Fondo de Bienestar Social de la CGR | E54: Febrero | F54: 10 | G54: CONTRATACION_DIRECTA | H54: Presupuesto General de la Nación – PGN | I54: 45634000 | J54: 45634000 | K54: NA | L54: NA | M54: Diana Carolina Molina Carvajal - Tel 6013779877 - dmolina@fbscgr.gov.co
A55: Desarrollo y Emprendimiento | B55: 38 | C55: 85121600 | D55: Prestación de servicios profesionales especializados en MEDICINA FISICA Y REHABILITACION para realizar la evaluación clínica, diagnóstico y tratamiento de las diferentes patologías de los usuarios del Programa de Salud Centro Médico del Fondo de Bienestar Social de la CGR | E55: Febrero | F55: 10 | G55: CONTRATACION_DIRECTA | H55: Presupuesto General de la Nación – PGN | I55: 29920000 | J55: 29920000 | K55: NA | L55: NA | M55: Diana Carolina Molina Carvajal - Tel 6013779877 - dmolina@fbscgr.gov.co
A56: Desarrollo y Emprendimiento | B56: 39 | C56: 85121601 | D56: Prestación de servicios profesionales especializados en GINECOLOGIA para realizar evaluación, diagnóstico y tratamiento de las diferentes patologías de las usuarias del Programa de Salud Centro Médico del Fondo de Bienestar Social de la CGR | E56: Febrero | F56: 10 | G56: CONTRATACION_DIRECTA | H56: Presupuesto General de la Nación – PGN | I56: 48000000 | J56: 48000000 | K56: NA | L56: NA | M56: Diana Carolina Molina Carvajal - Tel 6013779877 - dmolina@fbscgr.gov.co
A57: Desarrollo y Emprendimiento | B57: 40 | C57: 86132000 | D57: Prestar servicios profesionales como docente del áea de física para el programa de Educación del Colegio para hijos de empleados de la Contraloria General de la República, del Fondo de Bienestar Social de la CGR. | E57: Marzo | F57: 9 | G57: CONTRATACION_DIRECTA | H57: Presupuesto General de la Nación – PGN | I57: 57650000 | J57: 57650000 | K57: N/A | L57: NA | M57: Diana Carolina Molina Carvajal - Tel 6013779877 - dmolina@fbscgr.gov.co
A58: Desarrollo y Emprendimiento | B58: 41 | C58: 86121500; 86141500 | D58: Prestación de servicios profesionales, como instructutor de deportes para la realización de actividades propias del Colegio para hijos de empleados de la CGR | E58: Marzo | F58: 9 | G58: CONTRATACION_DIRECTA | H58: Presupuesto General de la Nación – PGN | I58: 34650000 | J58: 34650000 | K58: N/A | L58: NA | M58: Diana Carolina Molina Carvajal - Tel 6013779877 - dmolina@fbscgr.gov.co
A59: Desarrollo y Emprendimiento | B59: 42 | C59: 86131600;86132000 | D59: Prestación de servicios profesionales, como instructutor de música para la realización de actividades propias del Colegio para hijos de empleados de la CGR | E59: Marzo | F59: 9 | G59: CONTRATACION_DIRECTA | H59: Presupuesto General de la Nación – PGN | I59: 38500000 | J59: 38500000 | K59: N/A | L59: NA | M59: Diana Carolina Molina Carvajal - Tel 6013779877 - dmolina@fbscgr.gov.co
A60: Desarrollo y Emprendimiento | B60: 43 | C60: 82141501;82141502;82141503;82141504;82141505;82141601 | D60: Prestar los servicios profesionales en el área de comunicación, diseño y/o diseño gráfico, para desarrollar actividades de comunicaciones, diseño de piezas gráficas, divulgación, promoción, cubrimiento y acompañamiento de los servicios misionales y de apoyo del Fondo de Bienestar Social de la Contraloría General de la República. | E60: Febrero | F60: 11 | G60: CONTRATACION_DIRECTA | H60: Presupuesto General de la Nación – PGN | I60: 60500000 | J60: 60500000 | K60: No | L60: NA | M60: Diana Carolina Molina Carvajal - Tel 6013779877 - dmolina@fbscgr.gov.co
A61: Desarrollo y Emprendimiento | B61: 44 | C61: 85101601 | D61: Prestación de servicios de apoyo a la gestión como auxiliar de enfermería para la institución educativa del Fondo de Bienestar Social de la Contraloría General de la República, sin que exista subordinación laboral y utilizando sus propios medios. | E61: Febrero | F61: 3 | G61: CONTRATACION_DIRECTA | H61: Presupuesto General de la Nación – PGN | I61: 7354000 | J61: 7354000 | K61: No | L61: NA | M61: Diana Carolina Molina Carvajal - Tel 6013779877 - dmolina@fbscgr.gov.co
A62: Desarrollo y Emprendimiento | B62: 45 | C62: 85161500;85161502;85161503;81101706;73152108 | D62: Prestar el servicio técnico especializado a todo costo, para el mantenimiento preventivo y/o correctivo, metrología y calibración de los EQUIPOS BIOMEDICOS para el Programa de Salud Centro Médico del Fondo de Bienestar Social dela Contraloría General de la Republica, para la vigencia 2024. | E62: Marzo | F62: 9 | G62: SUBASTA | H62: Presupuesto General de la Nación – PGN | I62: 56076000 | J62: 56076000 | K62: NA | L62: NA | M62: Diana Carolina Molina Carvajal - Tel 6013779877 - dmolina@fbscgr.gov.co
A63: Desarrollo y Emprendimiento | B63: 46 | C63: 12161500;12161503;12171509;12352104;24101510;24112600;26111700;26111702;30181614;41103206;41104107;41104108;41104112;41104121;41104122;41104213;41111504;41111508;41111509;41113035;41115816;41116000;41116001;41116004;41116005;41116008;41116010;41116014;41116100;41116104;41116105;41116106;41116107;41116108;41116120;41116121;41116122;41116126;41116127;41116129;41116130;41116136;41116138;41116139;41116205;41121502;41121600;41121607;41121700;41121701;41121708;41121711;41121800;41121811;41121816;41122601;41122602;41122605;42142500;42142502;42142515;42142521;42142523;42142531;42142609;42151505;42151600;42151602;42151603;42151604;42151606;42151611;42151613;42151614;42151621;42151624;42151625;42151629;42151635;42151636;42151638;42151639;42151647;42151660;42151661;42151681;42151700;42151703;42151704;42151800;42151805;42151806;42151810;42151900;42151901;42151902;42151905;42151910;42152200;42152400;42152407;42152423;42152428;42152443;42152450;42152453;42152454;42152457;42152465;42152500;42152502;42152504;42152507;42152508;42152512;42152514;42152600;42152601;42152800;42152805;42281704;42281705;42281904;42281914;42292904;42312206;46181804;47121709;47131502;47131700;47131807;52121700;52121701;52121704;72151800;42251600;42251607;42251608;42251618;42251623;47121701;42192210;42211501;42211502;42251608;42251610;42251612;42251618;42251619;42251621;42251623;42251624;31241706;42192107;42182902;41103903 | D63: Compra de INSUMOS, DISPOSITIVOS MEDICOS Y PRODUCTOS FARMACEUTICOS (insumos y reactivos de laboratorio clínico, insumos de odontología, insumos medico quirurgicos, de fisioterapia) para el Programa de Salud Centro Médico del FBS para la vigencia 2024. | E63: Marzo | F63: 1 | G63: SUBASTA | H63: Presupuesto General de la Nación – PGN | I63: 116755000 | J63: 116755000 | K63: NA | L63: NA | M63: Diana Carolina Molina Carvajal - Tel 6013779877 - dmolina@fbscgr.gov.co
A64: Desarrollo y Emprendimiento | B64: 47 | C64: 41116100;41116107;41116122;41116139 | D64: Adquirir los controles de calidad del laboratorio clínico para el Programa de Salud Centro Médico del Fondo de Bienestar Social de la Contraloría General de la República durante la vigencia 2024. | E64: Marzo | F64: 10 | G64: CONTRATACION_MINIMA_CUANTIA | H64: Presupuesto General de la Nación – PGN | I64: 9833000 | J64: 9833000 | K64: N/A | L64: NA | M64: Diana Carolina Molina Carvajal - Tel 6013779877 - dmolina@fbscgr.gov.co
A65: Desarrollo y Emprendimiento | B65: 48 | C65: 81112200;43232300 | D65: Prestar los servicios de outsorcing, soporte y el mantenimiento del Software de salud del Centro Medico del Fondo de Bienestar Social de la Contraloría General de la República | E65: Enero | F65: 11 | G65: CONTRATACION_DIRECTA | H65: Presupuesto General de la Nación – PGN | I65: 55000000 | J65: 55000000 | K65: NA | L65: NA | M65: Diana Carolina Molina Carvajal - Tel 6013779877 - dmolina@fbscgr.gov.co
A66: Desarrollo y Emprendimiento | B66: 49 | C66: 76121900;76121901 | D66: Contratar el servicio para la gestión integral de los residuos hospitalarios y similares generados en el Centro Médico del FBS de la CGR durante la vigencia 2024 | E66: Febrero | F66: 11 | G66: CONTRATACION_MINIMA_CUANTIA | H66: Presupuesto General de la Nación – PGN | I66: 1650000 | J66: 1650000 | K66: N/A | L66: NA | M66: Diana Carolina Molina Carvajal - Tel 6013779877 - dmolina@fbscgr.gov.co
A67: Desarrollo y Emprendimiento | B67: 50 | C67: 93141700 | D67: Prestar el servicio de organización, apoyo logístico y eventos institucionales para el servicio de organización y ejecución de las actividades feria del libro, día del estudiante, día de la familia, festival de inglés, convivencias y ceremonia de grados estudiantes del colegio para hijos de empleados de la Contraloría General de la República. | E67: Marzo | F67: 5 | G67: CONTRATACION_DIRECTA | H67: Presupuesto General de la Nación – PGN | I67: 140000000 | J67: 140000000 | K67: N/A | L67: NA | M67: Diana Carolina Molina Carvajal - Tel 6013779877 - dmolina@fbscgr.gov.co
A68: Desarrollo y Emprendimiento | B68: 51 | C68: 60102000;60141200 | D68: Adquisición de material didactico e insumos para el Colegio para Hijos de Empleados de la CGR | E68: Junio | F68: 1 | G68: CONTRATACION_MINIMA_CUANTIA | H68: Presupuesto General de la Nación – PGN | I68: 29611000 | J68: 29611000 | K68: N/A | L68: NA | M68: Diana Carolina Molina Carvajal - Tel 6013779877 - dmolina@fbscgr.gov.co
A69: Desarrollo y Emprendimiento | B69: 52 | C69: 85122100 | D69: Prestar los servicos de formación pedagogica para los estudiantes de grado 10° y 11° del Colegio para hijos de empleados de la Contraloría General de la República, mediante un programa de fortalecimiento en las competencias académicas en su preparación para presentar las pruebas nacionales Saber 11-. en atención con el Plan de Bienestar | E69: Marzo | F69: 6 | G69: CONTRATACION_MINIMA_CUANTIA | H69: Presupuesto General de la Nación – PGN | I69: 25438000 | J69: 25438000 | K69: N/A | L69: NA | M69: Diana Carolina Molina Carvajal - Tel 6013779877 - dmolina@fbscgr.gov.co
A70: Desarrollo y Emprendimiento | B70: 53 | C70: 60131600 | D70: Adquisión de instrumentos musicales para el Colegio para hijos de empleados de la CGR | E70: Abril | F70: 1 | G70: CONTRATACION_MINIMA_CUANTIA | H70: Presupuesto General de la Nación – PGN | I70: 35000000 | J70: 35000000 | K70: N/A | L70: NA | M70: Diana Carolina Molina Carvajal - Tel 6013779877 - dmolina@fbscgr.gov.co
A71: Desarrollo y Emprendimiento | B71: 54 | C71: 93141700 | D71: Prestación del servicio para la evaluación anual del proceso de certificación de calidad del modelo de excelencia versión 2024 del Colegio para hijos de Empleados de la Contraloría General de la República. | E71: Junio | F71: 4 | G71: CONTRATACION_DIRECTA | H71: Presupuesto General de la Nación – PGN | I71: 27000000 | J71: 27000000 | K71: N/A | L71: NA | M71: Diana Carolina Molina Carvajal - Tel 6013779877 - dmolina@fbscgr.gov.co
A72: Desarrollo y Emprendimiento | B72: 55 | C72: 90101800;90101700;80131502 | D72: Arrendamiento para prestar el servicio de Catering en el Colegio para hijos de Empleados de la Contraloría General de la República | E72: Febrero | F72: 10 | G72: CONTRATACION_MINIMA_CUANTIA | H72: Otros recursos | I72: 0 | J72: 0 | K72: N/A | L72: NA | M72: Diana Carolina Molina Carvajal - Tel 6013779877 - dmolina@fbscgr.gov.co
A73: Talento Humano | B73: 56 | C73: 861017000;86101705;80111500;80101810 86111604;86132000 | D73: Prestar los servicios para adelantar los procesos de formación y capacitación de los funcionarios del Fondo de Bienestar Social de la Contraloría General de la República, de acuerdo con el Plan Institucional de Capacitación. | E73: Marzo | F73: 9 | G73: SELECCION_ABREVIADA | H73: Presupuesto General de la Nación – PGN | I73: 97340000 | J73: 97340000 | K73: NA | L73: NA | M73: Carmen Teresa Castañeda Villamizar - Tel 6013779877 - ccastañeda@fbscgtr.gov.co
A74: Talento Humano | B74: 57 | C74: 93141506;81141601;90101603;90141502;93141500;80141625 | D74: Prestar el servicio para realizar las actividades del Plan de Bienestar Social, para los funcionarios del Fondo de Bienestar Social de la Contraloría General de la República. | E74: Marzo | F74: 9 | G74: CONTRATACION_DIRECTA | H74: Presupuesto General de la Nación – PGN | I74: 300000000 | J74: 300000000 | K74: NA | L74: NA | M74: Carmen Teresa Castañeda Villamizar - Tel 6013779877 - ccastañeda@fbscgtr.gov.co
A75: Talento Humano | B75: 58 | C75: 55121802;55121806;55121807 | D75: Contratar la elaboración y suministro de carnets, porta carnets y cintas con los colores institucionales junto con el logo para la identificación de los funcionarios que prestan sus servicios en el Fondo de Bienestar Social de la Contraloría General de la República. | E75: Abril | F75: 8 | G75: CONTRATACION_MINIMA_CUANTIA | H75: Presupuesto General de la Nación – PGN | I75: 1000000 | J75: 1000000 | K75: NA | L75: NA | M75: Carmen Teresa Castañeda Villamizar - Tel 6013779877 - ccastañeda@fbscgtr.gov.co
A76: Talento Humano | B76: 59 | C76: 85121608;86111604;86101705 | D76: Aplicación batería de riesgo psicosocial y realización de actividades de intervención para los factores de riesgos evidenciados como riesgo alto y riesgo muy alto | E76: Marzo | F76: 9 | G76: CONTRATACION_MINIMA_CUANTIA | H76: Presupuesto General de la Nación – PGN | I76: 30000000 | J76: 30000000 | K76: NA | L76: NA | M76: Carmen Teresa Castañeda Villamizar - Tel 6013779877 - ccastañeda@fbscgtr.gov.co
A77: Talento Humano | B77: 60 | C77: 46181500;46181600;53102710;46181505;46181804;46181604;46181501;46181533 | D77: Suministrar la dotación, elementos de protección personal para los funcionarios del Fondo de Bienestar Social de la Contraloría General de la República y ropa de seguridad para los brigadistas de la Entidad. | E77: Marzo | F77: 9 | G77: CONTRATACION_MINIMA_CUANTIA | H77: Presupuesto General de la Nación – PGN | I77: 24000000 | J77: 24000000 | K77: NA | L77: NA | M77: Carmen Teresa Castañeda Villamizar - Tel 6013779877 - ccastañeda@fbscgtr.gov.co
A78: Talento Humano | B78: 61 | C78: 85101503;85122201;85121600;85101502;51201600 | D78: Contratar el servicio de exámenes médicos ocupacionales para los empleados del Fondo de Bienestar Social de la CGR (Ingreso, Periódicos, Egreso, Posincapacidad, Cambio de ocupación, Reintegro, Paraclínicos) y Estudios de puesto de trabajo. | E78: Enero | F78: 11 | G78: CONTRATACION_MINIMA_CUANTIA | H78: Presupuesto General de la Nación – PGN | I78: 30000000 | J78: 30000000 | K78: NA | L78: NA | M78: Carmen Teresa Castañeda Villamizar - Tel 6013779877 - ccastañeda@fbscgtr.gov.co
A79: Talento Humano | B79: 62 | C79: 86101705;49101602 | D79: Prestar los servicios de capacitación y logistica necesaria para el desarrollo de actividades de promoción y prevención de seguridad y salud en el trabajo para los funcionarios del Fondo de Bienestar Social de la Contraloría General de la República | E79: Junio | F79: 3 | G79: CONTRATACION_MINIMA_CUANTIA | H79: Presupuesto General de la Nación – PGN | I79: 12000000 | J79: 12000000 | K79: NA | L79: NA | M79: Carmen Teresa Castañeda Villamizar - Tel 6013779877 - ccastañeda@fbscgtr.gov.co
A80: Talento Humano | B80: 63 | C80: 86101810;80111504 | D80: Contratar la prestación de servicios especializados para la implementación de la estrategia para transformar la cultura organizacional y e impulsar la competitividad. | E80: Marzo | F80: 9 | G80: SELECCION_ABREVIADA | H80: Presupuesto General de la Nación – PGN | I80: 50000000 | J80: 50000000 | K80: NA | L80: NA | M80: Carmen Teresa Castañeda Villamizar - Tel 6013779877 - ccastañeda@fbscgtr.gov.co
A81: TICS | B81: 64 | C81: 81112200;43232300 | D81: Prestar los servicios de outsorcing, soporte y mantenimiento del software nómina del Fondo de Bienestar Social de la Contraloría General de la República | E81: Enero | F81: 11 | G81: CONTRATACION_DIRECTA | H81: Presupuesto General de la Nación – PGN | I81: 151681000 | J81: 151681000 | K81: NA | L81: NA | M81: Carmen Teresa Castañeda Villamizar - Tel 6013779877 - ccastañeda@fbscgtr.gov.co
A82: TICS | B82: 65 | C82: 81112200;43232300 | D82: Prestar los servicios de outsorcing, soporte y el mantenimiento del software del portal institucional del Fondo de Bienestar Social de la Contraloría General de la República | E82: Enero | F82: 11 | G82: CONTRATACION_DIRECTA | H82: Presupuesto General de la Nación – PGN | I82: 87843000 | J82: 87843000 | K82: NA | L82: NA | M82: Carmen Teresa Castañeda Villamizar - Tel 6013779877 - ccastañeda@fbscgtr.gov.co
A83: TICS | B83: 66 | C83: 81112200;43232300 | D83: Prestar los servicios de outsorcing, soporte y mantenimiento del software Alfanet | E83: Enero | F83: 11 | G83: CONTRATACION_DIRECTA | H83: Presupuesto General de la Nación – PGN | I83: 209630000 | J83: 209630000 | K83: NA | L83: NA | M83: Carmen Teresa Castañeda Villamizar - Tel 6013779877 - ccastañeda@fbscgtr.gov.co
... A93: TICS | B93: 76 | C93: 43201400;43201500;43201600; 43201900;43202000;43202200; | D93: Adquirir los componentes e insumos para adelantar el mantenimiento de equipos que conforman la plataforma tecnologica del Fondo de Bienestar Social de la Contraloría General de la República | E93: Mayo | F93: 2 | G93: SUBASTA | H93: Presupuesto General de la Nación – PGN | I93: 50000000 | J93: 50000000 | K93: NA | L93: NA | M93: Carmen Teresa Castañeda Villamizar - Tel 6013779877 - ccastañeda@fbscgtr.gov.co
A94: TICS | B94: 77 | C94: 43232100 | D94: Adquirir el licenciamiento del software microsoft Office para los equipos del Fondo de Bienestar Social de la Contraloría General de la República | E94: Junio | F94: 2 | G94: SUBASTA | H94: Presupuesto General de la Nación – PGN | I94: 100000000 | J94: 100000000 | K94: NA | L94: NA | M94: Carmen Teresa Castañeda Villamizar - Tel 6013779877 - ccastañeda@fbscgtr.gov.co
A95: TICS | B95: 78 | C95: 43233000 | D95: Adquirir licencias de sistema operativo para los equipos del Fondo de Bienestar Social de la Contraloría General de la República | E95: Abril | F95: 2 | G95: SELECCION_ABREVIADA | H95: Presupuesto General de la Nación – PGN | I95: 45000000 | J95: 45000000 | K95: NA | L95: NA | M95: Carmen Teresa Castañeda Villamizar - Tel 6013779877 - ccastañeda@fbscgtr.gov.co
A96: TICS | B96: 79 | C96: 43211500 | D96: Adquirir equipos computadores para los funcionarios del Fondo de Bienestar Social de la Contraloría General de la República | E96: junio | F96: 2 | G96: SUBASTA | H96: Presupuesto General de la Nación – PGN | I96: 95000000 | J96: 95000000 | K96: NA | L96: NA | M96: Carmen Teresa Castañeda Villamizar - Tel 6013779877 - ccastañeda@fbscgtr.gov.co
A97: TICS | B97: 80 | C97: 43233200;32101600 | D97: Adquirir firmas digitales con el fin de asegurar la conectividad y registro de información en el sistema SIIF Nación II, CETIL y firma digital persona juridica para facturación electrónica | E97: Marzo | F97: 8 | G97: CONTRATACION_MINIMA_CUANTIA | H97: Presupuesto General de la Nación – PGN | I97: 20000000 | J97: 20000000 | K97: NA | L97: NA | M97: Carmen Teresa Castañeda Villamizar - Tel 6013779877 - ccastañeda@fbscgtr.gov.co
A98: TICS | B98: 81 | C98: 43221700;43222600;43223300 | D98: Adquirir elementos pasivos y activos de red, con el fin de soportar la plataforma del Fondo de Bienestar Social de la Contraloría General de la República | E98: Julio | F98: 2 | G98: SUBASTA | H98: Presupuesto General de la Nación – PGN | I98: 60000000 | J98: 60000000 | K98: NA | L98: NA | M98: Carmen Teresa Castañeda Villamizar - Tel 6013779877 - ccastañeda@fbscgtr.gov.co
A99: TICS | B99: 82 | C99: 52161500;45111900 | D99: Adquirir estaciones de atención al publico con equipos de despliegue de información | E99: Abril | F99: 3 | G99: CONTRATACION_MINIMA_CUANTIA | H99: Presupuesto General de la Nación – PGN | I99: 20000000 | J99: 20000000 | K99: NA | L99: NA | M99: Carmen Teresa Castañeda Villamizar - Tel 6013779877 - ccastañeda@fbscgtr.gov.co
A100: Grupo de asuntos Jurídicos | B100: 83 | C100: 80121700 | D100: Prestar Servicios profesionales como abogado en la defensa judicial del Fondo de Bienestar Social de la Contraloría General de la República. | E100: Febrero | F100: 7 | G100: CONTRATACION_DIRECTA | H100: Presupuesto General de la Nación – PGN | I100: 36974000 | J100: 36974000 | K100: NA | L100: NA | M100: Carmen Teresa Castañeda Villamizar - Tel 6013779877 - ccastañeda@fbscgtr.gov.co
A101: Grupo Gestion Administrativa (RF) | B101: 84 | C101: 84131600 | D101: Contratar la Poliza de vida grupo empleados y/o trabajadores para amparar a los funcionarios de la Contraloría General de la República | E101: Febrero | F101: 12 | G101: LICITACION | H101: Presupuesto General de la Nación – PGN | I101: =1896674000+2000000 -> 1898674000 | J101: =1896674000+2000000 -> 1898674000 | K101: NA | L101: NA | M101: Carmen Teresa Castañeda Villamizar - Tel 6013779877 - ccastañeda@fbscgtr.gov.co
A102: Grupo Gestion Administrativa (RF) | B102: 85 | C102: 76111501;90101700;70111703;47131500;47131600;47131900;50201700;50161500;73152100 | D102: Prestar servicio de aseo integral para las sedes que hacen parte del Fondo de Bienestar Social de La Contraloría General de la República, incluyendo el suministro de los insumos de aseo, para la conservación de la planta física, áreas verdes y áreas complementarias internas y externas. | E102: Enero | F102: 11 | G102: SELECCION_ABREVIADA_ACUERDO_MARCO | H102: Presupuesto General de la Nación – PGN | I102: 200000000 | J102: 202000000 | K102: NA | L102: NA | M102: Carmen Teresa Castañeda Villamizar - Tel 6013779877 - ccastañeda@fbscgtr.gov.co
A103: Grupo Gestion Administrativa (RF) | B103: 86 | C103: 15101506;78181701 | D103: Contratar el Suministro de combustible para el vehículo de propiedad del Fondo de Bienestar Social de la Contraloría General de la República. | E103: Enero | F103: 11 | G103: CONTRATACION_MINIMA_CUANTIA | H103: Presupuesto General de la Nación – PGN | I103: 9000000 | J103: 9000000 | K103: NA | L103: NA | M103: Carmen Teresa Castañeda Villamizar - Tel 6013779877 - ccastañeda@fbscgtr.gov.co
A104: Grupo Gestion Administrativa (RF) | B104: 87 | C104: 52161505;52141501 | D104: Adquisición de televisores y soportes para televisores para la sede del colegio para Hijos de los empleados de la Contraloría General de la República. | E104: Febrero | F104: 2 | G104: CONTRATACION_MINIMA_CUANTIA | H104: Presupuesto General de la Nación – PGN | I104: 36000000 | J104: 36000000 | K104: NA | L104: NA | M104: Carmen Teresa Castañeda Villamizar - Tel 6013779877 - ccastañeda@fbscgtr.gov.co
A105: Grupo Gestion Administrativa (RF) | B105: 88 | C105: 44121900;44121804;31201500;60121300;44121700;44121600;44121706;44122100;44121618;44121800;44121701;14111507;45101603;44121716;44122105 | D105: Compra de elementos de papelería, útiles de oficina y consumibles de impresión para las diferentes sedes del Fondo de Bienestar Social de la Contraloría General de la República | E105: Abril | F105: 2 | G105: CONTRATACION_MINIMA_CUANTIA | H105: Presupuesto General de la Nación – PGN | I105: 36000000 | J105: 36000000 | K105: NA | L105: NA | M105: Carmen Teresa Castañeda Villamizar - Tel 6013779877 - ccastañeda@fbscgtr.gov.co
A106: Grupo Gestion Administrativa (RF) | B106: 89 | C106: 47121800;30162100;40142000 | D106: Compra de equipos y herramientas necesarias para el funcionamiento y apoyo al mantenimiento de las instalaciones a cargo del Fondo de Bienestar Social de la Contraloría General de la República. | E106: marzo | F106: 2 | G106: CONTRATACION_MINIMA_CUANTIA | H106: Presupuesto General de la Nación – PGN | I106: 4100000 | J106: 4100000 | K106: NA | L106: NA | M106: Carmen Teresa Castañeda Villamizar - Tel 6013779877 - ccastañeda@fbscgtr.gov.co
A107: Grupo Gestion Administrativa (RF) | B107: 90 | C107: 72102103;76111600 | D107: Prestar el servicio de fumigación, desinfección sanitaria, control de insectos y roedores, saneamiento ambiental y lavado de tanques de almacenamiento para las diferentes sedes del Fondo de Bienestar Social de la CGR. | E107: Febrero | F107: 10 | G107: CONTRATACION_MINIMA_CUANTIA | H107: Presupuesto General de la Nación – PGN | I107: 5500000 | J107: 5500000 | K107: NA | L107: NA | M107: Carmen Teresa Castañeda Villamizar - Tel 6013779877 - ccastañeda@fbscgtr.gov.co
A108: Grupo Gestion Administrativa (RF) | B108: 91 | C108: 92121500;92121700;32151800;46101500;46151600 | D108: Prestación del servicio de vigilancia y seguridad privada con arma, sin arma y medios tecnológicos para las sedes del Centro Médico y Colegio para Hijos de Empleados de la Contraloría General de la República del Fondo de Bienestar Social de la CGR. | E108: Junio | F108: 12 | G108: LICITACION | H108: Presupuesto General de la Nación – PGN | I108: 480241000 | J108: 116422000 | K108: Sí | L108: No solicitadas | M108: Carmen Teresa Castañeda Villamizar - Tel 6013779877 - ccastañeda@fbscgtr.gov.co
A109: Grupo Gestion Administrativa (RF) | B109: 92 | C109: 95121514 | D109: Contratar el suministro de tiquetes aéreos en rutas nacionales para el desplazamiento de los funcionarios y contratistas del Fondo de Bienestar Social de la Contraloría General de la República. | E109: Febrero | F109: 10 | G109: SUBASTA | H109: Presupuesto General de la Nación – PGN | I109: 50000000 | J109: 50000000 | K109: No | L109: NA | M109: Carmen Teresa Castañeda Villamizar - Tel 6013779877 - ccastañeda@fbscgtr.gov.co
A110: Grupo Gestion Administrativa (RF) | B110: 93 | C110: 78102203 | D110: Prestación de los servicios de mensajería, correo y de correspondencia externa (urbano, periférico y nacional), para la recepción, envío y entrega a los destinatarios de correspondencia, e igualmente el suministro de personal necesario para la adecuada prestación del servicio | E110: Febrero | F110: 11 | G110: CONTRATACION_DIRECTA | H110: Presupuesto General de la Nación – PGN | I110: 2400000 | J110: 2400000 | K110: No | L110: NA | M110: Carmen Teresa Castañeda Villamizar - Tel 6013779877 - ccastañeda@fbscgtr.gov.co
A111: Grupo Gestion Administrativa (RF) | B111: 94 | C111: 46191601 | D111: Contratar la inspección, mantenimiento, recarga, reposición o cambio, prueba de equipos, señalización y reubicación de extintores. | E111: Octubre | F111: 2 | G111: CONTRATACION_MINIMA_CUANTIA | H111: Presupuesto General de la Nación – PGN | I111: 7000000 | J111: 7000000 | K111: No | L111: NA | M111: Carmen Teresa Castañeda Villamizar - Tel 6013779877 - ccastañeda@fbscgtr.gov.co
A112: Grupo Gestion Administrativa (RF) | B112: 95 | C112: 40161500 | D112: Compra de filtros de agua (PP+CTO+UF) para los Dispensadores Premium referencia OT-PRE2022-0501. , de las diferentes sedes del fondo de bienestar social de la CGR | E112: Marzo | F112: 2 | G112: CONTRATACION_MINIMA_CUANTIA | H112: Presupuesto General de la Nación – PGN | I112: 2200000 | J112: 2200000 | K112: No | L112: NA | M112: Carmen Teresa Castañeda Villamizar - Tel 6013779877 - ccastañeda@fbscgtr.gov.co
A113: Grupo Gestion Administrativa (RF) | B113: 96 | C113: 81101500 | D113: Realizar la consultoria de la cubierta para el patio central y del RDI/RCI Sistema contra Incendio del colegio para hijos de los empleados de la CGR, incluye tramites y licencias ante curaduria | E113: Febrero | F113: 4 | G113: CONCURSO_MERITOS | H113: Presupuesto General de la Nación – PGN | I113: 84000000 | J113: 84000000 | K113: No | L113: NA | M113: Carmen Teresa Castañeda Villamizar - Tel 6013779877 - ccastañeda@fbscgtr.gov.co
A114: Grupo Gestion Administrativa (RF) | B114: 97 | C114: 72101500;72102900;72121400;72153200;72151300;72103300 | D114: Contrato de mantenimiento a todo costo incluye mano de obra, equipos y materiales, para la infraestructura Colegio y Centro médico por el año | E114: Marzo | F114: 8 | G114: SELECCION_ABREVIADA | H114: Presupuesto General de la Nación – PGN | I114: 50000000 | J114: 50000000 | K114: No | L114: NA | M114: Carmen Teresa Castañeda Villamizar - Tel 6013779877 - ccastañeda@fbscgtr.gov.co
A115: Grupo Gestion Administrativa (RF) | B115: 98 | C115: 72121500;56101700;72103300;56101500 | D115: Realizar el diseño, suministro y adecuación de infraestructura de diferentes espacios del Colegio para Hijos de Empleados de la CGR | E115: Marzo | F115: 3 | G115: SELECCION_ABREVIADA | H115: Presupuesto General de la Nación – PGN | I115: 340000000 | J115: 340000000 | K115: No | L115: NA | M115: Carmen Teresa Castañeda Villamizar - Tel 6013779877 - ccastañeda@fbscgtr.gov.co
A116: Grupo Gestion Administrativa (RF) | B116: 100 | C116: 44121701;44112001;44112004;44121507;44122003;82101505;82100000;82101500;27112309;53121603;53121602;53121701;52152103;48101919;49101602;49221510 | D116: Elaboración y suministro de material institucional para el Fondo de Bienestar Social de la CGR | E116: Marzo | F116: 9 | G116: CONTRATACION_MINIMA_CUANTIA | H116: Presupuesto General de la Nación – PGN | I116: 30000000 | J116: 30000000 | K116: No | L116: NA | M116: Carmen Teresa Castañeda Villamizar - Tel 6013779877 - ccastañeda@fbscgtr.gov.co
B117: 101
I118: =SUM(I18:I116) -> 9645693000 | J118: =SUM(J18:J116) -> 9283874000 | K118: =+I118-J118 -> 361819000
C119: C. NECESIDADES ADICIONALES
C120: Descripción | D120: Posibles códigos UNSPSC | E120: Datos de contacto del responsable
C121: Contratar el servicio para administrar el proceso de emisión, custodia y administración de Pagarés desmaterializados, para los créditos del Fondo de Bienestar Social de la Contraloría General de la República | D121: 56121505;86141702;81101701;43232505;43211500;43211501;43211507;43211600;43211608;43231512;72151900;72101500;72121400;5610700;56101900;56101500;72154000;72151600;72141100. | E121: Ubicación: Distrito Capital de Bogotá - Bogotá Nombre del responsable: DIANA MOLINA CARVAJAL Teléfono: 3532760 Correo: fondobienestar@fbscgr.gov.co
C122: Prestar el servicio de organización y ejecución del Plan de Bienestar de la Contraloría General de la República 2024 (Día de la secretaria, día del conductor, vacaciones recreativas, día de la familia primera y segundo semestre, caminatas ecológicas y protocolo programa incentivos CGR, programa prejubilados, programa tejiendo redes, dia dulce, novena de navidad, integración niños, integración funcionarios Nivel Central, Juegos Internos del Nivel Central, actividades culturales y de recreación) | D122: 90151800; 90151600; 9015170; 80141900; 90151500; 93141506; 81141601; 90101603; 84121803; 80141700; 90141502; 90111600; 93141701; 93141500; 80141625; 93141700; 90151700; 90151600; 90141502; 90151500; 90141600; 90141500; 93141701; 93141506; 93141500 | E122: Ubicación: Distrito Capital de Bogotá - Bogotá Nombre del responsable: DIANA MOLINA CARVAJAL Teléfono: 3532760 Correo: fondobienestar@fbscgr.gov.co
C123: Contratar el servicio para administrar el proceso de emisión, custodia y administración de Pagarés desmaterializados, para los créditos del Fondo de Bienestar Social de la Contraloría General de la República | D123: 84121806 | E123: Ubicación: Distrito Capital de Bogotá - Bogotá Nombre del responsable: DIANA MOLINA CARVAJAL Teléfono: 3532760 Correo: fondobienestar@fbscgr.gov.co

Sheet M02-ABRIL17
C2: PLAN ANUAL DE ADQUISICIONES
C4: A. INFORMACIÓN GENERAL DE LA ENTIDAD
C5: Nombre | D5: FONDO DE BIENESTAR SOCIAL DE LA CONTRALORIA GENERAL DE LA REPUBLICA | G5: El principal objetivo del Plan Anual de Adquisiciones es permitir que la entidad estatal aumente la probabilidad de lograr mejores condiciones de competencia a través de la participación de un mayor número de operadores económicos interesados en los procesos de selección que se van a adelantar durante el año fiscal, y que el Estado cuente con información suficiente para realizar compras coordinadas.
C6: Dirección | D6: CARRERA 69 No.44-35 piso 4
C7: Teléfono
C8: Página web
C9: Misión y visión | D9: MISION: Ofrecer servicios de bienestar con oportunidad, por medio de programas que mejoren la calidad de vida de nuestros usuarios y sus familias. VISION: Posicionarnos en el 2026 como gestores de bienestar mediante la transformación, agilidad oportunidad y mejora en la prestación de los servicios, soportados en un talento humano dispuesto al cambio.
C10: Perspectiva estratégica | D10: Durante el cuatrienio 2022-2026 el Fondo de Bienestar Social de la Contraloría General de la República desarrollará cuatro objetivos: Mejorar la satisfacción de los usuarios mediante la prestación efectiva de los servicios de bienestar, respondiendo a sus necesidades y expectativas de calidad y oportunidad. Alcanzar en el 2026 el 90% de avance en la implementación de la política TICs del Estado de manera que los resultados se reflejen en la gestión interna, así como en la entrega de servicios digitales a usuarios y grupos de interés. Alcanzar en el 2026 el 90% de avance en la implementación de la política TICs del Estado de manera que los resultados se reflejen en la gestión interna, así como en la entrega de servicios digitales a usuarios y grupos de interés. Fortalecer la gestión del Talento Humano para que responda a los retos del contexto institucional, a partir del desarrollo integral de habilidades, reducción de brechas en competencias laborales y adaptación permanente al cambio. Aumentar el desempeño institucional por medio de la implementación del proceso de reorganización administrativa, gestión, seguimiento y control permanentes de los recursos financieros y mejora de la infraestructura física. Para alcanzar estos objetivos fueron programadas once estrategias y veinticinco productos estratégicos.
C11: Información de contacto | D11: CARMEN TERESA CASTAÑEDA VILLAMIZAR | G11: El Plan Anual de Adquisiciones es un documento de naturaleza informativa y las adquisiciones incluidas en el mismo pueden ser canceladas, revisadas o modificadas. Esta información no representa compromiso u obligación alguna por parte de la entidad estatal ni la compromete a adquirir los bienes, obras y servicios en él señalados.
C12: Valor total del PAA | D12: =+J118 -> 9283874000
C13: Límite de contratación menor cuantía | D13: 364000000
C14: Límite de contratación mínima cuantía | D14: 36400000
C15: Fecha de última actualización del PAA | D15: 45302
A17: Grupo /Area | B17: item | C17: Códigos UNSPSC | D17: Descripción | E17: Fecha estimada de inicio de proceso de selección (mes) | F17: Duración estimada del contrato (número de mes(es)) | G17: Modalidad de selección | H17: Fuente de los recursos | I17: Valor total estimado | J17: Valor estimado en la vigencia actual | K17: ¿Se requieren vigencias futuras? | L17: Estado de solicitud de vigencias futuras | M17: Datos de contacto del responsable
A18: Bienestar y Calidad de vida | B18: 1 | C18: 90151700;90151800;90151500;90141700;53102200;53102900;53102700;90151502;90151501;90151701 | D18: Prestar servicios de organización logistica y desarrollo de programas de recreacion cultura deportes y salud dirigido a las Gerencias Departamentales- Amazonas, de acuerdo al Plan de Bienestar | E18: Marzo | F18: 9 | G18: CONTRATACION_DIRECTA | H18: Presupuesto General de la Nación – PGN | I18: 29765000 | J18: 29765000 | K18: No | L18: NA | M18: Diana Carolina Molina Carvajal - Tel 6013779877 - dmolina@fbscgr.gov.co
A19: Bienestar y Calidad de vida | B19: 2 | C19: 90151700;90151800;90151500;90141700;53102200;53102900;53102700;90151502;90151501;90151701 | D19: Prestar servicios de organización logistica y desarrollo de programas de recreacion cultura deportes y salud dirigido a las Gerencias Departamentales- Antioquia, de acuerdo al Plan de Bienestar | E19: Abril | F19: 8 | G19: CONTRATACION_DIRECTA | H19: Presupuesto General de la Nación – PGN | I19: 106504000 | J19: 106504000 | K19: No | L19: NA | M19: Diana Carolina Molina Carvajal - Tel 6013779877 - dmolina@fbscgr.gov.co
A20: Bienestar y Calidad de vida | B20: 3 | C20: 90151700;90151800;90151500;90141700;53102200;53102900;53102700;90151502;90151501;90151701 | D20: Prestar servicios de organización logistica y desarrollo de programas de recreacion cultura deportes y salud dirigido a las Gerencias Departamentales- Arauca, de acuerdo al Plan de Bienestar | E20: Abril | F20: 8 | G20: CONTRATACION_DIRECTA | H20: Presupuesto General de la Nación – PGN | I20: 30372000 | J20: 30372000 | K20: No | L20: NA | M20: Diana Carolina Molina Carvajal - Tel 6013779877 - dmolina@fbscgr.gov.co
A21: Bienestar y Calidad de vida | B21: 4 | C21: 90151700;90151800;90151500;90141700;53102200;53102900;53102700;90151502;90151501;90151701 | D21: Prestar servicios de organización logistica y desarrollo de programas de recreacion cultura deportes y salud dirigido a las Gerencias Departamentales- Atlantico, de acuerdo al Plan de Bienestar | E21: Abril | F21: 8 | G21: CONTRATACION_DIRECTA | H21: Presupuesto General de la Nación – PGN | I21: 75323000 | J21: 75323000 | K21: No | L21: NA | M21: Diana Carolina Molina Carvajal - Tel 6013779877 - dmolina@fbscgr.gov.co
A22: Bienestar y Calidad de vida | B22: 5 | C22: 90151700;90151800;90151500;90141700;53102200;53102900;53102700;90151502;90151501;90151701 | D22: Prestar servicios de organización logistica y desarrollo de programas de recreacion cultura deportes y salud dirigido a las Gerencias Departamentales- Bolívar, de acuerdo al Plan de Bienestar | E22: Mayo | F22: 9 | G22: CONTRATACION_DIRECTA | H22: Presupuesto General de la Nación – PGN | I22: 57909000 | J22: 57909000 | K22: No | L22: NA | M22: Diana Carolina Molina Carvajal - Tel 6013779877 - dmolina@fbscgr.gov.co
A23: Bienestar y Calidad de vida | B23: 6 | C23: 90151700;90151800;90151500;90141700;53102200;53102900;53102700;90151502;90151501;90151701 | D23: Prestar servicios de organización logistica y desarrollo de programas de recreacion cultura deportes y salud dirigido a las Gerencias Departamentales- Boyacá, de acuerdo al Plan de Bienestar | E23: Abril | F23: 8 | G23: SELECCION_ABREVIADA | H23: Presupuesto General de la Nación – PGN | I23: 60744000 | J23: 60744000 | K23: No | L23: NA | M23: Diana Carolina Molina Carvajal - Tel 6013779877 - dmolina@fbscgr.gov.co
A24: Bienestar y Calidad de vida | B24: 7 | C24: 90151700;90151800;90151500;90141700;53102200;53102900;53102700;90151502;90151501;90151701 | D24: Prestar servicios de organización logistica y desarrollo de programas de recreacion cultura deportes y salud dirigido a las Gerencias Departamentales- Caldas, de acuerdo al Plan de Bienestar | E24: Abril | F24: 8 | G24: CONTRATACION_DIRECTA | H24: Presupuesto General de la Nación – PGN | I24: 46165000 | J24: 46165000 | K24: No | L24: NA | M24: Diana Carolina Molina Carvajal - Tel 6013779877 - dmolina@fbscgr.gov.co
A25: Bienestar y Calidad de vida | B25: 8 | C25: 90151700;90151800;90151500;90141700;53102200;53102900;53102700;90151502;90151501;90151701 | D25: Prestar servicios de organización logistica y desarrollo de programas de recreacion cultura deportes y salud dirigido a las Gerencias Departamentales- Casanare, de acuerdo al Plan de Bienestar | E25: Mayo | F25: 7 | G25: SELECCION_ABREVIADA | H25: Presupuesto General de la Nación – PGN | I25: 41913000 | J25: 41913000 | K25: No | L25: NA | M25: Diana Carolina Molina Carvajal - Tel 6013779877 - dmolina@fbscgr.gov.co
A26: Bienestar y Calidad de vida | B26: 9 | C26: 90151700;90151800;90151500;90141700;53102200;53102900;53102700;90151502;90151501;90151701 | D26: Prestar servicios de organización logistica y desarrollo de programas de recreacion cultura deportes y salud dirigido a las Gerencias Departamentales- Caquetá, de acuerdo al Plan de Bienestar | E26: Mayo | F26: 7 | G26: SELECCION_ABREVIADA | H26: Presupuesto General de la Nación – PGN | I26: 42521000 | J26: 42521000 | K26: No | L26: NA | M26: Diana Carolina Molina Carvajal - Tel 6013779877 - dmolina@fbscgr.gov.co
A27: Bienestar y Calidad de vida | B27: 10 | C27: 90151700;90151800;90151500;90141700;53102200;53102900;53102700;90151502;90151501;90151701 | D27: Prestar servicios de organización logistica y desarrollo de programas de recreacion cultura deportes y salud dirigido a las Gerencias Departamentales- Cauca, de acuerdo al Plan de Bienestar | E27: Abril | F27: 8 | G27: CONTRATACION_DIRECTA | H27: Presupuesto General de la Nación – PGN | I27: 45760000 | J27: 45760000 | K27: No | L27: NA | M27: Diana Carolina Molina Carvajal - Tel 6013779877 - dmolina@fbscgr.gov.co
A28: Bienestar y Calidad de vida | B28: 11 | C28: 90151700;90151800;90151500;90141700;53102200;53102900;53102700;90151502;90151501;90151701 | D28: Prestar servicios de organización logistica y desarrollo de programas de recreacion cultura deportes y salud dirigido a las Gerencias Departamentales- Chocó, de acuerdo al Plan de Bienestar | E28: Marzo | F28: 9 | G28: SELECCION_ABREVIADA | H28: Presupuesto General de la Nación – PGN | I28: 49203000 | J28: 49203000 | K28: No | L28: NA | M28: Diana Carolina Molina Carvajal - Tel 6013779877 - dmolina@fbscgr.gov.co
A29: Bienestar y Calidad de vida | B29: 12 | C29: 90151700;90151800;90151500;90141700;53102200;53102900;53102700;90151502;90151501;90151701 | D29: Prestar servicios de organización logistica y desarrollo de programas de recreacion cultura deportes y salud dirigido a las Gerencias Departamentales- Córdoba, de acuerdo al Plan de Bienestar | E29: Abril | F29: 8 | G29: CONTRATACION_DIRECTA | H29: Presupuesto General de la Nación – PGN | I29: 41306000 | J29: 41306000 | K29: No | L29: NA | M29: Diana Carolina Molina Carvajal - Tel 6013779877 - dmolina@fbscgr.gov.co
... A54: Desarrollo y Emprendimiento | B54: 37 | C54: 85141700;85141701;85141702 | D54: Prestación de servicios profesionales especializados en MEDICINA ALTERNATIVA Y COMPLEMENTARIA para realizar la evaluación, diagnóstico y tratamiento de las diferentes patologías de los usuarios del Programa de Salud Centro Médico del Fondo de Bienestar Social de la CGR | E54: Febrero | F54: 10 | G54: CONTRATACION_DIRECTA | H54: Presupuesto General de la Nación – PGN | I54: 45634000 | J54: 45634000 | K54: NA | L54: NA | M54: Diana Carolina Molina Carvajal - Tel 6013779877 - dmolina@fbscgr.gov.co
A55: Desarrollo y Emprendimiento | B55: 38 | C55: 85121600 | D55: Prestación de servicios profesionales especializados en MEDICINA FISICA Y REHABILITACION para realizar la evaluación clínica, diagnóstico y tratamiento de las diferentes patologías de los usuarios del Programa de Salud Centro Médico del Fondo de Bienestar Social de la CGR | E55: Febrero | F55: 10 | G55: CONTRATACION_DIRECTA | H55: Presupuesto General de la Nación – PGN | I55: 29920000 | J55: 29920000 | K55: NA | L55: NA | M55: Diana Carolina Molina Carvajal - Tel 6013779877 - dmolina@fbscgr.gov.co
A56: Desarrollo y Emprendimiento | B56: 39 | C56: 85121601 | D56: Prestación de servicios profesionales especializados en GINECOLOGIA para realizar evaluación, diagnóstico y tratamiento de las diferentes patologías de las usuarias del Programa de Salud Centro Médico del Fondo de Bienestar Social de la CGR | E56: Febrero | F56: 10 | G56: CONTRATACION_DIRECTA | H56: Presupuesto General de la Nación – PGN | I56: 48000000 | J56: 48000000 | K56: NA | L56: NA | M56: Diana Carolina Molina Carvajal - Tel 6013779877 - dmolina@fbscgr.gov.co
A57: Desarrollo y Emprendimiento | B57: 40 | C57: 86132000 | D57: Prestar servicios profesionales como docente del áea de física para el programa de Educación del Colegio para hijos de empleados de la Contraloria General de la República, del Fondo de Bienestar Social de la CGR. | E57: Marzo | F57: 9 | G57: CONTRATACION_DIRECTA | H57: Presupuesto General de la Nación – PGN | I57: 57650000 | J57: 57650000 | K57: N/A | L57: NA | M57: Diana Carolina Molina Carvajal - Tel 6013779877 - dmolina@fbscgr.gov.co
A58: Desarrollo y Emprendimiento | B58: 41 | C58: 86121500; 86141500 | D58: Prestación de servicios profesionales, como instructutor de deportes para la realización de actividades propias del Colegio para hijos de empleados de la CGR | E58: Marzo | F58: 9 | G58: CONTRATACION_DIRECTA | H58: Presupuesto General de la Nación – PGN | I58: 34650000 | J58: 34650000 | K58: N/A | L58: NA | M58: Diana Carolina Molina Carvajal - Tel 6013779877 - dmolina@fbscgr.gov.co
A59: Desarrollo y Emprendimiento | B59: 42 | C59: 86131600;86132000 | D59: Prestación de servicios profesionales, como instructutor de música para la realización de actividades propias del Colegio para hijos de empleados de la CGR | E59: Marzo | F59: 9 | G59: CONTRATACION_DIRECTA | H59: Presupuesto General de la Nación – PGN | I59: 38500000 | J59: 38500000 | K59: N/A | L59: NA | M59: Diana Carolina Molina Carvajal - Tel 6013779877 - dmolina@fbscgr.gov.co
A60: Desarrollo y Emprendimiento | B60: 43 | C60: 82141501;82141502;82141503;82141504;82141505;82141601 | D60: Prestar los servicios profesionales en el área de comunicación, diseño y/o diseño gráfico, para desarrollar actividades de comunicaciones, diseño de piezas gráficas, divulgación, promoción, cubrimiento y acompañamiento de los servicios misionales y de apoyo del Fondo de Bienestar Social de la Contraloría General de la República. | E60: Febrero | F60: 11 | G60: CONTRATACION_DIRECTA | H60: Presupuesto General de la Nación – PGN | I60: 60500000 | J60: 60500000 | K60: No | L60: NA | M60: Diana Carolina Molina Carvajal - Tel 6013779877 - dmolina@fbscgr.gov.co
A61: Desarrollo y Emprendimiento | B61: 44 | C61: 85101601 | D61: Prestación de servicios de apoyo a la gestión como auxiliar de enfermería para la institución educativa del Fondo de Bienestar Social de la Contraloría General de la República, sin que exista subordinación laboral y utilizando sus propios medios. | E61: Febrero | F61: 3 | G61: CONTRATACION_DIRECTA | H61: Presupuesto General de la Nación – PGN | I61: 7354000 | J61: 7354000 | K61: No | L61: NA | M61: Diana Carolina Molina Carvajal - Tel 6013779877 - dmolina@fbscgr.gov.co
A62: Desarrollo y Emprendimiento | B62: 45 | C62: 85161500;85161502;85161503;81101706;73152108 | D62: Prestar el servicio técnico especializado a todo costo, para el mantenimiento preventivo y/o correctivo, metrología y calibración de los EQUIPOS BIOMEDICOS para el Programa de Salud Centro Médico del Fondo de Bienestar Social dela Contraloría General de la Republica, para la vigencia 2024. | E62: Marzo | F62: 9 | G62: SUBASTA | H62: Presupuesto General de la Nación – PGN | I62: 56076000 | J62: 56076000 | K62: NA | L62: NA | M62: Diana Carolina Molina Carvajal - Tel 6013779877 - dmolina@fbscgr.gov.co
A63: Desarrollo y Emprendimiento | B63: 46 | C63: 12161500;12161503;12171509;12352104;24101510;24112600;26111700;26111702;30181614;41103206;41104107;41104108;41104112;41104121;41104122;41104213;41111504;41111508;41111509;41113035;41115816;41116000;41116001;41116004;41116005;41116008;41116010;41116014;41116100;41116104;41116105;41116106;41116107;41116108;41116120;41116121;41116122;41116126;41116127;41116129;41116130;41116136;41116138;41116139;41116205;41121502;41121600;41121607;41121700;41121701;41121708;41121711;41121800;41121811;41121816;41122601;41122602;41122605;42142500;42142502;42142515;42142521;42142523;42142531;42142609;42151505;42151600;42151602;42151603;42151604;42151606;42151611;42151613;42151614;42151621;42151624;42151625;42151629;42151635;42151636;42151638;42151639;42151647;42151660;42151661;42151681;42151700;42151703;42151704;42151800;42151805;42151806;42151810;42151900;42151901;42151902;42151905;42151910;42152200;42152400;42152407;42152423;42152428;42152443;42152450;42152453;42152454;42152457;42152465;42152500;42152502;42152504;42152507;42152508;42152512;42152514;42152600;42152601;42152800;42152805;42281704;42281705;42281904;42281914;42292904;42312206;46181804;47121709;47131502;47131700;47131807;52121700;52121701;52121704;72151800;42251600;42251607;42251608;42251618;42251623;47121701;42192210;42211501;42211502;42251608;42251610;42251612;42251618;42251619;42251621;42251623;42251624;31241706;42192107;42182902;41103903 | D63: Compra de INSUMOS, DISPOSITIVOS MEDICOS Y PRODUCTOS FARMACEUTICOS (insumos y reactivos de laboratorio clínico, insumos de odontología, insumos medico quirurgicos, de fisioterapia) para el Programa de Salud Centro Médico del FBS para la vigencia 2024. | E63: Marzo | F63: 1 | G63: SUBASTA | H63: Presupuesto General de la Nación – PGN | I63: 116755000 | J63: 116755000 | K63: NA | L63: NA | M63: Diana Carolina Molina Carvajal - Tel 6013779877 - dmolina@fbscgr.gov.co
A64: Desarrollo y Emprendimiento | B64: 47 | C64: 41116100;41116107;41116122;41116139 | D64: Adquirir los controles de calidad del laboratorio clínico para el Programa de Salud Centro Médico del Fondo de Bienestar Social de la Contraloría General de la República durante la vigencia 2024. | E64: Marzo | F64: 10 | G64: CONTRATACION_MINIMA_CUANTIA | H64: Presupuesto General de la Nación – PGN | I64: 9833000 | J64: 9833000 | K64: N/A | L64: NA | M64: Diana Carolina Molina Carvajal - Tel 6013779877 - dmolina@fbscgr.gov.co
A65: Desarrollo y Emprendimiento | B65: 48 | C65: 81112200;43232300 | D65: Prestar los servicios de outsorcing, soporte y el mantenimiento del Software de salud del Centro Medico del Fondo de Bienestar Social de la Contraloría General de la República | E65: Enero | F65: 11 | G65: CONTRATACION_DIRECTA | H65: Presupuesto General de la Nación – PGN | I65: 55000000 | J65: 55000000 | K65: NA | L65: NA | M65: Diana Carolina Molina Carvajal - Tel 6013779877 - dmolina@fbscgr.gov.co
A66: Desarrollo y Emprendimiento | B66: 49 | C66: 76121900;76121901 | D66: Contratar el servicio para la gestión integral de los residuos hospitalarios y similares generados en el Centro Médico del FBS de la CGR durante la vigencia 2024 | E66: Febrero | F66: 11 | G66: CONTRATACION_MINIMA_CUANTIA | H66: Presupuesto General de la Nación – PGN | I66: 1650000 | J66: 1650000 | K66: N/A | L66: NA | M66: Diana Carolina Molina Carvajal - Tel 6013779877 - dmolina@fbscgr.gov.co
A67: Desarrollo y Emprendimiento | B67: 50 | C67: 93141700 | D67: Prestar el servicio de organización, apoyo logístico y eventos institucionales para el servicio de organización y ejecución de las actividades feria del libro, día del estudiante, día de la familia, festival de inglés, convivencias y ceremonia de grados estudiantes del colegio para hijos de empleados de la Contraloría General de la República. | E67: Marzo | F67: 5 | G67: CONTRATACION_DIRECTA | H67: Presupuesto General de la Nación – PGN | I67: 140000000 | J67: 140000000 | K67: N/A | L67: NA | M67: Diana Carolina Molina Carvajal - Tel 6013779877 - dmolina@fbscgr.gov.co
A68: Desarrollo y Emprendimiento | B68: 51 | C68: 60102000;60141200 | D68: Adquisición de material didactico e insumos para el Colegio para Hijos de Empleados de la CGR | E68: Junio | F68: 1 | G68: CONTRATACION_MINIMA_CUANTIA | H68: Presupuesto General de la Nación – PGN | I68: 29611000 | J68: 29611000 | K68: N/A | L68: NA | M68: Diana Carolina Molina Carvajal - Tel 6013779877 - dmolina@fbscgr.gov.co
A69: Desarrollo y Emprendimiento | B69: 52 | C69: 86132000 | D69: Prestar los servicos de formación pedagogica para los estudiantes de grado 10° y 11° del Colegio para hijos de empleados de la Contraloría General de la República, mediante un programa de fortalecimiento en las competencias académicas en su preparación para presentar las pruebas nacionales Saber 11-. en atención con el Plan de Bienestar | E69: ABRIL | F69: 4 | G69: CONTRATACION_MINIMA_CUANTIA | H69: Presupuesto General de la Nación – PGN | I69: 25438000 | J69: 25438000 | K69: N/A | L69: NA | M69: Diana Carolina Molina Carvajal - Tel 6013779877 - dmolina@fbscgr.gov.co
A70: Desarrollo y Emprendimiento | B70: 53 | C70: 60131600 | D70: Adquisión de instrumentos musicales para el Colegio para hijos de empleados de la CGR | E70: Abril | F70: 1 | G70: CONTRATACION_MINIMA_CUANTIA | H70: Presupuesto General de la Nación – PGN | I70: 35000000 | J70: 35000000 | K70: N/A | L70: NA | M70: Diana Carolina Molina Carvajal - Tel 6013779877 - dmolina@fbscgr.gov.co
A71: Desarrollo y Emprendimiento | B71: 54 | C71: 93141700 | D71: Prestación del servicio para la evaluación anual del proceso de certificación de calidad del modelo de excelencia versión 2024 del Colegio para hijos de Empleados de la Contraloría General de la República. | E71: Junio | F71: 4 | G71: CONTRATACION_DIRECTA | H71: Presupuesto General de la Nación – PGN | I71: 27000000 | J71: 27000000 | K71: N/A | L71: NA | M71: Diana Carolina Molina Carvajal - Tel 6013779877 - dmolina@fbscgr.gov.co
A72: Desarrollo y Emprendimiento | B72: 55 | C72: 90101800;90101700;80131502 | D72: Arrendamiento para prestar el servicio de Catering en el Colegio para hijos de Empleados de la Contraloría General de la República | E72: Febrero | F72: 10 | G72: CONTRATACION_MINIMA_CUANTIA | H72: Otros recursos | I72: 0 | J72: 0 | K72: N/A | L72: NA | M72: Diana Carolina Molina Carvajal - Tel 6013779877 - dmolina@fbscgr.gov.co
A73: Talento Humano | B73: 56 | C73: 861017000;86101705;80111500;80101810 86111604;86132000 | D73: Prestar los servicios para adelantar los procesos de formación y capacitación de los funcionarios del Fondo de Bienestar Social de la Contraloría General de la República, de acuerdo con el Plan Institucional de Capacitación. | E73: Marzo | F73: 9 | G73: SELECCION_ABREVIADA | H73: Presupuesto General de la Nación – PGN | I73: 97340000 | J73: 97340000 | K73: NA | L73: NA | M73: Carmen Teresa Castañeda Villamizar - Tel 6013779877 - ccastañeda@fbscgtr.gov.co
A74: Talento Humano | B74: 57 | C74: 93141506;81141601;90101603;90141502;93141500;80141625 | D74: Prestar el servicio para realizar las actividades del Plan de Bienestar Social, para los funcionarios del Fondo de Bienestar Social de la Contraloría General de la República. | E74: Marzo | F74: 9 | G74: CONTRATACION_DIRECTA | H74: Presupuesto General de la Nación – PGN | I74: 300000000 | J74: 300000000 | K74: NA | L74: NA | M74: Carmen Teresa Castañeda Villamizar - Tel 6013779877 - ccastañeda@fbscgtr.gov.co
A75: Talento Humano | B75: 58 | C75: 55121802;55121806;55121807 | D75: Contratar la elaboración y suministro de carnets, porta carnets y cintas con los colores institucionales junto con el logo para la identificación de los funcionarios que prestan sus servicios en el Fondo de Bienestar Social de la Contraloría General de la República. | E75: Abril | F75: 8 | G75: CONTRATACION_MINIMA_CUANTIA | H75: Presupuesto General de la Nación – PGN | I75: 1000000 | J75: 1000000 | K75: NA | L75: NA | M75: Carmen Teresa Castañeda Villamizar - Tel 6013779877 - ccastañeda@fbscgtr.gov.co
A76: Talento Humano | B76: 59 | C76: 85121608;86111604;86101705 | D76: Aplicación batería de riesgo psicosocial y realización de actividades de intervención para los factores de riesgos evidenciados como riesgo alto y riesgo muy alto | E76: Marzo | F76: 9 | G76: CONTRATACION_MINIMA_CUANTIA | H76: Presupuesto General de la Nación – PGN | I76: 30000000 | J76: 30000000 | K76: NA | L76: NA | M76: Carmen Teresa Castañeda Villamizar - Tel 6013779877 - ccastañeda@fbscgtr.gov.co
A77: Talento Humano | B77: 60 | C77: 46181500;46181600;53102710;46181505;46181804;46181604;46181501;46181533 | D77: Suministrar la dotación, elementos de protección personal para los funcionarios del Fondo de Bienestar Social de la Contraloría General de la República y ropa de seguridad para los brigadistas de la Entidad. | E77: Marzo | F77: 9 | G77: CONTRATACION_MINIMA_CUANTIA | H77: Presupuesto General de la Nación – PGN | I77: 24000000 | J77: 24000000 | K77: NA | L77: NA | M77: Carmen Teresa Castañeda Villamizar - Tel 6013779877 - ccastañeda@fbscgtr.gov.co
A78: Talento Humano | B78: 61 | C78: 85101503;85122201;85121600;85101502;51201600 | D78: Contratar el servicio de exámenes médicos ocupacionales para los empleados del Fondo de Bienestar Social de la CGR (Ingreso, Periódicos, Egreso, Posincapacidad, Cambio de ocupación, Reintegro, Paraclínicos) y Estudios de puesto de trabajo. | E78: Enero | F78: 11 | G78: CONTRATACION_MINIMA_CUANTIA | H78: Presupuesto General de la Nación – PGN | I78: 30000000 | J78: 30000000 | K78: NA | L78: NA | M78: Carmen Teresa Castañeda Villamizar - Tel 6013779877 - ccastañeda@fbscgtr.gov.co
A79: Talento Humano | B79: 62 | C79: 86101705;49101602 | D79: Prestar los servicios de capacitación y logistica necesaria para el desarrollo de actividades de promoción y prevención de seguridad y salud en el trabajo para los funcionarios del Fondo de Bienestar Social de la Contraloría General de la República | E79: Junio | F79: 3 | G79: CONTRATACION_MINIMA_CUANTIA | H79: Presupuesto General de la Nación – PGN | I79: 12000000 | J79: 12000000 | K79: NA | L79: NA | M79: Carmen Teresa Castañeda Villamizar - Tel 6013779877 - ccastañeda@fbscgtr.gov.co
A80: Talento Humano | B80: 63 | C80: 86101810;80111504 | D80: Contratar la prestación de servicios especializados para la implementación de la estrategia para transformar la cultura organizacional y e impulsar la competitividad. | E80: Marzo | F80: 9 | G80: SELECCION_ABREVIADA | H80: Presupuesto General de la Nación – PGN | I80: 50000000 | J80: 50000000 | K80: NA | L80: NA | M80: Carmen Teresa Castañeda Villamizar - Tel 6013779877 - ccastañeda@fbscgtr.gov.co
A81: TICS | B81: 64 | C81: 81112200;43232300 | D81: Prestar los servicios de outsorcing, soporte y mantenimiento del software nómina del Fondo de Bienestar Social de la Contraloría General de la República | E81: Enero | F81: 11 | G81: CONTRATACION_DIRECTA | H81: Presupuesto General de la Nación – PGN | I81: 151681000 | J81: 151681000 | K81: NA | L81: NA | M81: Carmen Teresa Castañeda Villamizar - Tel 6013779877 - ccastañeda@fbscgtr.gov.co
A82: TICS | B82: 65 | C82: 81112200;43232300 | D82: Prestar los servicios de outsorcing, soporte y el mantenimiento del software del portal institucional del Fondo de Bienestar Social de la Contraloría General de la República | E82: Enero | F82: 11 | G82: CONTRATACION_DIRECTA | H82: Presupuesto General de la Nación – PGN | I82: 87843000 | J82: 87843000 | K82: NA | L82: NA | M82: Carmen Teresa Castañeda Villamizar - Tel 6013779877 - ccastañeda@fbscgtr.gov.co
A83: TICS | B83: 66 | C83: 81112200;43232300 | D83: Prestar los servicios de outsorcing, soporte y mantenimiento del software Alfanet | E83: Enero | F83: 11 | G83: CONTRATACION_DIRECTA | H83: Presupuesto General de la Nación – PGN | I83: 209630000 | J83: 209630000 | K83: NA | L83: NA | M83: Carmen Teresa Castañeda Villamizar - Tel 6013779877 - ccastañeda@fbscgtr.gov.co
... A93: TICS | B93: 76 | C93: 43201400;43201500;43201600; 43201900;43202000;43202200; | D93: Adquirir los componentes e insumos para adelantar el mantenimiento de equipos que conforman la plataforma tecnologica del Fondo de Bienestar Social de la Contraloría General de la República | E93: Mayo | F93: 2 | G93: SUBASTA | H93: Presupuesto General de la Nación – PGN | I93: 50000000 | J93: 50000000 | K93: NA | L93: NA | M93: Carmen Teresa Castañeda Villamizar - Tel 6013779877 - ccastañeda@fbscgtr.gov.co
A94: TICS | B94: 77 | C94: 43232100 | D94: Adquirir el licenciamiento del software microsoft Office para los equipos del Fondo de Bienestar Social de la Contraloría General de la República | E94: Junio | F94: 2 | G94: SUBASTA | H94: Presupuesto General de la Nación – PGN | I94: 100000000 | J94: 100000000 | K94: NA | L94: NA | M94: Carmen Teresa Castañeda Villamizar - Tel 6013779877 - ccastañeda@fbscgtr.gov.co
A95: TICS | B95: 78 | C95: 43233000 | D95: Adquirir licencias de sistema operativo para los equipos del Fondo de Bienestar Social de la Contraloría General de la República | E95: Abril | F95: 2 | G95: SELECCION_ABREVIADA | H95: Presupuesto General de la Nación – PGN | I95: 45000000 | J95: 45000000 | K95: NA | L95: NA | M95: Carmen Teresa Castañeda Villamizar - Tel 6013779877 - ccastañeda@fbscgtr.gov.co
A96: TICS | B96: 79 | C96: 43211500 | D96: Adquirir equipos computadores para los funcionarios del Fondo de Bienestar Social de la Contraloría General de la República | E96: junio | F96: 2 | G96: SUBASTA | H96: Presupuesto General de la Nación – PGN | I96: 95000000 | J96: 95000000 | K96: NA | L96: NA | M96: Carmen Teresa Castañeda Villamizar - Tel 6013779877 - ccastañeda@fbscgtr.gov.co
A97: TICS | B97: 80 | C97: 43233200;32101600 | D97: Adquirir firmas digitales con el fin de asegurar la conectividad y registro de información en el sistema SIIF Nación II, CETIL y firma digital persona juridica para facturación electrónica | E97: Marzo | F97: 8 | G97: CONTRATACION_MINIMA_CUANTIA | H97: Presupuesto General de la Nación – PGN | I97: 20000000 | J97: 20000000 | K97: NA | L97: NA | M97: Carmen Teresa Castañeda Villamizar - Tel 6013779877 - ccastañeda@fbscgtr.gov.co
A98: TICS | B98: 81 | C98: 43221700;43222600;43223300 | D98: Adquirir elementos pasivos y activos de red, con el fin de soportar la plataforma del Fondo de Bienestar Social de la Contraloría General de la República | E98: Julio | F98: 2 | G98: SUBASTA | H98: Presupuesto General de la Nación – PGN | I98: 60000000 | J98: 60000000 | K98: NA | L98: NA | M98: Carmen Teresa Castañeda Villamizar - Tel 6013779877 - ccastañeda@fbscgtr.gov.co
A99: TICS | B99: 82 | C99: 52161500;45111900 | D99: Adquirir estaciones de atención al publico con equipos de despliegue de información | E99: Abril | F99: 3 | G99: CONTRATACION_MINIMA_CUANTIA | H99: Presupuesto General de la Nación – PGN | I99: 20000000 | J99: 20000000 | K99: NA | L99: NA | M99: Carmen Teresa Castañeda Villamizar - Tel 6013779877 - ccastañeda@fbscgtr.gov.co
A100: Grupo de asuntos Jurídicos | B100: 83 | C100: 80121700 | D100: Prestar Servicios profesionales como abogado en la defensa judicial del Fondo de Bienestar Social de la Contraloría General de la República. | E100: Febrero | F100: 7 | G100: CONTRATACION_DIRECTA | H100: Presupuesto General de la Nación – PGN | I100: 36974000 | J100: 36974000 | K100: NA | L100: NA | M100: Carmen Teresa Castañeda Villamizar - Tel 6013779877 - ccastañeda@fbscgtr.gov.co
A101: Grupo Gestion Administrativa (RF) | B101: 84 | C101: 84131600 | D101: Contratar la Poliza de vida grupo empleados y/o trabajadores para amparar a los funcionarios de la Contraloría General de la República | E101: Febrero | F101: 12 | G101: LICITACION | H101: Presupuesto General de la Nación – PGN | I101: =1896674000+2000000 -> 1898674000 | J101: =1896674000+2000000 -> 1898674000 | K101: NA | L101: NA | M101: Carmen Teresa Castañeda Villamizar - Tel 6013779877 - ccastañeda@fbscgtr.gov.co
A102: Grupo Gestion Administrativa (RF) | B102: 85 | C102: 76111501;90101700;70111703;47131500;47131600;47131900;50201700;50161500;73152100 | D102: Prestar servicio de aseo integral para las sedes que hacen parte del Fondo de Bienestar Social de La Contraloría General de la República, incluyendo el suministro de los insumos de aseo, para la conservación de la planta física, áreas verdes y áreas complementarias internas y externas. | E102: Enero | F102: 11 | G102: SELECCION_ABREVIADA_ACUERDO_MARCO | H102: Presupuesto General de la Nación – PGN | I102: 200000000 | J102: 202000000 | K102: NA | L102: NA | M102: Carmen Teresa Castañeda Villamizar - Tel 6013779877 - ccastañeda@fbscgtr.gov.co
A103: Grupo Gestion Administrativa (RF) | B103: 86 | C103: 15101506;78181701 | D103: Contratar el Suministro de combustible para el vehículo de propiedad del Fondo de Bienestar Social de la Contraloría General de la República. | E103: Enero | F103: 11 | G103: CONTRATACION_MINIMA_CUANTIA | H103: Presupuesto General de la Nación – PGN | I103: 9000000 | J103: 9000000 | K103: NA | L103: NA | M103: Carmen Teresa Castañeda Villamizar - Tel 6013779877 - ccastañeda@fbscgtr.gov.co
A104: Grupo Gestion Administrativa (RF) | B104: 87 | C104: 52161505;52141501 | D104: Adquisición de televisores y soportes para televisores para la sede del colegio para Hijos de los empleados de la Contraloría General de la República. | E104: Febrero | F104: 2 | G104: CONTRATACION_MINIMA_CUANTIA | H104: Presupuesto General de la Nación – PGN | I104: 36000000 | J104: 36000000 | K104: NA | L104: NA | M104: Carmen Teresa Castañeda Villamizar - Tel 6013779877 - ccastañeda@fbscgtr.gov.co
A105: Grupo Gestion Administrativa (RF) | B105: 88 | C105: 44121900;44121804;31201500;60121300;44121700;44121600;44121706;44122100;44121618;44121800;44121701;14111507;45101603;44121716;44122105 | D105: Compra de elementos de papelería, útiles de oficina y consumibles de impresión para las diferentes sedes del Fondo de Bienestar Social de la Contraloría General de la República | E105: Abril | F105: 2 | G105: CONTRATACION_MINIMA_CUANTIA | H105: Presupuesto General de la Nación – PGN | I105: 36000000 | J105: 36000000 | K105: NA | L105: NA | M105: Carmen Teresa Castañeda Villamizar - Tel 6013779877 - ccastañeda@fbscgtr.gov.co
A106: Grupo Gestion Administrativa (RF) | B106: 89 | C106: 47121800;30162100;40142000 | D106: Compra de equipos y herramientas necesarias para el funcionamiento y apoyo al mantenimiento de las instalaciones a cargo del Fondo de Bienestar Social de la Contraloría General de la República. | E106: marzo | F106: 2 | G106: CONTRATACION_MINIMA_CUANTIA | H106: Presupuesto General de la Nación – PGN | I106: 4100000 | J106: 4100000 | K106: NA | L106: NA | M106: Carmen Teresa Castañeda Villamizar - Tel 6013779877 - ccastañeda@fbscgtr.gov.co
A107: Grupo Gestion Administrativa (RF) | B107: 90 | C107: 72102103;76111600 | D107: Prestar el servicio de fumigación, desinfección sanitaria, control de insectos y roedores, saneamiento ambiental y lavado de tanques de almacenamiento para las diferentes sedes del Fondo de Bienestar Social de la CGR. | E107: Febrero | F107: 10 | G107: CONTRATACION_MINIMA_CUANTIA | H107: Presupuesto General de la Nación – PGN | I107: 5500000 | J107: 5500000 | K107: NA | L107: NA | M107: Carmen Teresa Castañeda Villamizar - Tel 6013779877 - ccastañeda@fbscgtr.gov.co
A108: Grupo Gestion Administrativa (RF) | B108: 91 | C108: 92121500;92121700;32151800;46101500;46151600 | D108: Prestación del servicio de vigilancia y seguridad privada con arma, sin arma y medios tecnológicos para las sedes del Centro Médico y Colegio para Hijos de Empleados de la Contraloría General de la República del Fondo de Bienestar Social de la CGR. | E108: Junio | F108: 12 | G108: LICITACION | H108: Presupuesto General de la Nación – PGN | I108: 480241000 | J108: 116422000 | K108: Sí | L108: No solicitadas | M108: Carmen Teresa Castañeda Villamizar - Tel 6013779877 - ccastañeda@fbscgtr.gov.co
A109: Grupo Gestion Administrativa (RF) | B109: 92 | C109: 95121514 | D109: Contratar el suministro de tiquetes aéreos en rutas nacionales para el desplazamiento de los funcionarios y contratistas del Fondo de Bienestar Social de la Contraloría General de la República. | E109: Febrero | F109: 10 | G109: SUBASTA | H109: Presupuesto General de la Nación – PGN | I109: 50000000 | J109: 50000000 | K109: No | L109: NA | M109: Carmen Teresa Castañeda Villamizar - Tel 6013779877 - ccastañeda@fbscgtr.gov.co
A110: Grupo Gestion Administrativa (RF) | B110: 93 | C110: 78102203 | D110: Prestación de los servicios de mensajería, correo y de correspondencia externa (urbano, periférico y nacional), para la recepción, envío y entrega a los destinatarios de correspondencia, e igualmente el suministro de personal necesario para la adecuada prestación del servicio | E110: Febrero | F110: 11 | G110: CONTRATACION_DIRECTA | H110: Presupuesto General de la Nación – PGN | I110: 2400000 | J110: 2400000 | K110: No | L110: NA | M110: Carmen Teresa Castañeda Villamizar - Tel 6013779877 - ccastañeda@fbscgtr.gov.co
A111: Grupo Gestion Administrativa (RF) | B111: 94 | C111: 46191601 | D111: Contratar la inspección, mantenimiento, recarga, reposición o cambio, prueba de equipos, señalización y reubicación de extintores. | E111: Octubre | F111: 2 | G111: CONTRATACION_MINIMA_CUANTIA | H111: Presupuesto General de la Nación – PGN | I111: 7000000 | J111: 7000000 | K111: No | L111: NA | M111: Carmen Teresa Castañeda Villamizar - Tel 6013779877 - ccastañeda@fbscgtr.gov.co
A112: Grupo Gestion Administrativa (RF) | B112: 95 | C112: 40161500 | D112: Compra de filtros de agua (PP+CTO+UF) para los Dispensadores Premium referencia OT-PRE2022-0501. , de las diferentes sedes del fondo de bienestar social de la CGR | E112: Marzo | F112: 2 | G112: CONTRATACION_MINIMA_CUANTIA | H112: Presupuesto General de la Nación – PGN | I112: 2200000 | J112: 2200000 | K112: No | L112: NA | M112: Carmen Teresa Castañeda Villamizar - Tel 6013779877 - ccastañeda@fbscgtr.gov.co
A113: Grupo Gestion Administrativa (RF) | B113: 96 | C113: 81101500 | D113: Realizar la consultoria de la cubierta para el patio central y del RDI/RCI Sistema contra Incendio del colegio para hijos de los empleados de la CGR, incluye tramites y licencias ante curaduria | E113: Febrero | F113: 4 | G113: CONCURSO_MERITOS | H113: Presupuesto General de la Nación – PGN | I113: 84000000 | J113: 84000000 | K113: No | L113: NA | M113: Carmen Teresa Castañeda Villamizar - Tel 6013779877 - ccastañeda@fbscgtr.gov.co
A114: Grupo Gestion Administrativa (RF) | B114: 97 | C114: 72101500;72102900;72121400;72153200;72151300;72103300 | D114: Contrato de mantenimiento a todo costo incluye mano de obra, equipos y materiales, para la infraestructura Colegio y Centro médico por el año | E114: Marzo | F114: 8 | G114: SELECCION_ABREVIADA | H114: Presupuesto General de la Nación – PGN | I114: 50000000 | J114: 50000000 | K114: No | L114: NA | M114: Carmen Teresa Castañeda Villamizar - Tel 6013779877 - ccastañeda@fbscgtr.gov.co
A115: Grupo Gestion Administrativa (RF) | B115: 98 | C115: 72121500;56101700;72103300;56101500 | D115: Realizar el diseño, suministro y adecuación de infraestructura de diferentes espacios del Colegio para Hijos de Empleados de la CGR | E115: Marzo | F115: 3 | G115: SELECCION_ABREVIADA | H115: Presupuesto General de la Nación – PGN | I115: 340000000 | J115: 340000000 | K115: No | L115: NA | M115: Carmen Teresa Castañeda Villamizar - Tel 6013779877 - ccastañeda@fbscgtr.gov.co
A116: Grupo Gestion Administrativa (RF) | B116: 100 | C116: 44121701;44112001;44112004;44121507;44122003;82101505;82100000;82101500;27112309;53121603;53121602;53121701;52152103;48101919;49101602;49221510 | D116: Elaboración y suministro de material institucional para el Fondo de Bienestar Social de la CGR | E116: Marzo | F116: 9 | G116: CONTRATACION_MINIMA_CUANTIA | H116: Presupuesto General de la Nación – PGN | I116: 30000000 | J116: 30000000 | K116: No | L116: NA | M116: Carmen Teresa Castañeda Villamizar - Tel 6013779877 - ccastañeda@fbscgtr.gov.co
B117: 101
I118: =SUM(I18:I116) -> 9645693000 | J118: =SUM(J18:J116) -> 9283874000 | K118: =+I118-J118 -> 361819000
C119: C. NECESIDADES ADICIONALES
C120: Descripción | D120: Posibles códigos UNSPSC | E120: Datos de contacto del responsable
C121: Contratar el servicio para administrar el proceso de emisión, custodia y administración de Pagarés desmaterializados, para los créditos del Fondo de Bienestar Social de la Contraloría General de la República | D121: 56121505;86141702;81101701;43232505;43211500;43211501;43211507;43211600;43211608;43231512;72151900;72101500;72121400;5610700;56101900;56101500;72154000;72151600;72141100. | E121: Ubicación: Distrito Capital de Bogotá - Bogotá Nombre del responsable: DIANA MOLINA CARVAJAL Teléfono: 3532760 Correo: fondobienestar@fbscgr.gov.co
C122: Prestar el servicio de organización y ejecución del Plan de Bienestar de la Contraloría General de la República 2024 (Día de la secretaria, día del conductor, vacaciones recreativas, día de la familia primera y segundo semestre, caminatas ecológicas y protocolo programa incentivos CGR, programa prejubilados, programa tejiendo redes, dia dulce, novena de navidad, integración niños, integración funcionarios Nivel Central, Juegos Internos del Nivel Central, actividades culturales y de recreación) | D122: 90151800; 90151600; 9015170; 80141900; 90151500; 93141506; 81141601; 90101603; 84121803; 80141700; 90141502; 90111600; 93141701; 93141500; 80141625; 93141700; 90151700; 90151600; 90141502; 90151500; 90141600; 90141500; 93141701; 93141506; 93141500 | E122: Ubicación: Distrito Capital de Bogotá - Bogotá Nombre del responsable: DIANA MOLINA CARVAJAL Teléfono: 3532760 Correo: fondobienestar@fbscgr.gov.co
C123: Contratar el servicio para administrar el proceso de emisión, custodia y administración de Pagarés desmaterializados, para los créditos del Fondo de Bienestar Social de la Contraloría General de la República | D123: 84121806 | E123: Ubicación: Distrito Capital de Bogotá - Bogotá Nombre del responsable: DIANA MOLINA CARVAJAL Teléfono: 3532760 Correo: fondobienestar@fbscgr.gov.co

Sheet Adquisicion 
C2: PLAN ANUAL DE ADQUISICIONES
C4: A. INFORMACIÓN GENERAL DE LA ENTIDAD
C5: Nombre | D5: FONDO DE BIENESTAR SOCIAL DE LA CONTRALORIA GENERAL DE LA REPUBLICA | G5: El principal objetivo del Plan Anual de Adquisiciones es permitir que la entidad estatal aumente la probabilidad de lograr mejores condiciones de competencia a través de la participación de un mayor número de operadores económicos interesados en los procesos de selección que se van a adelantar durante el año fiscal, y que el Estado cuente con información suficiente para realizar compras coordinadas.
C6: Dirección | D6: CARRERA 69 No.44-35 piso 4
C7: Teléfono
C8: Página web
C9: Misión y visión | D9: MISION: Ofrecer servicios de bienestar con oportunidad, por medio de programas que mejoren la calidad de vida de nuestros usuarios y sus familias. VISION: Posicionarnos en el 2026 como gestores de bienestar mediante la transformación, agilidad oportunidad y mejora en la prestación de los servicios, soportados en un talento humano dispuesto al cambio.
C10: Perspectiva estratégica | D10: Durante el cuatrienio 2022-2026 el Fondo de Bienestar Social de la Contraloría General de la República desarrollará cuatro objetivos: Mejorar la satisfacción de los usuarios mediante la prestación efectiva de los servicios de bienestar, respondiendo a sus necesidades y expectativas de calidad y oportunidad. Alcanzar en el 2026 el 90% de avance en la implementación de la política TICs del Estado de manera que los resultados se reflejen en la gestión interna, así como en la entrega de servicios digitales a usuarios y grupos de interés. Alcanzar en el 2026 el 90% de avance en la implementación de la política TICs del Estado de manera que los resultados se reflejen en la gestión interna, así como en la entrega de servicios digitales a usuarios y grupos de interés. Fortalecer la gestión del Talento Humano para que responda a los retos del contexto institucional, a partir del desarrollo integral de habilidades, reducción de brechas en competencias laborales y adaptación permanente al cambio. Aumentar el desempeño institucional por medio de la implementación del proceso de reorganización administrativa, gestión, seguimiento y control permanentes de los recursos financieros y mejora de la infraestructura física. Para alcanzar estos objetivos fueron programadas once estrategias y veinticinco productos estratégicos.
C11: Información de contacto | D11: CARMEN TERESA CASTAÑEDA VILLAMIZAR | G11: El Plan Anual de Adquisiciones es un documento de naturaleza informativa y las adquisiciones incluidas en el mismo pueden ser canceladas, revisadas o modificadas. Esta información no representa compromiso u obligación alguna por parte de la entidad estatal ni la compromete a adquirir los bienes, obras y servicios en él señalados.
C12: Valor total del PAA | D12: =+#REF! -> #REF!
C13: Límite de contratación menor cuantía | D13: 364000000
C14: Límite de contratación mínima cuantía | D14: 36400000
C15: Fecha de última actualización del PAA | D15: /01/2024
A17: Grupo /Area | B17: item | C17: Códigos UNSPSC | D17: Descripción | E17: Fecha estimada de inicio de proceso de selección (mes) | F17: Duración estimada del contrato (número de mes(es)) | G17: Modalidad de selección | H17: Fuente de los recursos | I17: Valor total estimado | J17: Valor estimado en la vigencia actual | K17: ¿Se requieren vigencias futuras? | L17: Estado de solicitud de vigencias futuras | M17: Datos de contacto del responsable
A18: Talento Humano | C18: 861017000;86101705;80111500;80101810 86111604, 86132000 | D18: Prestar los servicios para adelantar los procesos de formación y capacitación de los funcionarios del Fondo de Bienestar Social de la Contraloría General de la República, de acuerdo con el Plan Institucional de Capacitación. | E18: Marzo | F18: 9 | G18: SELECCION_ABREVIADA | H18: Presupuesto General de la Nación – PGN | I18: 97340000 | J18: =120000000-22660000 -> 97340000 | K18: NA | L18: NA | M18: Carmen Teresa Castañeda Villamizar - Tel 6013779877 - ccastañeda@fbscgtr.gov.co | N18: =IF(J18=I18,"","Ajustar")
A19: Talento Humano | C19: 93141506, 81141601, 90101603, 90141502, 93141500, 80141625 | D19: Prestar el servicio para realizar las actividades del Plan de Bienestar Social, para los funcionarios del Fondo de Bienestar Social de la Contraloría General de la República. | E19: Marzo | F19: 9 | G19: CONTRATACION_DIRECTA | H19: Presupuesto General de la Nación – PGN | I19: 300000000 | J19: 300000000 | K19: NA | L19: NA | M19: Carmen Teresa Castañeda Villamizar - Tel 6013779877 - ccastañeda@fbscgtr.gov.co | N19: =IF(J19=I19,"","Ajustar")
A20: Talento Humano | C20: 55121802;55121806;55121807 | D20: Contratar la elaboración y suministro de carnets, porta carnets y cintas con los colores institucionales junto con el logo para la identificación de los funcionarios que prestan sus servicios en el Fondo de Bienestar Social de la Contraloría General de la República. | E20: Abril | F20: 8 | G20: CONTRATACION_MINIMA_CUANTIA | H20: Presupuesto General de la Nación – PGN | I20: 1000000 | J20: 1000000 | K20: NA | L20: NA | M20: Carmen Teresa Castañeda Villamizar - Tel 6013779877 - ccastañeda@fbscgtr.gov.co | N20: =IF(J20=I20,"","Ajustar")
A21: Talento Humano | C21: 85121608; 86111604; 86101705 | D21: Aplicación batería de riesgo psicosocial y realización de actividades de intervención para los factores de riesgos evidenciados como riesgo alto y riesgo muy alto | E21: Marzo | F21: 9 | G21: CONTRATACION_MINIMA_CUANTIA | H21: Presupuesto General de la Nación – PGN | I21: 30000000 | J21: 30000000 | K21: NA | L21: NA | M21: Carmen Teresa Castañeda Villamizar - Tel 6013779877 - ccastañeda@fbscgtr.gov.co | N21: =IF(J21=I21,"","Ajustar")
A22: Talento Humano | C22: 46181500; 46181600; 53102710; 46181505; 46181804; 46181604; 46181501; 46181533 | D22: Suministrar la dotación, elementos de protección personal para los funcionarios del Fondo de Bienestar Social de la Contraloría General de la República y ropa de seguridad para los brigadistas de la Entidad. | E22: Marzo | F22: 9 | G22: CONTRATACION_MINIMA_CUANTIA | H22: Presupuesto General de la Nación – PGN | I22: 20000000 | J22: 20000000 | K22: NA | L22: NA | M22: Carmen Teresa Castañeda Villamizar - Tel 6013779877 - ccastañeda@fbscgtr.gov.co | N22: =IF(J22=I22,"","Ajustar")
A23: Talento Humano | C23: 85101503; 85122201, 85121600, 85101502, 51201600 | D23: Contratar el servicio de exámenes médicos ocupacionales para los empleados del Fondo de Bienestar Social de la CGR (Ingreso, Periódicos, Egreso, Posincapacidad, Cambio de ocupación, Reintegro, Paraclínicos) y Estudios de puesto de trabajo. | E23: Enero | F23: 11 | G23: CONTRATACION_MINIMA_CUANTIA | H23: Presupuesto General de la Nación – PGN | I23: 30000000 | J23: 30000000 | K23: NA | L23: NA | M23: Carmen Teresa Castañeda Villamizar - Tel 6013779877 - ccastañeda@fbscgtr.gov.co | N23: =IF(J23=I23,"","Ajustar")
A24: Talento Humano | C24: 86101705; 49101602 | D24: Prestar los servicios de capacitación y logistica necesaria para el desarrollo de actividades de promoción y prevención de seguridad y salud en el trabajo para los funcionarios del Fondo de Bienestar Social de la Contraloría General de la República | E24: Junio | F24: 3 | G24: CONTRATACION_MINIMA_CUANTIA | H24: Presupuesto General de la Nación – PGN | I24: 12000000 | J24: 12000000 | K24: NA | L24: NA | M24: Carmen Teresa Castañeda Villamizar - Tel 6013779877 - ccastañeda@fbscgtr.gov.co | N24: =IF(J24=I24,"","Ajustar")
A25: Talento Humano | C25: 86101810; 80111504 | D25: Contratar la prestación de servicios especializados para la implementación de la estrategia para transformar la cultura organizacional y e impulsar la competitividad. | E25: Marzo | F25: 9 | G25: SELECCION_ABREVIADA | H25: Presupuesto General de la Nación – PGN | I25: 50000000 | J25: 50000000 | K25: NA | L25: NA | M25: Carmen Teresa Castañeda Villamizar - Tel 6013779877 - ccastañeda@fbscgtr.gov.co | N25: =IF(J25=I25,"","Ajustar")
C26: TALENTO HUMANO | J26: =SUM(J18:J25) -> 540340000
A27: TICS | C27: 81112200; 43232300 | D27: Prestar los servicios de outsorcing, soporte y mantenimiento del software nómina del Fondo de Bienestar Social de la Contraloría General de la República | E27: Enero | F27: 11 | G27: CONTRATACION_DIRECTA | H27: Presupuesto General de la Nación – PGN | I27: 151681000 | J27: 151681000 | K27: NA | L27: NA | M27: Carmen Teresa Castañeda Villamizar - Tel 6013779877 - ccastañeda@fbscgtr.gov.co | N27: =IF(J27=I27,"","Ajustar")
A28: TICS | C28: 81112200; 43232300 | D28: Prestar los servicios de outsorcing, soporte y el mantenimiento del software del portal institucional del Fondo de Bienestar Social de la Contraloría General de la República | E28: Enero | F28: 11 | G28: CONTRATACION_DIRECTA | H28: Presupuesto General de la Nación – PGN | I28: 87843000 | J28: 87843000 | K28: NA | L28: NA | M28: Carmen Teresa Castañeda Villamizar - Tel 6013779877 - ccastañeda@fbscgtr.gov.co | N28: =IF(J28=I28,"","Ajustar")
A29: TICS | C29: 81112200; 43232300 | D29: Prestar los servicios de outsorcing, soporte y mantenimiento del software Alfanet | E29: Enero | F29: 11 | G29: CONTRATACION_DIRECTA | H29: Presupuesto General de la Nación – PGN | I29: 209630000 | J29: 209630000 | K29: NA | L29: NA | M29: Carmen Teresa Castañeda Villamizar - Tel 6013779877 - ccastañeda@fbscgtr.gov.co | N29: =IF(J29=I29,"","Ajustar")
A30: TICS | C30: 81112200; 43232300 | D30: Prestar los servicios de outsorcing, soporte, parametrizaciones y el mantenimiento del software crédito, cartera, juridica, inventarios y cesantías | E30: Febrero | F30: 10 | G30: CONTRATACION_DIRECTA | H30: Presupuesto General de la Nación – PGN | I30: 340000000 | J30: 340000000 | K30: NA | L30: NA | M30: Carmen Teresa Castañeda Villamizar - Tel 6013779877 - ccastañeda@fbscgtr.gov.co | N30: =IF(J30=I30,"","Ajustar")
A31: TICS | C31: 81112200; 43232300 | D31: Prestar los servicios de outsourcing del aplicativo software "School Pack" para el Colegio de Hijos de Empleados de la Contraloría General de la Republica | E31: Enero | F31: 11 | G31: CONTRATACION_DIRECTA | H31: Presupuesto General de la Nación – PGN | I31: 48200000 | J31: 48200000 | K31: NA | L31: NA | M31: Carmen Teresa Castañeda Villamizar - Tel 6013779877 - ccastañeda@fbscgtr.gov.co | N31: =IF(J31=I31,"","Ajustar")
A32: TICS | C32: 81112200; 43232300 | D32: Prestar los servicios de renovación de los servicios de soporte y actualización de la solución de seguridad y administración para estaciones cliente, pcsecure® -pcadmin | E32: Febrero | F32: 10 | G32: CONTRATACION_DIRECTA | H32: Presupuesto General de la Nación – PGN | I32: 10000000 | J32: 10000000 | K32: NA | L32: NA | M32: Carmen Teresa Castañeda Villamizar - Tel 6013779877 - ccastañeda@fbscgtr.gov.co | N32: =IF(J32=I32,"","Ajustar")
A33: TICS | C33: 81112200; 43232300 | D33: Prestar los servicios de renovación del licenciamiento del software CLOUDKEY | E33: Julio | F33: 5 | G33: CONTRATACION_MINIMA_CUANTIA | H33: Presupuesto General de la Nación – PGN | I33: 32000000 | J33: 32000000 | K33: NA | L33: NA | M33: Carmen Teresa Castañeda Villamizar - Tel 6013779877 - ccastañeda@fbscgtr.gov.co | N33: =IF(J33=I33,"","Ajustar")
A34: TICS | C34: 81112200; 43232300 | D34: Prestar servicios para renovar el licenciamiento de la solución HARMONY de seguridad del correo electrónico y colaboración en la nube | E34: Julio | F34: 3 | G34: SELECCION_ABREVIADA | H34: Presupuesto General de la Nación – PGN | I34: 68000000 | J34: 68000000 | K34: NA | L34: NA | M34: Carmen Teresa Castañeda Villamizar - Tel 6013779877 - ccastañeda@fbscgtr.gov.co | N34: =IF(J34=I34,"","Ajustar")
A35: TICS | C35: 81112200; 43232300 | D35: Adquirir el licenciamiento del software antivirus para el Fondo de Bienestar Social de la Contraloría General de la República | E35: Julio | F35: 3 | G35: CONTRATACION_MINIMA_CUANTIA | H35: Presupuesto General de la Nación – PGN | I35: 27000000 | J35: 27000000 | K35: NA | L35: NA | M35: Carmen Teresa Castañeda Villamizar - Tel 6013779877 - ccastañeda@fbscgtr.gov.co | N35: =IF(J35=I35,"","Ajustar")
A36: TICS | C36: 81112200; 43232300 | D36: Prestar los servicios con el fin de adelantar la renovación del licenciamiento de la solución QUAMTUN de Firewall instalada en el Fondo de Bienestar Social de la CGR | E36: Agosto | F36: 3 | G36: SELECCION_ABREVIADA | H36: Presupuesto General de la Nación – PGN | I36: 64000000 | J36: =70000000-6000000 -> 64000000 | K36: NA | L36: NA | M36: Carmen Teresa Castañeda Villamizar - Tel 6013779877 - ccastañeda@fbscgtr.gov.co | N36: =IF(J36=I36,"","Ajustar")
A37: TICS | C37: 81112200; 43232300 | D37: Prestar los de servicios para realizar la renovación del licenciamiento del software Vmware de la entidad | E37: Agosto | F37: 3 | G37: CONTRATACION_MINIMA_CUANTIA | H37: Presupuesto General de la Nación – PGN | I37: 24000000 | J37: 24000000 | K37: NA | L37: NA | M37: Carmen Teresa Castañeda Villamizar - Tel 6013779877 - ccastañeda@fbscgtr.gov.co | N37: =IF(J37=I37,"","Ajustar")
A38: TICS | C38: 81112200; 43232300 | D38: Realizar la renovación del licenciamiento enterprise del correo electrónico del Fondo de Bienestar Social de la Contraloría General de la República | E38: Septiembre | F38: 3 | G38: SUBASTA | H38: Presupuesto General de la Nación – PGN | I38: 313000000 | J38: =320000000-7000000 -> 313000000 | K38: NA | L38: NA | M38: Carmen Teresa Castañeda Villamizar - Tel 6013779877 - ccastañeda@fbscgtr.gov.co | N38: =IF(J38=I38,"","Ajustar")
A39: TICS | C39: 43201400;43201500; 43201600; 43201900;43202000; 43202200; | D39: Adquirir los componentes e insumos para adelantar el mantenimiento de equipos que conforman la plataforma tecnologica del Fondo de Bienestar Social de la Contraloría General de la República | E39: Mayo | F39: 2 | G39: SUBASTA | H39: Presupuesto General de la Nación – PGN | I39: 50000000 | J39: 50000000 | K39: NA | L39: NA | M39: Carmen Teresa Castañeda Villamizar - Tel 6013779877 - ccastañeda@fbscgtr.gov.co | N39: =IF(J39=I39,"","Ajustar")
A40: TICS | C40: 43232100 | D40: Adquirir el licenciamiento del software microsoft Office para los equipos del Fondo de Bienestar Social de la Contraloría General de la República | E40: Junio | F40: 2 | G40: SUBASTA | H40: Presupuesto General de la Nación – PGN | I40: 100000000 | J40: 100000000 | K40: NA | L40: NA | M40: Carmen Teresa Castañeda Villamizar - Tel 6013779877 - ccastañeda@fbscgtr.gov.co | N40: =IF(J40=I40,"","Ajustar")
A41: TICS | C41: 43233000 | D41: Adquirir licencias de sistema operativo para los equipos del Fondo de Bienestar Social de la Contraloría General de la República | E41: Abril | F41: 2 | G41: SELECCION_ABREVIADA | H41: Presupuesto General de la Nación – PGN | I41: 45000000 | J41: 45000000 | K41: NA | L41: NA | M41: Carmen Teresa Castañeda Villamizar - Tel 6013779877 - ccastañeda@fbscgtr.gov.co | N41: =IF(J41=I41,"","Ajustar")
A42: TICS | C42: 43211500 | D42: Adquirir equipos computadores para los funcionarios del Fondo de Bienestar Social de la Contraloría General de la República | E42: junio | F42: 2 | G42: SUBASTA | H42: Presupuesto General de la Nación – PGN | I42: 95000000 | J42: 95000000 | K42: NA | L42: NA | M42: Carmen Teresa Castañeda Villamizar - Tel 6013779877 - ccastañeda@fbscgtr.gov.co | N42: =IF(J42=I42,"","Ajustar")
A43: TICS | C43: 43233200;32101600 | D43: Adquirir firmas digitales con el fin de asegurar la conectividad y registro de información en el sistema SIIF Nación II, CETIL y firma digital persona juridica para facturación electrónica | E43: Marzo | F43: 8 | G43: CONTRATACION_MINIMA_CUANTIA | H43: Presupuesto General de la Nación – PGN | I43: 20000000 | J43: 20000000 | K43: NA | L43: NA | M43: Carmen Teresa Castañeda Villamizar - Tel 6013779877 - ccastañeda@fbscgtr.gov.co | N43: =IF(J43=I43,"","Ajustar")
A44: TICS | C44: 43221700, 43222600, 43223300 | D44: Adquirir elementos pasivos y activos de red, con el fin de soportar la plataforma del Fondo de Bienestar Social de la Contraloría General de la República | E44: Julio | F44: 2 | G44: SUBASTA | H44: Presupuesto General de la Nación – PGN | I44: 60000000 | J44: 60000000 | K44: NA | L44: NA | M44: Carmen Teresa Castañeda Villamizar - Tel 6013779877 - ccastañeda@fbscgtr.gov.co | N44: =IF(J44=I44,"","Ajustar")
A45: TICS | C45: 52161500;45111900 | D45: Adquirir estaciones de atención al publico con equipos de despliegue de información | E45: Abril | F45: 3 | G45: CONTRATACION_MINIMA_CUANTIA | H45: Presupuesto General de la Nación – PGN | I45: 20000000 | J45: 20000000 | K45: NA | L45: NA | M45: Carmen Teresa Castañeda Villamizar - Tel 6013779877 - ccastañeda@fbscgtr.gov.co | N45: =IF(J45=I45,"","Ajustar")
C46: TICS | J46: =SUM(J27:J45) -> 1765354000
A47: Grupo Asuntos Jurídicos | C47: 80121700 | D47: Prestar Servicios profesionales como abogado en la defensa judicial del Fondo de Bienestar Social de la Contraloría General de la República. | E47: Febrero | F47: 7 | G47: CONTRATACION_DIRECTA | H47: Presupuesto General de la Nación – PGN | I47: =5282000*7 -> 36974000 | J47: =5282000*7 -> 36974000 | K47: NA | L47: NA | M47: Carmen Teresa Castañeda Villamizar - Tel 6013779877 - ccastañeda@fbscgtr.gov.co | N47: =IF(J47=I47,"","Ajustar")
C48: JURÍDICA | J48: =+J47 -> 36974000
A49: Grupo Gestion Administrativa (RF) | C49: 84131600 | D49: Contratar la Poliza de vida grupo empleados y/o trabajadores para amparar a los funcionarios de la Contraloría General de la República | E49: Febrero | F49: 12 | G49: LICITACION | H49: Presupuesto General de la Nación – PGN | I49: =1896674000+2000000 -> 1898674000 | J49: =1896674000+2000000 -> 1898674000 | K49: NA | L49: NA | M49: Carmen Teresa Castañeda Villamizar - Tel 6013779877 - ccastañeda@fbscgtr.gov.co | N49: =IF(J49=I49,"","Ajustar")
C50: PÓLIZA | J50: =+J49 -> 1898674000
A51: Grupo Gestion Administrativa (RF) | C51: 76111501;90101700;70111703;47131500;47131600;47131900;50201700;50161500;73152100 | D51: Prestar servicio de aseo integral para las sedes que hacen parte del Fondo de Bienestar Social de La Contraloría General de la República, incluyendo el suministro de los insumos de aseo, para la conservación de la planta física, áreas verdes y áreas complementarias internas y externas. | E51: Enero | F51: 11 | G51: SELECCION_ABREVIADA_ACUERDO_MARCO | H51: Presupuesto General de la Nación – PGN | I51: 200000000 | J51: 200000000 | K51: NA | L51: NA | M51: Carmen Teresa Castañeda Villamizar - Tel 6013779877 - ccastañeda@fbscgtr.gov.co | N51: =IF(J51=I51,"","Ajustar")
A52: Grupo Gestion Administrativa (RF) | C52: 15101506, 78181701 | D52: Contratar el Suministro de combustible para el vehículo de propiedad del Fondo de Bienestar Social de la Contraloría General de la República. | E52: Enero | F52: 11 | G52: CONTRATACION_MINIMA_CUANTIA | H52: Presupuesto General de la Nación – PGN | I52: 9000000 | J52: 9000000 | K52: NA | L52: NA | M52: Carmen Teresa Castañeda Villamizar - Tel 6013779877 - ccastañeda@fbscgtr.gov.co | N52: =IF(J52=I52,"","Ajustar")
A53: Grupo Gestion Administrativa (RF) | C53: 52161505;52141501 | D53: Adquisición de televisores y soportes para televisores para la sede del colegio para Hijos de los empleados de la Contraloría General de la República. | E53: Febrero | F53: 2 | G53: CONTRATACION_MINIMA_CUANTIA | H53: Presupuesto General de la Nación – PGN | I53: 36000000 | J53: 36000000 | K53: NA | L53: NA | M53: Carmen Teresa Castañeda Villamizar - Tel 6013779877 - ccastañeda@fbscgtr.gov.co | N53: =IF(J53=I53,"","Ajustar")
A54: Grupo Gestion Administrativa (RF) | C54: 44121900;44121804;31201500;60121300;44121700;44121600;44121706;44122100;44121618;44121800;44121701;14111507;45101603;44121716;44122105 | D54: Compra de elementos de papelería, útiles de oficina y consumibles de impresión para las diferentes sedes del Fondo de Bienestar Social de la Contraloría General de la República | E54: Abril | F54: 2 | G54: CONTRATACION_MINIMA_CUANTIA | H54: Presupuesto General de la Nación – PGN | I54: 36000000 | J54: 36000000 | K54: NA | L54: NA | M54: Carmen Teresa Castañeda Villamizar - Tel 6013779877 - ccastañeda@fbscgtr.gov.co | N54: =IF(J54=I54,"","Ajustar")
A55: Grupo Gestion Administrativa (RF) | C55: 39121000 ;47121800;30162100 | D55: Compra de equipo y herramienta necesario para el funcionamiento y apoyo al mantenimiento de las instalaciones a cargo del FBSCGR,(trasformador y/o elevador de voltaje 110 a 220 30000 ampe, hidro lavadora, 3.55mt , Escalera de 12 Pasos). | E55: Febrero | F55: 2 | G55: CONTRATACION_MINIMA_CUANTIA | H55: Presupuesto General de la Nación – PGN | I55: 4100000 | J55: 4100000 | K55: NA | L55: NA | M55: Carmen Teresa Castañeda Villamizar - Tel 6013779877 - ccastañeda@fbscgtr.gov.co | N55: =IF(J55=I55,"","Ajustar")
A56: Grupo Gestion Administrativa (RF) | C56: 72102103;76111600 | D56: Prestar el servicio de fumigación, desinfección sanitaria, control de insectos y roedores, saneamiento ambiental y lavado de tanques de almacenamiento para las diferentes sedes del Fondo de Bienestar Social de la CGR. | E56: Febrero | F56: 10 | G56: CONTRATACION_MINIMA_CUANTIA | H56: Presupuesto General de la Nación – PGN | I56: 5500000 | J56: 5500000 | K56: NA | L56: NA | M56: Carmen Teresa Castañeda Villamizar - Tel 6013779877 - ccastañeda@fbscgtr.gov.co | N56: =IF(J56=I56,"","Ajustar")
A57: Grupo Gestion Administrativa (RF) | C57: 92121500;92121700;32151800;46101500;46151600 | D57: Prestación del servicio de vigilancia y seguridad privada con arma, sin arma y medios tecnológicos para las sedes del Centro Médico y Colegio para Hijos de Empleados de la Contraloría General de la República del Fondo de Bienestar Social de la CGR. | E57: Junio | F57: 12 | G57: LICITACION | H57: Presupuesto General de la Nación – PGN | I57: 480241000 | J57: 116422000 | K57: Sí | L57: No solicitadas | M57: Carmen Teresa Castañeda Villamizar - Tel 6013779877 - ccastañeda@fbscgtr.gov.co
A58: Grupo Gestion Administrativa (RF) | C58: 95121514 | D58: Contratar el suministro de tiquetes aéreos en rutas nacionales para el desplazamiento de los funcionarios y contratistas del Fondo de Bienestar Social de la Contraloría General de la República. | E58: Febrero | F58: 10 | G58: SELECCION_ABREVIADA | H58: Presupuesto General de la Nación – PGN | I58: 50000000 | J58: 50000000 | K58: No | L58: NA | M58: Carmen Teresa Castañeda Villamizar - Tel 6013779877 - ccastañeda@fbscgtr.gov.co | N58: =IF(J58=I58,"","Ajustar")
A59: Grupo Gestion Administrativa (RF) | C59: 78102203 | D59: Prestación de los servicios de mensajería, correo y de correspondencia externa (urbano, periférico y nacional), para la recepción, envío y entrega a los destinatarios de correspondencia, e igualmente el suministro de personal necesario para la adecuada prestación del servicio | E59: Febrero | F59: 11 | G59: CONTRATACION_DIRECTA | H59: Presupuesto General de la Nación – PGN | I59: 2400000 | J59: 2400000 | K59: No | L59: NA | M59: Carmen Teresa Castañeda Villamizar - Tel 6013779877 - ccastañeda@fbscgtr.gov.co | N59: =IF(J59=I59,"","Ajustar")
A60: Grupo Gestion Administrativa (RF) | C60: 46191601 | D60: Contratar la inspección, mantenimiento, recarga, reposición o cambio, prueba de equipos, señalización y reubicación de extintores. | E60: Octubre | F60: 2 | G60: CONTRATACION_MINIMA_CUANTIA | H60: Presupuesto General de la Nación – PGN | I60: 7000000 | J60: 7000000 | K60: No | L60: NA | M60: Carmen Teresa Castañeda Villamizar - Tel 6013779877 - ccastañeda@fbscgtr.gov.co | N60: =IF(J60=I60,"","Ajustar")
A61: Grupo Gestion Administrativa (RF) | C61: 46161500 | D61: Compra de filtros de agua (PP+CTO+UF) para los Dispensadores Premium referencia OT-PRE2022-0501. , de las diferentes sedes del fondo de bienestar social de la CGR | E61: Marzo | F61: 2 | G61: CONTRATACION_DIRECTA | H61: Presupuesto General de la Nación – PGN | I61: 2200000 | J61: 2200000 | K61: No | L61: NA | M61: Carmen Teresa Castañeda Villamizar - Tel 6013779877 - ccastañeda@fbscgtr.gov.co | N61: =IF(J61=I61,"","Ajustar")
A62: Grupo Gestion Administrativa (RF) | C62: 81101500 | D62: Realizar la consultoria de la cubierta para el patio central y del RDI/RCI Sistema contra Incendio del colegio para hijos de los empleados de la CGR, incluye tramites y licencias ante curaduria | E62: Febrero | F62: 4 | G62: CONCURSO_MERITOS | H62: Presupuesto General de la Nación – PGN | I62: =60000000+24000000 -> 84000000 | J62: =60000000+24000000 -> 84000000 | K62: No | L62: NA | M62: Carmen Teresa Castañeda Villamizar - Tel 6013779877 - ccastañeda@fbscgtr.gov.co | N62: =IF(J62=I62,"","Ajustar")
A63: Grupo Gestion Administrativa (RF) | C63: 49171500; 72153100; 49201500; 95122300 | D63: Contrato de mantenimiento a todo costo incluye mano de obra, equipos y materiales, para la infraestructura Colegio y Centro médico por el año | E63: Febrero | F63: 9 | G63: SELECCION_ABREVIADA | H63: Presupuesto General de la Nación – PGN | I63: 50000000 | J63: 50000000 | K63: No | L63: NA | M63: Carmen Teresa Castañeda Villamizar - Tel 6013779877 - ccastañeda@fbscgtr.gov.co | N63: =IF(J63=I63,"","Ajustar")
A64: Grupo Gestion Administrativa (RF) | C64: 72121500, 56101700, 72103300, 56101500 | D64: Realizar el diseño, suministro y adecuación de infraestructura de diferentes espacios del Colegio para Hijos de Empleados de la CGR | E64: Marzo | F64: 3 | G64: SELECCION_ABREVIADA | H64: Presupuesto General de la Nación – PGN | I64: =130000000+50000000+160000000 -> 340000000 | J64: =130000000+50000000+160000000 -> 340000000 | K64: No | L64: NA | M64: Carmen Teresa Castañeda Villamizar - Tel 6013779877 - ccastañeda@fbscgtr.gov.co | N64: =IF(J64=I64,"","Ajustar")
A65: Grupo Gestion Administrativa (RF) | C65: 81161700;72103300;8111800 | D65: Adecuacion y suministro de la plataforma de transmisión de datos del colegio de la CGR | E65: Marzo | F65: 3 | G65: SELECCION_ABREVIADA | H65: Presupuesto General de la Nación – PGN | I65: =280000000-I47 -> 243026000 | J65: =280000000-J47 -> 243026000 | K65: NO | L65: NA | M65: Carmen Teresa Castañeda Villamizar - Tel 6013779877 - ccastañeda@fbscgtr.gov.co | N65: =IF(J65=I65,"","Ajustar")
A66: Grupo Gestion Administrativa (RF) | C66: 44121701;44112001;44112004;44121507;44122003;82101505;82100000;82101500;27112309;53121603;53121602;53121701;52152103;48101919;49101602;49221510 | D66: Elaboración y suministro de material institucional para el Fondo de Bienestar Social de la CGR | E66: Febrero | F66: 11 | G66: CONTRATACION_MINIMA_CUANTIA | H66: Presupuesto General de la Nación – PGN | I66: 15000000 | J66: 15000000 | K66: No | L66: NA | M66: Carmen Teresa Castañeda Villamizar - Tel 6013779877 - ccastañeda@fbscgtr.gov.co | N66: =IF(J66=I66,"","Ajustar")
C67: MANTENIMIENTO - RECURSOS FÍSICOS | J67: =SUM(J51:J66) -> 1200648000
I68: TOTAL | J68: =SUM(J67,J48,J50,J46,J26) -> 5441990000
I70: Presupuesto PAA | J70: =+K77 -> 5441990000
I71: Restar | J71: =+J70-J68 -> 0
I75: RUBRO DE ADQUISICIÓN DE BIENES Y SERVICIOS | K75: 6322000000
I76: Menos No incluye PAA | K76: =+K88 -> 880010000
I77: Total para el PAA | K77: =+K75-K76 -> 5441990000
E79: Total rubro A ByS | G79: =+K75 -> 6322000000 | I79: NECESIDADES NO INCLUYEN PAA | K79: VALOR
E80: Valor póliza | G80: =J50 -> 1898674000 | I80: Viáticos y gastos de viaje | K80: 60000000
E81: Rubro menos póliza | G81: =+G79-G80 -> 4423326000 | I81: Internet y telefónía | K81: 2.05095e+08
E82: 0.06 | G82: =+G81*6% -> 265399560 | I82: Acueducto, gas y energía | K82: 74580000
E83: Mitad 6% | G83: =+G82*50% -> 132699780 | I83: Aseo | K83: =4263083-1070+60000 -> 4322013
I84: SOAT | K84: 1300000
I85: Cajas menores | K85: 12000000
I86: 6% Acuerdo Sindical - 50% apoyos para educación No formal - Plan Capacitación PAA 50% Apoyos educativos Educación formal Resolución | K86: =G83 -> 132699780
I87: Vigencias futuras 2024 | K87: 390013207
I88: Total Necesidades no PAA | K88: =SUM(K80:K87) -> 880010000

Sheet Servicios Medicos
C2: PLAN ANUAL DE ADQUISICIONES
C4: A. INFORMACIÓN GENERAL DE LA ENTIDAD
C5: Nombre | D5: FONDO DE BIENESTAR SOCIAL DE LA CONTRALORIA GENERAL DE LA REPUBLICA | G5: El principal objetivo del Plan Anual de Adquisiciones es permitir que la entidad estatal aumente la probabilidad de lograr mejores condiciones de competencia a través de la participación de un mayor número de operadores económicos interesados en los procesos de selección que se van a adelantar durante el año fiscal, y que el Estado cuente con información suficiente para realizar compras coordinadas.
C6: Dirección | D6: CARRERA 69 No.44-35 piso 4
C7: Teléfono
C8: Página web
C9: Misión y visión | D9: MISION: Ofrecer servicios de bienestar con oportunidad, por medio de programas que mejoren la calidad de vida de nuestros usuarios y sus familias. VISION: Posicionarnos en el 2026 como gestores de bienestar mediante la transformación, agilidad oportunidad y mejora en la prestación de los servicios, soportados en un talento humano dispuesto al cambio.
C10: Perspectiva estratégica | D10: Durante el cuatrienio 2022-2026 el Fondo de Bienestar Social de la Contraloría General de la República desarrollará cuatro objetivos: Mejorar la satisfacción de los usuarios mediante la prestación efectiva de los servicios de bienestar, respondiendo a sus necesidades y expectativas de calidad y oportunidad. Alcanzar en el 2026 el 90% de avance en la implementación de la política TICs del Estado de manera que los resultados se reflejen en la gestión interna, así como en la entrega de servicios digitales a usuarios y grupos de interés. Alcanzar en el 2026 el 90% de avance en la implementación de la política TICs del Estado de manera que los resultados se reflejen en la gestión interna, así como en la entrega de servicios digitales a usuarios y grupos de interés. Fortalecer la gestión del Talento Humano para que responda a los retos del contexto institucional, a partir del desarrollo integral de habilidades, reducción de brechas en competencias laborales y adaptación permanente al cambio. Aumentar el desempeño institucional por medio de la implementación del proceso de reorganización administrativa, gestión, seguimiento y control permanentes de los recursos financieros y mejora de la infraestructura física. Para alcanzar estos objetivos fueron programadas once estrategias y veinticinco productos estratégicos.
C11: Información de contacto | D11: CARMEN TERESA CASTAÑEDA VILLAMIZAR | G11: El Plan Anual de Adquisiciones es un documento de naturaleza informativa y las adquisiciones incluidas en el mismo pueden ser canceladas, revisadas o modificadas. Esta información no representa compromiso u obligación alguna por parte de la entidad estatal ni la compromete a adquirir los bienes, obras y servicios en él señalados.
C12: Valor total del PAA | D12: =+J81 -> 4067760000
C13: Límite de contratación menor cuantía | D13: 364000000
C14: Límite de contratación mínima cuantía | D14: 36400000
C15: Fecha de última actualización del PAA | D15: /01/2024
A17: Grupo /Area | B17: item | C17: Códigos UNSPSC | D17: Descripción | E17: Fecha estimada de inicio de proceso de selección (mes) | F17: Duración estimada del contrato (número de mes(es)) | G17: Modalidad de selección | H17: Fuente de los recursos | I17: Valor total estimado | J17: Valor estimado en la vigencia actual | K17: ¿Se requieren vigencias futuras? | L17: Estado de solicitud de vigencias futuras | M17: Datos de contacto del responsable
A18: Desarrollo y Emprendimiento | C18: 85141700;85141701;85141702 | D18: Prestación de servicios profesionales especializados en MEDICINA ALTERNATIVA Y COMPLEMENTARIA para realizar la evaluación, diagnóstico y tratamiento de las diferentes patologías de los usuarios del Programa de Salud Centro Médico del Fondo de Bienestar Social de la CGR | E18: Febrero | F18: 10 | G18: CONTRATACION_DIRECTA | H18: Presupuesto General de la Nación – PGN | I18: 45634000 | J18: 45634000 | K18: NA | L18: NA | M18: Diana Carolina Molina Carvajal - Tel 6013779877 - dmolina@fbscgr.gov.co | N18: =IF(J18=I18,"","Ajustar")
A19: Desarrollo y Emprendimiento | C19: 85121600 | D19: Prestación de servicios profesionales especializados en MEDICINA FISICA Y REHABILITACION para realizar la evaluación clínica, diagnóstico y tratamiento de las diferentes patologías de los usuarios del Programa de Salud Centro Médico del Fondo de Bienestar Social de la CGR | E19: Febrero | F19: 10 | G19: CONTRATACION_DIRECTA | H19: Presupuesto General de la Nación – PGN | I19: 29920000 | J19: 29920000 | K19: NA | L19: NA | M19: Diana Carolina Molina Carvajal - Tel 6013779877 - dmolina@fbscgr.gov.co | N19: =IF(J19=I19,"","Ajustar")
A20: Desarrollo y Emprendimiento | C20: 85121601 | D20: Prestación de servicios profesionales especializados en GINECOLOGIA para realizar evaluación, diagnóstico y tratamiento de las diferentes patologías de las usuarias del Programa de Salud Centro Médico del Fondo de Bienestar Social de la CGR | E20: Febrero | F20: 10 | G20: CONTRATACION_DIRECTA | H20: Presupuesto General de la Nación – PGN | I20: 48000000 | J20: 48000000 | K20: NA | L20: NA | M20: Diana Carolina Molina Carvajal - Tel 6013779877 - dmolina@fbscgr.gov.co | N20: =IF(J20=I20,"","Ajustar")
A21: Desarrollo y Emprendimiento | C21: 93141500 | D21: Prestar servicios profesionales como docente del áea de física para el programa de Educación del Colegio para hijos de empleados de la Contraloria General de la República, del Fondo de Bienestar Social de la CGR. | E21: Febrero | F21: 11 | G21: CONTRATACION_DIRECTA | H21: Presupuesto General de la Nación – PGN | I21: 57650000 | J21: 57650000 | K21: N/A | L21: NA | M21: Diana Carolina Molina Carvajal - Tel 6013779877 - dmolina@fbscgr.gov.co | N21: =IF(J21=I21,"","Ajustar")
A22: Desarrollo y Emprendimiento | C22: 85122100 | D22: Prestación de servicios profesionales, como instructutor de deportes para la realización de actividades propias del Colegio para hijos de empleados de la CGR | E22: Febrero | F22: 11 | G22: CONTRATACION_DIRECTA | H22: Presupuesto General de la Nación – PGN | I22: 38500000 | J22: 38500000 | K22: N/A | L22: NA | M22: Diana Carolina Molina Carvajal - Tel 6013779877 - dmolina@fbscgr.gov.co | N22: =IF(J22=I22,"","Ajustar")
A23: Desarrollo y Emprendimiento | C23: 85122100 | D23: Prestación de servicios profesionales, como instructutor de música para la realización de actividades propias del Colegio para hijos de empleados de la CGR | E23: Febrero | F23: 11 | G23: CONTRATACION_DIRECTA | H23: Presupuesto General de la Nación – PGN | I23: 38500000 | J23: 38500000 | K23: N/A | L23: NA | M23: Diana Carolina Molina Carvajal - Tel 6013779877 - dmolina@fbscgr.gov.co | N23: =IF(J23=I23,"","Ajustar")
A24: Desarrollo y Emprendimiento | C24: 82141501;82141502;82141503;82141504;82141505;82141601 | D24: Prestar los servicios profesionales en el área de comunicación, diseño y/o diseño gráfico, para desarrollar actividades de comunicaciones, diseño de piezas gráficas, divulgación, promoción, cubrimiento y acompañamiento de los servicios misionales y de apoyo del Fondo de Bienestar Social de la Contraloría General de la República. | E24: Febrero | F24: 11 | G24: CONTRATACION_DIRECTA | H24: Presupuesto General de la Nación – PGN | I24: 60500000 | J24: 60500000 | K24: No | L24: NA | M24: Diana Carolina Molina Carvajal - Tel 6013779877 - dmolina@fbscgr.gov.co | N24: =IF(J24=I24,"","Ajustar")
A25: Desarrollo y Emprendimiento | C25: 85101601 | D25: Prestación de servicios de apoyo a la gestión como auxiliar de enfermería para la institución educativa del Fondo de Bienestar Social de la Contraloría General de la República, sin que exista subordinación laboral y utilizando sus propios medios. | E25: Febrero | F25: 3 | G25: CONTRATACION_DIRECTA | H25: Presupuesto General de la Nación – PGN | I25: 7354000 | J25: 7354000 | K25: No | L25: NA | M25: Diana Carolina Molina Carvajal - Tel 6013779877 - dmolina@fbscgr.gov.co | N25: =IF(J25=I25,"","Ajustar")
C26: CONTRATOS DE PRESTACION DE SERVICIOS | J26: =SUM(J18:J25) -> 326058000
A27: Bienestar y Calidad de vida | C27: 90151700;90151800;90151500;90141700;53102200;53102900;53102700;90151502;90151501;90151701 | D27: Prestar servicios de organización logistica y desarrollo de programas de recreacion cultura deportes y salud dirigido a las Gerencias Departamentales- Amazonas, de acuerdo al Plan de Bienestar | E27: Marzo | F27: 9 | G27: CONTRATACION_DIRECTA | H27: Presupuesto General de la Nación – PGN | I27: 29765000 | J27: 29765000 | K27: No | L27: NA | M27: Diana Carolina Molina Carvajal - Tel 6013779877 - dmolina@fbscgr.gov.co | N27: =IF(J27=I27,"","Ajustar")
A28: Bienestar y Calidad de vida | C28: 90151700;90151800;90151500;90141700;53102200;53102900;53102700;90151502;90151501;90151701 | D28: Prestar servicios de organización logistica y desarrollo de programas de recreacion cultura deportes y salud dirigido a las Gerencias Departamentales- Antioquia, de acuerdo al Plan de Bienestar | E28: Abril | F28: 8 | G28: CONTRATACION_DIRECTA | H28: Presupuesto General de la Nación – PGN | I28: 106504000 | J28: 106504000 | K28: No | L28: NA | M28: Diana Carolina Molina Carvajal - Tel 6013779877 - dmolina@fbscgr.gov.co | N28: =IF(J28=I28,"","Ajustar")
A29: Bienestar y Calidad de vida | C29: 90151700;90151800;90151500;90141700;53102200;53102900;53102700;90151502;90151501;90151701 | D29: Prestar servicios de organización logistica y desarrollo de programas de recreacion cultura deportes y salud dirigido a las Gerencias Departamentales- Arauca, de acuerdo al Plan de Bienestar | E29: Abril | F29: 8 | G29: CONTRATACION_DIRECTA | H29: Presupuesto General de la Nación – PGN | I29: 30372000 | J29: 30372000 | K29: No | L29: NA | M29: Diana Carolina Molina Carvajal - Tel 6013779877 - dmolina@fbscgr.gov.co | N29: =IF(J29=I29,"","Ajustar")
A30: Bienestar y Calidad de vida | C30: 90151700;90151800;90151500;90141700;53102200;53102900;53102700;90151502;90151501;90151701 | D30: Prestar servicios de organización logistica y desarrollo de programas de recreacion cultura deportes y salud dirigido a las Gerencias Departamentales- Atlantico, de acuerdo al Plan de Bienestar | E30: Abril | F30: 8 | G30: CONTRATACION_DIRECTA | H30: Presupuesto General de la Nación – PGN | I30: 75323000 | J30: 75323000 | K30: No | L30: NA | M30: Diana Carolina Molina Carvajal - Tel 6013779877 - dmolina@fbscgr.gov.co | N30: =IF(J30=I30,"","Ajustar")
A31: Bienestar y Calidad de vida | C31: 90151700;90151800;90151500;90141700;53102200;53102900;53102700;90151502;90151501;90151701 | D31: Prestar servicios de organización logistica y desarrollo de programas de recreacion cultura deportes y salud dirigido a las Gerencias Departamentales- Bolívar, de acuerdo al Plan de Bienestar | E31: Mayo | F31: 9 | G31: CONTRATACION_DIRECTA | H31: Presupuesto General de la Nación – PGN | I31: 57909000 | J31: 57909000 | K31: No | L31: NA | M31: Diana Carolina Molina Carvajal - Tel 6013779877 - dmolina@fbscgr.gov.co | N31: =IF(J31=I31,"","Ajustar")
A32: Bienestar y Calidad de vida | C32: 90151700;90151800;90151500;90141700;53102200;53102900;53102700;90151502;90151501;90151701 | D32: Prestar servicios de organización logistica y desarrollo de programas de recreacion cultura deportes y salud dirigido a las Gerencias Departamentales- Boyacá, de acuerdo al Plan de Bienestar | E32: Abril | F32: 8 | G32: SELECCION_ABREVIADA | H32: Presupuesto General de la Nación – PGN | I32: 60744000 | J32: 60744000 | K32: No | L32: NA | M32: Diana Carolina Molina Carvajal - Tel 6013779877 - dmolina@fbscgr.gov.co | N32: =IF(J32=I32,"","Ajustar")
A33: Bienestar y Calidad de vida | C33: 90151700;90151800;90151500;90141700;53102200;53102900;53102700;90151502;90151501;90151701 | D33: Prestar servicios de organización logistica y desarrollo de programas de recreacion cultura deportes y salud dirigido a las Gerencias Departamentales- Caldas, de acuerdo al Plan de Bienestar | E33: Abril | F33: 8 | G33: CONTRATACION_DIRECTA | H33: Presupuesto General de la Nación – PGN | I33: 46165000 | J33: 46165000 | K33: No | L33: NA | M33: Diana Carolina Molina Carvajal - Tel 6013779877 - dmolina@fbscgr.gov.co | N33: =IF(J33=I33,"","Ajustar")
A34: Bienestar y Calidad de vida | C34: 90151700;90151800;90151500;90141700;53102200;53102900;53102700;90151502;90151501;90151701 | D34: Prestar servicios de organización logistica y desarrollo de programas de recreacion cultura deportes y salud dirigido a las Gerencias Departamentales- Casanare, de acuerdo al Plan de Bienestar | E34: Mayo | F34: 7 | G34: SELECCION_ABREVIADA | H34: Presupuesto General de la Nación – PGN | I34: 41913000 | J34: 41913000 | K34: No | L34: NA | M34: Diana Carolina Molina Carvajal - Tel 6013779877 - dmolina@fbscgr.gov.co | N34: =IF(J34=I34,"","Ajustar")
A35: Bienestar y Calidad de vida | C35: 90151700;90151800;90151500;90141700;53102200;53102900;53102700;90151502;90151501;90151701 | D35: Prestar servicios de organización logistica y desarrollo de programas de recreacion cultura deportes y salud dirigido a las Gerencias Departamentales- Caquetá, de acuerdo al Plan de Bienestar | E35: Mayo | F35: 7 | G35: SELECCION_ABREVIADA | H35: Presupuesto General de la Nación – PGN | I35: 42521000 | J35: 42521000 | K35: No | L35: NA | M35: Diana Carolina Molina Carvajal - Tel 6013779877 - dmolina@fbscgr.gov.co | N35: =IF(J35=I35,"","Ajustar")
A36: Bienestar y Calidad de vida | C36: 90151700;90151800;90151500;90141700;53102200;53102900;53102700;90151502;90151501;90151701 | D36: Prestar servicios de organización logistica y desarrollo de programas de recreacion cultura deportes y salud dirigido a las Gerencias Departamentales- Cauca, de acuerdo al Plan de Bienestar | E36: Abril | F36: 8 | G36: CONTRATACION_DIRECTA | H36: Presupuesto General de la Nación – PGN | I36: 45760000 | J36: 45760000 | K36: No | L36: NA | M36: Diana Carolina Molina Carvajal - Tel 6013779877 - dmolina@fbscgr.gov.co | N36: =IF(J36=I36,"","Ajustar")
A37: Bienestar y Calidad de vida | C37: 90151700;90151800;90151500;90141700;53102200;53102900;53102700;90151502;90151501;90151701 | D37: Prestar servicios de organización logistica y desarrollo de programas de recreacion cultura deportes y salud dirigido a las Gerencias Departamentales- Chocó, de acuerdo al Plan de Bienestar | E37: Marzo | F37: 9 | G37: SELECCION_ABREVIADA | H37: Presupuesto General de la Nación – PGN | I37: 49203000 | J37: 49203000 | K37: No | L37: NA | M37: Diana Carolina Molina Carvajal - Tel 6013779877 - dmolina@fbscgr.gov.co | N37: =IF(J37=I37,"","Ajustar")
A38: Bienestar y Calidad de vida | C38: 90151700;90151800;90151500;90141700;53102200;53102900;53102700;90151502;90151501;90151701 | D38: Prestar servicios de organización logistica y desarrollo de programas de recreacion cultura deportes y salud dirigido a las Gerencias Departamentales- Córdoba, de acuerdo al Plan de Bienestar | E38: Abril | F38: 8 | G38: CONTRATACION_DIRECTA | H38: Presupuesto General de la Nación – PGN | I38: 41306000 | J38: 41306000 | K38: No | L38: NA | M38: Diana Carolina Molina Carvajal - Tel 6013779877 - dmolina@fbscgr.gov.co | N38: =IF(J38=I38,"","Ajustar")
... A57: Bienestar y Calidad de vida | C57: 90151700;90151800;90151500;90141700;53102200;53102900;53102700;90151502;90151501;90151701 | D57: Prestar servicios de organización logistica y desarrollo de programas de recreacion cultura deportes y salud dirigido a las Gerencias Departamentales- Vichada, de acuerdo al Plan de Bienestar | E57: Abril | F57: 8 | G57: CONTRATACION_DIRECTA | H57: Presupuesto General de la Nación – PGN | I57: 19438000 | J57: 19438000 | K57: No | L57: NA | M57: Diana Carolina Molina Carvajal - Tel 6013779877 - dmolina@fbscgr.gov.co | N57: =IF(J57=I57,"","Ajustar")
C58: PLAN DE BIENESTAR GERENCIAS | J58: =SUM(J27:J57) -> 1458462000
A59: Bienestar y Calidad de vida | C59: 90141700; 941215000; 90141600; 90141500 | D59: Prestación del servicio de inscripción y participación de funcionarios de la Contraloría General de la República y del Fondo de Bienestar Social de la Contraloría General de la República en carreras atléticas 2024 | E59: Abril | F59: 8 | G59: CONTRATACION_DIRECTA | H59: Presupuesto General de la Nación – PGN | I59: 8232000 | J59: 8232000 | K59: No | L59: NA | M59: Diana Carolina Molina Carvajal - Tel 6013779877 - dmolina@fbscgr.gov.co | N59: =IF(J59=I59,"","Ajustar")
A60: Bienestar y Calidad de vida | C60: 84121803; 84121800; 91111700; 52141500; 52141800; 43211500; 80141600; 80141700; 80151500 | D60: Adquisición de bonos para el Programa de Estímulos e Incentivos de la Contraloría General de la República 2024 | E60: Julio | F60: 4 | G60: SELECCION_ABREVIADA | H60: Presupuesto General de la Nación – PGN | I60: 73072000 | J60: =73210000-138000 -> 73072000 | K60: No | L60: NA | M60: Diana Carolina Molina Carvajal - Tel 6013779877 - dmolina@fbscgr.gov.co | N60: =IF(J60=I60,"","Ajustar")
A61: Bienestar y Calidad de vida | C61: 90151800; 90151600; 9015170; 80141900; 90151500; 93141506; 81141601; 90101603; 84121803; 80141700; 90141502; 90111600; 93141701; 93141500; 80141625; 93141700; 90151700; 90151600; 90141502; 90151500; 90141600; 90141500; 93141701; 93141506; 93141500 | D61: Prestar el servicio de organización y ejecución del Plan de Bienestar de la Contraloría General de la República 2024 (Día de la secretaria, día del conductor, vacaciones recreativas, día de la familia primera y segundo semestre, caminatas ecológicas y protocolo programa incentivos CGR, programa prejubilados, programa tejiendo redes, dia dulce, novena de navidad, integración niños, integración funcionarios Nivel Central, Juegos Internos del Nivel Central, actividades culturales y de recreación) | E61: Marzo | F61: 10 | G61: CONTRATACION_DIRECTA | H61: Presupuesto General de la Nación – PGN | I61: 1655573000 | J61: 1655573000 | K61: No | L61: NA | M61: Diana Carolina Molina Carvajal - Tel 6013779877 - dmolina@fbscgr.gov.co | N61: =IF(J61=I61,"","Ajustar")
A62: Bienestar y Calidad de vida | C62: 49171500; 72153100; 49201500; 95122300 | D62: Adquisición de máquinas y elementos para el gimnasio del Fondo de Bienestar Social de la Contraloría General de la República. Mantenimiento correctivos y preventivo de equipos de gimnasio | E62: Junio | F62: 6 | G62: SELECCION_ABREVIADA | H62: Presupuesto General de la Nación – PGN | I62: 40000000 | J62: 40000000 | K62: No | L62: NA | M62: Diana Carolina Molina Carvajal - Tel 6013779877 - dmolina@fbscgr.gov.co | N62: =IF(J62=I62,"","Ajustar")
A63: Bienestar y Calidad de vida | C63: 60121100; 14111800 | D63: Adquisición de material lúdico y recreativo para el Centro de Cuidado Infantil | E63: Mayo | F63: 1 | G63: CONTRATACION_MINIMA_CUANTIA | H63: Presupuesto General de la Nación – PGN | I63: 10000000 | J63: 10000000 | K63: No | L63: NA | M63: Diana Carolina Molina Carvajal - Tel 6013779877 - dmolina@fbscgr.gov.co | N63: =IF(J63=I63,"","Ajustar")
C64: PLAN DE BIENESTAR NIVEL CENTRAL | J64: =SUM(J59:J63) -> 1786877000
A65: Desarrollo y Emprendimiento | C65: 85161500; 85161502; 85161503; 81101706; 73152108 | D65: Prestar el servicio técnico especializado a todo costo, para el mantenimiento preventivo y/o correctivo, metrología y calibración de los EQUIPOS BIOMEDICOS para el Programa de Salud Centro Médico del Fondo de Bienestar Social dela Contraloría General de la Republica, para la vigencia 2024. | E65: Marzo | F65: 9 | G65: SUBASTA | H65: Presupuesto General de la Nación – PGN | I65: 56076000 | J65: 56076000 | K65: NA | L65: NA | M65: Diana Carolina Molina Carvajal - Tel 6013779877 - dmolina@fbscgr.gov.co | N65: =IF(J65=I65,"","Ajustar")
A66: Desarrollo y Emprendimiento | C66: 12161500;12161503;12171509;12352104;24101510;24112600;26111700;26111702;30181614;41103206;41104107;41104108;41104112;41104121;41104122;41104213;41111504;41111508;41111509;41113035;41115816;41116000;41116001;41116004;41116005;41116008;41116010;41116014;41116100;41116104;41116105;41116106;41116107;41116108;41116120;41116121;41116122;41116126;41116127;41116129;41116130;41116136;41116138;41116139;41116205;41121502;41121600;41121607;41121700;41121701;41121708;41121711;41121800;41121811;41121816;41122601;41122602;41122605;42142500;42142502;42142515;42142521;42142523;42142531;42142609;42151505;42151600;42151602;42151603;42151604;42151606;42151611;42151613;42151614;42151621;42151624;42151625;42151629;42151635;42151636;42151638;42151639;42151647;42151660;42151661;42151681;42151700;42151703;42151704;42151800;42151805;42151806;42151810;42151900;42151901;42151902;42151905;42151910;42152200;42152400;42152407;42152423;42152428;42152443;42152450;42152453;42152454;42152457;42152465;42152500;42152502;42152504;42152507;42152508;42152512;42152514;42152600;42152601;42152800;42152805;42281704;42281705;42281904;42281914;42292904;42312206;46181804;47121709;47131502;47131700;47131807;52121700;52121701;52121704;72151800;42251600;42251607;42251608;42251618;42251623;47121701;42192210; 42211501; 42211502; 42251608; 42251610; 42251612; 42251618; 42251619; 42251621; 42251623; 42251624; 31241706; 42192107; 42182902; 41103903 | D66: Compra de INSUMOS, DISPOSITIVOS MEDICOS Y PRODUCTOS FARMACEUTICOS (insumos y reactivos de laboratorio clínico, insumos de odontología, insumos medico quirurgicos, de fisioterapia) para el Programa de Salud Centro Médico del FBS para la vigencia 2024. | E66: Marzo | F66: 1 | G66: SUBASTA | H66: Presupuesto General de la Nación – PGN | I66: 116755000 | J66: =127755000-11000000 -> 116755000 | K66: NA | L66: NA | M66: Diana Carolina Molina Carvajal - Tel 6013779877 - dmolina@fbscgr.gov.co | N66: =IF(J66=I66,"","Ajustar")
A67: Desarrollo y Emprendimiento | C67: 41116100;41116107;41116122;41116139 | D67: Adquirir los controles de calidad del laboratorio clínico para el Programa de Salud Centro Médico del Fondo de Bienestar Social de la Contraloría General de la República durante la vigencia 2024. | E67: Marzo | F67: 10 | G67: CONTRATACION_MINIMA_CUANTIA | H67: Presupuesto General de la Nación – PGN | I67: 9833000 | J67: 9833000 | K67: N/A | L67: NA | M67: Diana Carolina Molina Carvajal - Tel 6013779877 - dmolina@fbscgr.gov.co | N67: =IF(J67=I67,"","Ajustar")
A68: Desarrollo y Emprendimiento | C68: 81112200; 43232300 | D68: Prestar los servicios de outsorcing, soporte y el mantenimiento del Software de salud del Centro Medico del Fondo de Bienestar Social de la Contraloría General de la República | E68: Enero | F68: 11 | G68: CONTRATACION_DIRECTA | H68: Presupuesto General de la Nación – PGN | I68: 55000000 | J68: 55000000 | K68: NA | L68: NA | M68: Diana Carolina Molina Carvajal - Tel 6013779877 - dmolina@fbscgr.gov.co | N68: =IF(J68=I68,"","Ajustar")
A69: Desarrollo y Emprendimiento | C69: 76121900;76121901 | D69: Contratar el servicio para la gestión integral de los residuos hospitalarios y similares generados en el Centro Médico del FBS de la CGR durante la vigencia 2024 | E69: Febrero | F69: 11 | G69: CONTRATACION_MINIMA_CUANTIA | H69: Presupuesto General de la Nación – PGN | I69: 1650000 | J69: 1650000 | K69: N/A | L69: NA | M69: Diana Carolina Molina Carvajal - Tel 6013779877 - dmolina@fbscgr.gov.co | N69: =IF(J69=I69,"","Ajustar")
C70: CENTRO MÉDICO | J70: =SUM(J65:J69) -> 239314000
A71: Desarrollo y Emprendimiento | C71: 93141700 | D71: Prestar el servicio de organización, apoyo logístico y eventos institucionales para el servicio de organización y ejecución de las actividades feria del libro, día del estudiante, día de la familia, festival de inglés, convivencias y ceremonia de grados estudiantes del colegio para hijos de empleados de la Contraloría General de la República. | E71: Marzo | F71: 5 | G71: CONTRATACION_DIRECTA | H71: Presupuesto General de la Nación – PGN | I71: 140000000 | J71: 140000000 | K71: N/A | L71: NA | M71: Diana Carolina Molina Carvajal - Tel 6013779877 - dmolina@fbscgr.gov.co | N71: =IF(J71=I71,"","Ajustar") | P71: el servicio de organización y ejecución de las actividades feria del libro, día del estudiante, día de la familia, festival de inglés, convivencias y ceremonia de grados estudiantes del colegio para hijos de empleados de la contraloría general de la república.
A72: Desarrollo y Emprendimiento | C72: 60102000, 60141200 | D72: Adquisición de material didactico e insumos para el Colegio para Hijos de Empleados de la CGR | E72: Junio | F72: 1 | G72: CONTRATACION_MINIMA_CUANTIA | H72: Presupuesto General de la Nación – PGN | I72: =12000000+17611000 -> 29611000 | J72: =12000000+17611000 -> 29611000 | K72: N/A | L72: NA | M72: Diana Carolina Molina Carvajal - Tel 6013779877 - dmolina@fbscgr.gov.co | N72: =IF(J72=I72,"","Ajustar")
A73: Desarrollo y Emprendimiento | C73: 85122100 | D73: Prestar los servicos de formación pedagogica para los estudiantes de grado 10° y 11° del Colegio para hijos de empleados de la Contraloría General de la República, mediante un programa de fortalecimiento en las competencias académicas en su preparación para presentar las pruebas nacionales Saber 11-. en atención con el Plan de Bienestar | E73: Febrero | F73: 6 | G73: CONTRATACION_DIRECTA | H73: Presupuesto General de la Nación – PGN | I73: 25438000 | J73: 25438000 | K73: N/A | L73: NA | M73: Diana Carolina Molina Carvajal - Tel 6013779877 - dmolina@fbscgr.gov.co | N73: =IF(J73=I73,"","Ajustar")
A74: Desarrollo y Emprendimiento | C74: 60131600 | D74: Adquisión de instrumentos musicales para el Colegio para hijos de empleados de la CGR | E74: Abril | F74: 1 | G74: CONTRATACION_MINIMA_CUANTIA | H74: Presupuesto General de la Nación – PGN | I74: 35000000 | J74: 35000000 | K74: N/A | L74: NA | M74: Diana Carolina Molina Carvajal - Tel 6013779877 - dmolina@fbscgr.gov.co | N74: =IF(J74=I74,"","Ajustar")
A75: Desarrollo y Emprendimiento | C75: 93141700 | D75: Prestación del servicio para la evaluación anual del proceso de certificación de calidad del modelo de excelencia versión 2024 del Colegio para hijos de Empleados de la Contraloría General de la República. | E75: Junio | F75: 4 | G75: CONTRATACION_DIRECTA | H75: Presupuesto General de la Nación – PGN | I75: 27000000 | J75: 27000000 | K75: N/A | L75: NA | M75: Diana Carolina Molina Carvajal - Tel 6013779877 - dmolina@fbscgr.gov.co | N75: =IF(J75=I75,"","Ajustar")
A76: Desarrollo y Emprendimiento | C76: 90101800, 90101700, 80131502 | D76: Arrendamiento para prestar el servicio de Catering en el Colegio para hijos de Empleados de la Contraloría General de la República | E76: Febrero | F76: 10 | G76: CONTRATACION_MINIMA_CUANTIA | H76: Otros recursos | I76: 0 | J76: 0 | K76: N/A | L76: NA | M76: Diana Carolina Molina Carvajal - Tel 6013779877 - dmolina@fbscgr.gov.co | N76: =IF(J76=I76,"","Ajustar")
C77: COLEGIO | J77: =SUM(J71:J76) -> 257049000
I79: TOTAL | J79: =+J26+J58+J64+J70+J77+J78 -> 4067760000
I80: RESTAR | J80: =+F92-J79 -> 0
I81: DEBE QUEDAR | J81: =F92 -> 4067760000
C82: C. NECESIDADES ADICIONALES
C83: Descripción | D83: Posibles códigos UNSPSC | E83: Datos de contacto del responsable | F83: valor
C84: APOYOS EDUCATIVOS, SE INCREMENTÓ EL 9.28% CONFORME A LO EJECUTADO EN 2023 | E84: Ubicación: Distrito Capital de Bogotá - Bogotá Nombre del responsable: DIANA MOLINA CARVAJAL Teléfono: 3532760 Correo: fondobienestar@fbscgr.gov.co | F84: 1888240000 | G84: =+F84+F85 -> 2104240000
C85: Adquirir la infraestructura que permita la iomplmentación de aulas digitales en el Colegio del CGR | E85: Ubicación: Distrito Capital de Bogotá - Bogotá Nombre del responsable: DIANA MOLINA CARVAJAL Teléfono: 3532760 Correo: ondobienestar@fbscgr.gov.co | F85: 216000000
C86: Contratar el servicio para administrar el proceso de emisión, custodia y administración de Pagarés desmaterializados, para los créditos del Fondo de Bienestar Social de la Contraloría General de la República | D86: 56121505;86141702;81101701;43232505;43211500;43211501;43211507;43211600;43211608;43231512;72151900;72101500;72121400;5610700;56101900;56101500;72154000;72151600;72141100. | F86: 300000000
C87: Prestar el servicio de organización y ejecución del Plan de Bienestar de la Contraloría General de la República 2024 (Día de la secretaria, día del conductor, vacaciones recreativas, día de la familia primera y segundo semestre, caminatas ecológicas y protocolo programa incentivos CGR, programa prejubilados, programa tejiendo redes, dia dulce, novena de navidad, integración niños, integración funcionarios Nivel Central, Juegos Internos del Nivel Central, actividades culturales y de recreación) | D87: 90151800; 90151600; 9015170; 80141900; 90151500; 93141506; 81141601; 90101603; 84121803; 80141700; 90141502; 90111600; 93141701; 93141500; 80141625; 93141700; 90151700; 90151600; 90141502; 90151500; 90141600; 90141500; 93141701; 93141506; 93141500 | E87: Ubicación: Distrito Capital de Bogotá - Bogotá Nombre del responsable: DIANA MOLINA CARVAJAL Teléfono: 3532760 Correo: fondobienestar@fbscgr.gov.co | F87: 330000000
C88: Contratar el servicio para administrar el proceso de emisión, custodia y administración de Pagarés desmaterializados, para los créditos del Fondo de Bienestar Social de la Contraloría General de la República | D88: 84121806 | E88: Ubicación: Distrito Capital de Bogotá - Bogotá Nombre del responsable: DIANA MOLINA CARVAJAL Teléfono: 3532760 Correo: fondobienestar@fbscgr.gov.co | F88: 16500000
E90: PRESUPUESTO SERV MED. 2024 | F90: 6172000000
E91: Menos no PAA | F91: =F84+F85 -> 2104240000
E92: Total PAA | F92: =+F90-F91 -> 4067760000

Sheet Resumen
C1: RESUMEN PLAN ANUAL DE ADQUISICIONES 2024
C5: Clasificación | D5: Adquisición de Bienes y Servicios
C7: Talento Humano | E7: ='Adquisicion '!J26 -> 540340000
C8: TICS | E8: ='Adquisicion '!J46 -> 1765354000
C9: Grupo Asuntos Jurídicos | E9: ='Adquisicion '!J48 -> 36974000
C10: Póliza | E10: ='Adquisicion '!J50 -> 1898674000
C11: Mantenimiento - Recursos Físicos | E11: ='Adquisicion '!J67 -> 1200648000
C12: Subtotal 1 PAA | E12: =SUM(E7:E11) -> 5441990000
C14: NECESIDADES NO INCLUYEN PAA | E14: ='Adquisicion '!K88 -> 880010000
D16: Subtotal | E16: =E12+E14 -> 6322000000
D18: Total Presupuesto Gastos | E18: 6322000000
C20: Saldo | E20: =E18-E16 -> 0
C24: Clasificación | D24: Servicios Médicos, Educativos, Recreativos, y Culturales para funcionarios de la CGR
C26: Contratos de Prestación de Servicios | E26: ='Servicios Medicos'!J26 -> 326058000
C27: Centro Médico | E27: ='Servicios Medicos'!J70 -> 239314000
C28: Colegio | E28: ='Servicios Medicos'!J77 -> 257049000
D29: Subtotal Subdirección D y E | E29: =SUM(E26:E28) -> 822421000
C30: Gerencias Departamentales | E30: ='Servicios Medicos'!J58 -> 1458462000
C31: Plan de Bienestar Nivel Central | E31: ='Servicios Medicos'!J64 -> 1786877000
D33: Subtotal Subdirección Bienestar | E33: =E30+E31 -> 3245339000
C34: Subtotal 2 PAA | E34: =E29+E33 -> 4067760000
C36: NECESIDADES NO INCLUYEN PAA | E36: ='Servicios Medicos'!F91 -> 2104240000
D38: Subtotal | E38: =E34+E36 -> 6172000000
D40: Total Presupuesto Gastos | E40: 6172000000
C42: Saldo | E42: =E40-E38 -> 0
D45: Total PAA (Subtotal PAA 1 + Subtotal PAA 2) | E45: =E12+E34 -> 9509750000
C55: Etiquetas de fila | D55: Cuenta de item
C56: Bienestar y Calidad de vida | D56: 36
C57: Desarrollo y Emprendimiento | D57: 19
C58: Grupo Gestion Administrativa (RF) | D58: 17
C59: Talento Humano | D59: 8
C60: TICS | D60: 19
C61: Grupo de asuntos Jurídicos | D61: 1
C62: Total general | D62: 100

Sheet GASTOS
F1: FONDO DE BIENESTAR SOCIAL DE LA CONTRALORÍA GENERAL DE LA REPÚBLICA
F2: PRESUPUESTO 2024
F3: PROGRAMACIÓN DE GASTOS DE FUNCIONAMIENTO Y SERVICIO DE LA DEUDA
A4: Cta | B4: Subcta | C4: Obj gasto | D4: Ord | F4: CLASIFICACIÓN | G4: CONCEPTO | H4: NACIÓN | I4: PROPIOS | J4: VALOR | M4: CUENTA | N4: VALOR
F5: TOTAL PRESUPUESTO DE FUNCIONAMIENTO | H5: =+H6+H11+H15+H27+H31+H34 -> 108426000000 | I5: =+I6+I11+I15+I27+I31+I34+I39 -> 17750000000 | J5: =+H5+I5 -> 126176000000 | K5: =+J5-126176000000 -> 0 | Q5: 933834000 | R5: =+Q5-834834000 -> 99000000
A6: 01 | F6: 01 | G6: GASTOS DE PERSONAL | H6: =SUM(H7) -> 6070000000 | I6: =SUM(I7) -> 9992000000 | J6: =SUM(H6:I6) -> 16062000000 | M6: GASTOS DE PERSONAL 2023 | N6: =SUM(N7:N9) -> 18830000000 | P6: =+H6+H12+H13+H15+H34+H39 -> 19281336000 | Q6: =+Q5-99000000 -> 834834000
A7: 01 | B7: 01 | F7: 01.01 | G7: Planta de Personal Permanente | H7: =SUM(H8:H10) -> 6070000000 | I7: =SUM(I8:I10) -> 9992000000 | J7: =SUM(H7:I7) -> 16062000000 | M7: Salario | N7: 13530000000
A8: 01 | B8: 01 | C8: 01 | F8: 01.01.01 | G8: Salarios | H8: 4116000000 | I8: 7332000000 | J8: =SUM(H8:I8) -> 11448000000 | M8: Contribuciones inherentes a la nómina | N8: 3622000000 | Q8: 6140166000 | R8: =+Q8+R5 -> 6239166000
A9: 01 | B9: 01 | C9: 02 | F9: 01.01.02 | G9: Contribuciones Inherentes a la nómina | H9: 1255000000 | I9: 1812000000 | J9: =SUM(H9:I9) -> 3067000000 | M9: Remuneraciones no constitutivas FS | N9: 1678000000
A10: 01 | B10: 01 | C10: 03 | F10: 01.01.03 | G10: Remuneraciones no Constitutivas de Factor Salarial | H10: 699000000 | I10: 848000000 | J10: =SUM(H10:I10) -> 1547000000 | M10: Anteproyecto 2024 | N10: =+H7 -> 6070000000 | O10: =+N10 -> 6070000000
A11: 02 | F11: 02 | G11: ADQUISICIÓN DE BIENES Y SERVICIOS | H11: =SUM(H12:H14) -> 6322000000 | I11: =SUM(I12:I13) -> 0 | J11: =SUM(H11:I11) -> 6322000000
F12: 02.01 | G12: Adquisición de Activos No Financieros | J12: =+H12+I12 -> 0 | M12: ADQUISICIÓN DE BIENES Y SERVICIOS 2023 | N12: 7079000000 | Q12: 6239166000
F13: 02.02 | G13: Adquisición Diferente de Activos | H13: 6322000000 | J13: =+H13+I13 -> 6322000000 | M13: Menos 5.000.000 | N13: 5000000 | Q13: =+Q12+Q11 -> 6239166000
F14: 02.02 | G14: Adquisición Diferente de Activos (seguro CGR) * | J14: =+H14+I14 -> 0 | M14: Anteproyecto 2024 | N14: =+N12-N13 -> 7074000000 | O14: =+N14+N15 -> 13396000000
F15: 03 | G15: TRANSFERENCIAS CORRIENTES | H15: =+H18+H20+H24 -> 6802000000 | I15: =+I18+I20+I24 -> 0 | J15: =SUM(H15:I15) -> 6802000000 | M15: Anteproyecto 2024 - Póliza vida funcionarios CGR | N15: =+H13 -> 6322000000
F16: 03.03 | G16: A entidades del gobierno | L16: 1 | M16: Anteproyecto 2024 | N16: =+N12-N13 -> 7074000000
A17: 02 | B17: 02 | C17: 01 | D17: 003 | F17: 30.03.01 | G17: A órganos del PGN
F18: 30.03 | G18: A entidades del gobierno | H18: =+H19 -> 0 | I18: =+I19 -> 0 | J18: =+H18+I18 -> 0
F19: 30.03.01.999 | G19: A órganos del PGN | J19: =+H19+I19 -> 0
F20: 03.04 | G20: Prestaciones sociales | H20: =SUM(H21) -> 6236000000 | J20: =SUM(H20:I20) -> 6236000000 | M20: TRANSFERENCIAS CORRIENTES 2023 | N20: 8420000000
F21: 03.04.02 | G21: Prestaciones sociales relacionadas con el empleo (no de pensiones) | H21: =SUM(H22:H23) -> 6236000000 | J21: =SUM(H21:I21) -> 6236000000 | M21: Menos 5% | N21: =+N20*0.05 -> 421000000
F22: 03.04.02.012 | G22: Incapacidades y licencias de maternidad y paternidad | H22: 64000000 | J22: =SUM(H22:I22) -> 64000000 | M22: Total | N22: =+N20-N21 -> 7999000000
F23: 03.04.02.16 | G23: Servicios Médicos, Educativos, Recreativos, y Culturales para funcionarios de la CGR | H23: 6172000000 | J23: =SUM(H23:I23) -> 6172000000 | M23: Mas Incapacidades + sentencias y conciliaciones | N23: =304000000+55380000 -> 359380000
F24: 03.10 | G24: Sentencias y conciliaciones | H24: =+H25 -> 566000000 | J24: =SUM(H24:I24) -> 566000000 | M24: Anteproyecto 2024 | N24: =SUM(N22:N23) -> 8358380000 | O24: =+N24 -> 8358380000
A25: 02 | B25: 02 | C25: 01 | D25: 004 | F25: 03.10.01 | G25: Fallos nacionales | H25: =+H26 -> 566000000 | I25: =+I26 -> 0 | J25: =SUM(H25:I25) -> 566000000
F26: 03.10.01.001 | G26: Sentencias y Conciliaciones | H26: =304000000+262000000 -> 566000000 | J26: =SUM(H26:I26) -> 566000000
F27: 06 | G27: ADQUISICIÓN DE ACTIVOS FINANCIEROS | H27: =SUM(H30) -> 9992000000 | I27: =+I28 -> 7758000000 | J27: =SUM(H27:I27) -> 17750000000 | M27: ADQUISICIÓN DE ACTIVOS FINANCIEROS 2023 | N27: 27052000000
F28: 06.01 | G28: Concesión de préstamos | H28: =+H29 -> 9992000000 | I28: =+I29 -> 7758000000 | J28: =SUM(H28:I28) -> 17750000000 | M28: Menos déficit | N28: 13832000000
A29: 02 | B29: 02 | C29: 02 | D29: 006 | F29: 06.01.04 | G29: A Personas Naturales | H29: =+H30 -> 9992000000 | I29: =+I30 -> 7758000000 | J29: =SUM(H29:I29) -> 17750000000 | M29: Total Disponible | N29: 13220000000
F30: 06.01.04.008 | G30: Préstamos Directos Ley 106/93 | H30: 9992000000 | I30: 7758000000 | J30: =SUM(H30:I30) -> 17750000000 | M30: Anteproyecto 2024 | N30: =+H45 -> 17750000000 | P30: =+N30 -> 17750000000
F31: 07 | G31: DISMINUCIÓN DE PASIVOS | H31: =SUM(H32:H33) -> 79179000000 | I31: =SUM(I32:I33) -> 0 | J31: =+H31+I31 -> 79179000000
A32: 02 | B32: 02 | C32: 02 | D32: 007 | F32: 07.01.01 | G32: Cesantías Definitivas | H32: =79179000000*25% -> 19794750000 | J32: =SUM(H32:I32) -> 19794750000 | M32: DISMINUCIÓN DE PASIVOS 2023 | N32: 68384000000
F33: 07.01.02 | G33: Cesantías Parciales | H33: =79179000000*75% -> 59384250000 | J33: =SUM(H33:I33) -> 59384250000 | M33: Anteproyecto 2024 | N33: 64192000000 | O33: =+N33*75% -> 48144000000 | P33: 0.75
E34: A | F34: 08 | G34: GASTOS POR TRIBUTOS, MULTAS, SANCIONES E INTERESES DE MORA | H34: =SUM(H35) -> 61000000 | I34: =SUM(I35) -> 0 | J34: =+H34+I34 -> 61000000 | O34: =+N33*25% -> 16048000000 | P34: 0.25
F35: 08.01 | G35: Impuestos | H35: 61000000 | J35: =SUM(H35:I35) -> 61000000
F36: TOTAL PRESUPUESTO FUNCIONAMIENTO | H36: =+H6+H11+H15+H27+H31+H34 -> 108426000000 | I36: =+I6+I11+I15+I27+I31+I34+I39 -> 17750000000 | J36: =+J6+J11+J15+J27+J31+J34 -> 126176000000
F37: PRESUPUESTO DE INVERSIÓN | H37: 0 | I37: 0 | J37: =+H37+I37 -> 0
F38: TOTAL FUNCIONAMIENTO + INVERSIÓN | H38: =+H36+H37 -> 108426000000 | I38: =+I36+I37 -> 17750000000 | J38: =+J36+J37 -> 126176000000
E39: B | F39: 10 | G39: SERVICIO DE LA DEUDA PÚBLICA INTERNA | H39: =+H40 -> 26336000 | I39: =+I40 -> 0 | J39: =SUM(H39:I39) -> 26336000 | M39: GASTOS POR TRIBUTOS 2023 | N39: 56000000
A40: 02 | B40: 02 | C40: 02 | D40: 008 | F40: 10.04 | G40: Fondo de contingencias | H40: 26336000 | J40: =SUM(H40:I40) -> 26336000 | M40: Anteproyecto 2024 | N40: 60600000 | O40: =+N40 -> 60600000
F41: TOTAL PRESUPUESTO FUNCIONAMIENTO Y SERVICIO DEUDA | H41: =+H36+H39 -> 108452336000 | I41: =+I36+I39 -> 17750000000 | J41: =+J36+J39 -> 126202336000
E42: C | J42: =+J5-J41 -> -26336000 | M42: SERVICIO DE LA DEUDA PÚBLICA 2023 | N42: 25853389
M43: Anteproyecto 2024 | N43: 26336000 | O43: =+N43 -> 26336000
G44: RECURSOS | H44: INGRESOS ESTIMADOS
G45: RECURSOS PROPIOS | H45: =+'[4]INGRESOS '!Z51 -> 17750000000
G46: RECURSOS NACIÓN | H46: =+'[4]INGRESOS '!Z63 -> 108426000000
G47: TOTAL | H47: =+H45+H46 -> 126176000000
